Workbook
Name AEFKKSW_413.21: #REF!
Name AEFKKSW_527.40: #REF!
Name AEFKKSW_529.40: #REF!
Name AEFKKSW_531.40: #REF!
Name AEFKM_I_413.21: #REF!
Name AEFKM_I_527.40: #REF!
Name AEFKM_I_529.40: #REF!
Name AEFKM_I_531.40: #REF!
Name AEFKPSY_413.21: #REF!
Name AEFKPSY_527.40: #REF!
Name AEFKPSY_529.40: #REF!
Name AEFKPSY_531.40: #REF!
Name AEFKRewi_413.21: #REF!
Name AEFKRewi_527.40: #REF!
Name AEFKRewi_529.40: #REF!
Name AEFKRewi_531.40: #REF!
Name AEFKWiwi_413.21: #REF!
Name AEFKWiwi_527.40: #REF!
Name AEFKWiwi_529.40: #REF!
Name AEFKWiwi_531.40: #REF!
Name AStA_Bew.Ext.: Haushalt!$D$178
Name AStA_Bew.Int.: Haushalt!$D$158
Name AStA_Druck: Haushalt!$D$180
Name AStA_Einn.Bew.: Haushalt!$D$24
Name AStA_Ext.RK: Haushalt!$D$177
Name AStA_Hon_I: Haushalt!$D$175
Name AStA_Hon_II: Haushalt!$D$176
Name AStA_R_U_Ext.: Haushalt!$D$179
Name AStA_R_U_Int.: Haushalt!$D$147
Name AStA_Referate: Haushalt!$D$97
Name AStA_RK_Int.: Haushalt!$D$135
Name AStA_SKP: Haushalt!$D$99
Name AStA_Sonst.: Haushalt!$D$181
Name AStA_TN_2: Haushalt!$D$20
Name AStA_TN_I: Haushalt!$D$19
Name AStA_VBG: Haushalt!$D$100
Name Beschäft._VBG: Haushalt!$D$107
Name BHS_II: #REF!
Name BR_Besch.: Haushalt!$D$106
Name BR_Beschäft.: Haushalt!$D$106
Name Bundesknappschaft: Haushalt!$D$98
Name Campus_Bew.: #REF!
Name Förderungen: Haushalt!$D$27
Name Förderungen_Sonst: Haushalt!$D$30
Name Gehälter_Beschäft.: Haushalt!$D$103
Name IT_Dienstl.: #REF!
Name IT_Mieten: Haushalt!$D$125
Name IT_Mieten_Ges.: #REF!
Name KSW_AE_var: Haushalt!$D$90
Name KSW_Bew.Ext.: Haushalt!$D$204
Name KSW_Bew.Int.: Haushalt!$D$162
Name KSW_Druck: Haushalt!$D$216
Name KSW_Ext.RK: Haushalt!$D$198
Name KSW_Hon_I: Haushalt!$D$186
Name KSW_Hon_II: Haushalt!$D$192
Name KSW_R_U_Ext.: Haushalt!$D$210
Name KSW_R_U_Int.: Haushalt!$D$150
Name KSW_RK_Int.: Haushalt!$D$138
Name KSW_Sonst.: Haushalt!$D$222
Name KSW_Sonst_Einnahmen: Haushalt!$D$53

Sheet Haushalt
A1: AStA Entwurf zum HHP 2025/2026
A3: Einnahmen der Studierendenschaft | X3: 46223
A5: Titel | B5: Spalte1 | C5: Titel alt | D5: Kontenbezeichnung | E5: SOLL HHJ 21-22 | F5: IST HHJ 21-22 | G5: SOLL HHJ 22-23 SP 17.12.22 | H5: IST HHJ 22-23 30.09.2023 | I5: SOLL HHJ 23-24 SP 11.11.2023 | J5: IST HHJ 22-23 30.09.20242 | K5: SOLL HHJ 24-25 SP 07.09.2024 | L5: IST HHJ 24-25 30.09.2025 | M5: SOLL HHJ 25-26 SP 07.09.2024 12tel-HH | N5: ENTWURF AStA vom 5.7.2026 | O5: IST HHJ 25-26 31.10.2025 | P5: IST HHJ 25-26 30.11.2025 | Q5: IST HHJ 25-26 31.12.2025 | R5: IST HHJ 25-26 31.01.2026 | S5: IST HHJ 25-26 28.02.2026 | T5: IST HHJ 25-26 31.03.2026 | U5: IST HHJ 25-26 30.04.2026 | V5: IST HHJ 25-26 31.05.2026 | W5: IST HHJ 25-26 30.06.2026 | X5: IST HHJ 25-26 31.07.2026 | Y5: IST HHJ 25-26 31.08.2026
A6: Plan 1 | B6: =ROW(B1) -> 1 | D6: Einnahmen AStA und Studierendenparlament | E6: 600000 | F6: =F7+F11++F18+F23+F27+F32 -> 591157.19 | G6: 1076950 | H6: 1076480.7 | I6: 774226.25 | J6: 1052549.4 | K6: =K7+K11++K18+K23+K27+K32 -> 1094600 | L6: 538261.15 | M6: 1094600 | N6: =N7+N11+N18+N23+N27+N32 -> 5345.52 | O6: =O7+O11+O18+O23+O27+O32 -> 207 | P6: =P7+P11+P18+P23+P27+P32 -> 1318.82 | Q6: =Q7+Q11+Q18+Q23+Q27+Q32 -> 1685.56 | R6: =R7+R11+R18+R23+R27+R32 -> 1775.56 | S6: =S7+S11+S18+S23+S27+S32 -> 3065.56 | T6: =T7+T11+T18+T23+T27+T32 -> 3883.53 | U6: =U7+U11++U18+U23+U27+U32 -> 4123.53 | V6: =V7+V11++V18+V23+V27+V32 -> 4188.53 | W6: =W7+W11++W18+W23+W27+W32 -> 4261.38 | X6: 4301.38 | Y6: 4797.38
A7: 111.00 | B7: =ROW(B2) -> 2 | D7: Studierendenschaftsbeiträge | E7: =SUBTOTAL(9,E8:E9) -> 560000 | F7: =SUBTOTAL(9,F8:F9) -> 578722.64 | G7: =SUBTOTAL(9,G8:G9) -> 1044000 | H7: 1066613.7 | I7: =SUBTOTAL(9,I8:I9) -> 752600 | J7: 1047303.2 | K7: 1075000 | L7: 530792.35 | M7: 1075000 | N7: =SUBTOTAL(9,N8:N9) -> 1305.52 | O7: =SUBTOTAL(9,O8:O9) -> 0 | P7: =SUBTOTAL(9,P8:P9) -> 800.81 | Q7: =SUBTOTAL(9,Q8:Q9) -> 1052.55 | R7: =SUBTOTAL(9,R8:R9) -> 1052.55 | S7: =SUBTOTAL(9,S8:S9) -> 1052.55 | T7: =SUBTOTAL(9,T8:T9) -> 1305.52 | U7: =SUBTOTAL(9,U8:U9) -> 1305.52 | ... W7: =SUBTOTAL(9,W8:W9) -> 1305.52 | X7: 1305.52 | Y7: 1761.52
A8: 111.10 | B8: =ROW(B3) -> 3 | C8: 341.00 (x0) | D8: Wintersemester | E8: 0 | G8: =(58000*9)*1.05 -> 548100 | H8: 1066613.4 | I8: 500850 | J8: 1047303.2 | K8: 535000 | L8: 526881.85 | M8: 535000 | N8: 1305.52 | O8: 0 | P8: 800.81 | Q8: 1052.55 | R8: 1052.55 | S8: 1052.55 | T8: 1305.52 | U8: 1305.52 | V8: 1305.52 | W8: 1305.52 | X8: 1305.52 | Y8: 1761.52
A9: 111.20 | B9: =ROW(B4) -> 4 | C9: 341.00 (x1) | D9: Sommersemester | E9: 560000 | F9: 578722.64 | G9: =(58000*9)*0.95 -> 495900 | H9: 0 | I9: 251750 | J9: 0 | K9: 540000 | L9: 3910.5 | M9: 540000 | N9: 0 | O9: 0 | P9: 0 | Q9: 0 | R9: 0 | S9: 0 | T9: 0 | U9: 0 | V9: 0 | W9: 0 | X9: 0 | Y9: 0
B10: =ROW(B5) -> 5
A11: 119.00 | B11: =ROW(B6) -> 6 | D11: Vermischte Einnahmen | E11: =SUBTOTAL(9,E12:E15) -> 6000 | F11: =SUBTOTAL(9,F12:F15) -> 6205 | G11: =SUBTOTAL(9,G12:G15) -> 2000 | H11: =SUBTOTAL(9,H12:H15) -> 3805 | I11: =SUBTOTAL(9,I12:I15) -> 4500 | J11: 369 | K11: =SUBTOTAL(9,K12:K15) -> 5100 | L11: 1131 | M11: 5100 | N11: =SUBTOTAL(9,N12:N15) -> 40 | O11: =SUBTOTAL(9,O12:O15) -> 0 | P11: =SUBTOTAL(9,P12:P15) -> 0 | Q11: =SUBTOTAL(9,Q12:Q15) -> 0 | R11: =SUBTOTAL(9,R12:R15) -> 0 | S11: =SUBTOTAL(9,S12:S15) -> 0 | T11: =SUBTOTAL(9,T12:T15) -> 0 | U11: =SUBTOTAL(9,U12:U15) -> 0 | ... W11: =SUBTOTAL(9,W12:W15) -> 32.85 | X11: 32.85 | Y11: 32.85
A12: 119.10 | B12: =ROW(B7) -> 7 | C12: 125.10, 125.20 | D12: Werbung und Anzeigen | E12: 6000 | F12: 6205 | G12: 2000 | H12: 3805 | I12: 4000 | J12: 300 | K12: 1000 | L12: 1200 | M12: 1000 | N12: 0 | O12: 0 | P12: 0 | Q12: 0 | R12: 0 | S12: 0 | T12: 0 | U12: 0 | V12: 0 | W12: 0 | X12: 0 | Y12: 0
A13: 119.20 | B13: =ROW(B8) -> 8 | C13: 119.21 | D13: Spenden | E13: 0 | F13: 0 | G13: 0 | H13: 0 | I13: 0 | J13: 0 | K13: 0 | L13: 0 | M13: 0 | N13: 0 | O13: 0 | P13: 0 | Q13: 0 | R13: 0 | S13: 0 | T13: 0 | U13: 0 | V13: 0 | W13: 0 | X13: 0 | Y13: 0
A14: 119.30 | B14: =ROW(B9) -> 9 | C14: 162.00 | D14: Zinsen | E14: 0 | F14: 0 | G14: 0 | H14: 0 | I14: 500 | J14: 0 | K14: 4000 | L14: 0 | M14: 4000 | N14: 0 | O14: 0 | P14: 0 | Q14: 0 | R14: 0 | S14: 0 | T14: 0 | U14: 0 | V14: 0 | W14: 0 | X14: 0 | Y14: 0
A15: 119.40 | B15: =ROW(B9) -> 9 | C15: 119.22 | D15: Sonstige | E15: 0 | F15: 0 | G15: 0 | H15: 0 | I15: 0 | J15: 69 | K15: 100 | L15: -69 | M15: 100 | N15: 40 | O15: 0 | P15: 0 | Q15: 0 | R15: 0 | S15: 0 | T15: 0 | U15: 0 | V15: 0 | W15: 32.85 | X15: 32.85 | Y15: 32.85
B16: =ROW(B10) -> 10
B17: =ROW(#REF!) -> #REF!
A18: 129.00 | B18: =ROW(#REF!) -> #REF! | D18: Teilnahmebeiträge | E18: =SUBTOTAL(9,E19:E21) -> 11625 | F18: =SUBTOTAL(9,F19:F20) -> 0 | G18: 10250 | H18: =SUBTOTAL(9,H19:H20) -> 800 | I18: 2950 | J18: 2161.2 | K18: =SUBTOTAL(9,K19:K20) -> 4000 | L18: 553.8 | M18: 4000 | N18: =SUBTOTAL(9,N19:N21) -> 0 | O18: =SUBTOTAL(9,O19:O20) -> 0 | P18: =SUBTOTAL(9,P19:P20) -> 0 | Q18: =SUBTOTAL(9,Q19:Q20) -> 0 | R18: =SUBTOTAL(9,R19:R20) -> 0 | S18: =SUBTOTAL(9,S19:S20) -> 0 | T18: =SUBTOTAL(9,T19:T20) -> 0 | U18: =SUBTOTAL(9,U19:U20) -> 0 | V18: =SUBTOTAL(9,V19:V20) -> 0 | W18: =SUBTOTAL(9,W19:W20) -> 0 | X18: 0 | Y18: 0
A19: 129.10 | B19: =ROW(#REF!) -> #REF! | C19: 129.70 (x0,2) | D19: AStA Seminare | E19: 500 | F19: 0 | G19: 5200 | H19: 160 | I19: 2500 | J19: 432.24 | K19: 2000 | L19: 0 | M19: 2000 | N19: 0 | O19: 0 | P19: 0 | Q19: 0 | R19: 0 | S19: 0 | T19: 0 | U19: 0 | V19: 0 | W19: 0 | X19: 0 | Y19: 0
A20: 129.20 | B20: =ROW(#REF!) -> #REF! | C20: 129.70 (x0,8), 129.80 (x0,25), 129.90 (x0,55) | D20: AStA-Veranstaltungen | E20: 11125 | F20: 0 | G20: 5050 | H20: 640 | I20: 450 | J20: 1728.96 | K20: 2000 | L20: 553.8 | M20: 2000 | N20: 0 | O20: 0 | P20: 0 | Q20: 0 | R20: 0 | S20: 0 | T20: 0 | U20: 0 | V20: 0 | W20: 0 | X20: 0 | Y20: 0
A21: 129.30 | B21: =ROW(#REF!) -> #REF! | C21: n.a. | D21: Stupa-Veranstaltungen | E21: 0 | F21: 0 | G21: 0 | H21: 0 | I21: 0 | K21: 0 | L21: 0 | M21: 0 | N21: 0 | O21: 0 | P21: 0 | Q21: 0 | R21: 0 | S21: 0 | T21: 0 | U21: 0 | V21: 0 | W21: 0 | X21: 0 | Y21: 0
B22: =ROW(B17) -> 17
A23: 130.00 | B23: =ROW(B18) -> 18 | D23: Einnahmen aus Bewirtung | E23: =SUBTOTAL(9,E24:E25) -> 0 | F23: =SUBTOTAL(9,F24:F25) -> 0 | G23: =SUBTOTAL(9,G24:G25) -> 0 | H23: =SUBTOTAL(9,H24:H25) -> 0 | I23: =SUBTOTAL(9,I24:I25) -> 0 | J23: 0 | K23: =SUBTOTAL(9,K24:K25) -> 500 | L23: 0 | M23: 500 | N23: =SUBTOTAL(9,N24:N25) -> 0 | O23: =SUBTOTAL(9,O24:O25) -> 0 | P23: =SUBTOTAL(9,P24:P25) -> 0 | Q23: =SUBTOTAL(9,Q24:Q25) -> 0 | R23: =SUBTOTAL(9,R24:R25) -> 0 | S23: =SUBTOTAL(9,S24:S25) -> 0 | T23: =SUBTOTAL(9,T24:T25) -> 0 | U23: =SUBTOTAL(9,U24:U25) -> 0 | ... W23: =SUBTOTAL(9,W24:W25) -> 0 | X23: 0 | Y23: 0
A24: 130.10 | B24: =ROW(B19) -> 19 | C24: n.a. | D24: AStA | E24: 0 | F24: 0 | G24: 0 | H24: 0 | I24: 0 | K24: 500 | L24: 0 | M24: 500 | N24: 0 | O24: 0 | P24: 0 | Q24: 0 | R24: 0 | S24: 0 | T24: 0 | U24: 0 | V24: 0 | W24: 0 | X24: 0 | Y24: 0
A25: 130.20 | B25: =ROW(B20) -> 20 | C25: n.a. | D25: SP-Veranstaltungen | E25: 0 | F25: 0 | G25: 0 | H25: 0 | I25: 0 | K25: 0 | L25: 0 | M25: 0 | N25: 0 | O25: 0 | P25: 0 | Q25: 0 | R25: 0 | S25: 0 | T25: 0 | U25: 0 | V25: 0 | W25: 0 | X25: 0 | Y25: 0
B26: =ROW(B21) -> 21
A27: 140.00 | B27: =ROW(B22) -> 22 | D27: Einnahmen aus Förderungen und Kooperationen | E27: =SUBTOTAL(9,E28:E30) -> 15375 | F27: =SUBTOTAL(9,F28:F30) -> 0 | G27: =SUBTOTAL(9,G28:G30) -> 17100 | H27: =SUBTOTAL(9,H28:H30) -> 0 | I27: 9176.25 | J27: 0 | K27: =SUBTOTAL(9,K28:K30) -> 6000 | L27: 0 | M27: 6000 | N27: =SUBTOTAL(9,N28:N30) -> 0 | O27: =SUBTOTAL(9,O28:O30) -> 0 | P27: =SUBTOTAL(9,P28:P30) -> 0 | Q27: =SUBTOTAL(9,Q28:Q30) -> 0 | R27: =SUBTOTAL(9,R28:R30) -> 0 | S27: =SUBTOTAL(9,S28:S30) -> 0 | T27: =SUBTOTAL(9,T28:T30) -> 0 | U27: =SUBTOTAL(9,U28:U30) -> 0 | ... W27: =SUBTOTAL(9,W28:W30) -> 0 | X27: 0 | Y27: 0
A28: 140.10 | B28: =ROW(B23) -> 23 | C28: 129.80 (x0,75) | D28: Förderungen Inkl. U. Gleichstellung | E28: 10875 | F28: 0 | G28: 10800 | H28: 0 | I28: 9176.25 | J28: 0 | K28: 5000 | L28: 0 | M28: 5000 | N28: 0 | O28: 0 | P28: 0 | Q28: 0 | R28: 0 | S28: 0 | T28: 0 | U28: 0 | V28: 0 | W28: 0 | X28: 0 | Y28: 0
A29: 140.20 | B29: =ROW(B24) -> 24 | C29: 129.90 (x0,45) | D29: Förderungen Hopo | E29: 4500 | F29: 0 | G29: 4800 | H29: 0 | I29: 0 | J29: 0 | K29: 1000 | L29: 0 | M29: 1000 | N29: 0 | O29: 0 | P29: 0 | Q29: 0 | R29: 0 | S29: 0 | T29: 0 | U29: 0 | V29: 0 | W29: 0 | X29: 0 | Y29: 0
A30: 140.30 | B30: =ROW(B25) -> 25 | C30: n.a. | D30: Sonstige Förderungen und Kooperationen | E30: 0 | F30: 0 | G30: 1500 | H30: 0 | I30: 0 | K30: 0 | L30: 0 | M30: 0 | N30: 0 | O30: 0 | P30: 0 | Q30: 0 | R30: 0 | S30: 0 | T30: 0 | U30: 0 | V30: 0 | W30: 0 | X30: 0 | Y30: 0
B31: =ROW(B26) -> 26
A32: 182.00 | B32: =ROW(B27) -> 27 | D32: Darlehensrückflüsse | E32: =SUBTOTAL(9,E33:E34) -> 7000 | F32: =SUBTOTAL(9,F33:F34) -> 6229.55 | G32: =SUBTOTAL(9,G33:G34) -> 3600 | H32: =SUBTOTAL(9,H33:H34) -> 5262 | I32: 5000 | J32: 2715.99 | K32: =SUBTOTAL(9,K33:K34) -> 4000 | L32: 5784 | M32: 4000 | N32: =SUBTOTAL(9,N33:N34) -> 4000 | O32: =SUBTOTAL(9,O33:O34) -> 207 | P32: =SUBTOTAL(9,P33:P34) -> 518.01 | Q32: =SUBTOTAL(9,Q33:Q34) -> 633.01 | R32: =SUBTOTAL(9,R33:R34) -> 723.01 | S32: =SUBTOTAL(9,S33:S34) -> 2013.01 | T32: =SUBTOTAL(9,T33:T34) -> 2578.01 | U32: =SUBTOTAL(9,U33:U34) -> 2818.01 | ... W32: =SUBTOTAL(9,W33:W34) -> 2923.01 | X32: 2963.01 | Y32: 3003.01
A33: 182.10 | B33: =ROW(B28) -> 28 | C33: 182.00 | D33: Aus Darlehen 40 33 01 | E33: 7000 | F33: 6229.55 | G33: 3600 | H33: 5262 | I33: 5000 | J33: 2715.99 | K33: 4000 | L33: 5784 | M33: 4000 | N33: 4000 | O33: 207 | P33: 518.01 | Q33: 633.01 | R33: 723.01 | S33: 2013.01 | T33: 2578.01 | U33: 2818.01 | V33: 2883.01 | W33: 2923.01 | X33: 2963.01 | Y33: 3003.01
A34: 182.20 | B34: =ROW(B29) -> 29 | C34: n.a. | D34: Aus Internationalisierungsdarlehen | E34: 0 | F34: 0 | G34: 0 | H34: 0 | I34: 0 | K34: 0 | L34: 0 | M34: 0 | N34: 0 | O34: 0 | P34: 0 | Q34: 0 | R34: 0 | S34: 0 | T34: 0 | U34: 0 | V34: 0 | W34: 0 | X34: 0 | Y34: 0
B35: =ROW(B30) -> 30
A36: Plan 2 | B36: =ROW(B31) -> 31 | D36: Einnahmen Fachschaften | E36: 85000 | F36: 89402 | G36: 146529.5 | H36: 71915.37 | I36: 118160 | J36: 82434.34 | K36: =K37+K44+K51 -> 95000 | L36: 85344.97 | M36: 95000 | N36: =N37+N44+N51 -> 83000 | O36: =O37+O44+O51 -> 3929.1 | P36: =P37+P44+P51 -> 7164.1 | Q36: =Q37+Q44+Q51 -> 7379 | R36: =R37+R44+R51 -> 24851.89 | S36: =S37+S44+S51 -> 38687.48 | T36: =T37+T44+T51 -> 42187.48 | U36: =U37+U44+U51 -> 42712.48 | ... W36: =W37+W44+W51 -> 44322.48 | X36: 54805.28 | Y36: 79377.36
A37: 210.00 | B37: =ROW(B32) -> 32 | D37: Teilnahmebeiträge Seminare Fachschaften | E37: 85000 | F37: 89402 | G37: 145329.5 | H37: 71915.37 | I37: 117660 | J37: 82434.34 | K37: =SUBTOTAL(9,K38:K42) -> 95000 | L37: 85344.97 | M37: 95000 | N37: =SUBTOTAL(9,N38:N42) -> 83000 | O37: =SUBTOTAL(9,O38:O42) -> 3929.1 | P37: =SUBTOTAL(9,P38:P42) -> 7164.1 | Q37: =SUBTOTAL(9,Q38:Q42) -> 7379 | R37: =SUBTOTAL(9,R38:R42) -> 24851.89 | S37: =SUBTOTAL(9,S38:S42) -> 38687.48 | T37: =SUBTOTAL(9,T38:T42) -> 42187.48 | U37: =SUBTOTAL(9,U38:U42) -> 42712.48 | ... W37: =SUBTOTAL(9,W38:W42) -> 44322.48 | X37: 54805.28 | Y37: 79377.36
A38: 210.10 | B38: =ROW(B33) -> 33 | C38: 129.10 | D38: FSR WiWi | E38: 23000 | F38: 37605 | G38: 56381 | H38: 37655.37 | I38: 46150 | J38: 44449.34 | K38: 48000 | L38: 45959.97 | M38: 48000 | N38: 45000 | O38: 449.1 | P38: 449.1 | Q38: 499 | R38: 14071.89 | S38: 21357.48 | T38: 21307.48 | U38: 21307.48 | V38: 21307.48 | W38: 21307.48 | X38: 29890.28 | Y38: 43062.36
A39: 210.20 | B39: =ROW(B34) -> 34 | C39: 129.20 | D39: FSR KSW | E39: 1500 | F39: 318 | G39: 10576 | H39: 2690 | I39: 8510 | J39: 2595 | K39: 4500 | L39: 1200 | M39: 4500 | N39: 0 | O39: 0 | P39: 0 | Q39: 0 | R39: 0 | S39: 0 | T39: 0 | U39: 0 | V39: 0 | W39: 0 | X39: 0 | Y39: 0
A40: 210.30 | B40: =ROW(B35) -> 35 | C40: 129.60 | D40: FSR PSY | E40: 24000 | F40: 23964 | G40: 29222 | H40: 0 | I40: 24000 | J40: 0 | K40: 4500 | L40: 0 | M40: 4500 | N40: 0 | O40: 0 | P40: 0 | Q40: 0 | R40: 0 | S40: 0 | T40: 0 | U40: 0 | V40: 0 | W40: 0 | X40: 0 | Y40: 0
A41: 210.40 | B41: =ROW(B36) -> 36 | C41: 129.40 | D41: FSR ReWi | E41: 32000 | F41: 24965 | G41: 29578 | H41: 23885 | I41: 23500 | J41: 28160 | K41: 25000 | L41: 26800 | M41: 25000 | N41: 25000 | O41: 1400 | P41: 3700 | Q41: 3700 | R41: 7600 | S41: 14150 | T41: 15000 | U41: 15350 | V41: 15800 | W41: 15300 | X41: 17200 | Y41: 26800
A42: 210.50 | B42: =ROW(B37) -> 37 | C42: 129.30 | D42: FSR M+I | E42: 4500 | F42: 2550 | G42: 19572.5 | H42: 7685 | I42: 15500 | J42: 7230 | K42: 13000 | L42: 11385 | M42: 13000 | N42: 13000 | O42: 2080 | P42: 3015 | Q42: 3180 | R42: 3180 | S42: 3180 | T42: 5880 | U42: 6055 | V42: 7550 | W42: 7715 | X42: 7715 | Y42: 9515
B43: =ROW(B38) -> 38
A44: 220.00 | B44: =ROW(B39) -> 39 | D44: Teilnahmebeiträge Veranstaltungen Fachschaften | E44: 0 | F44: =SUBTOTAL(9,F45:F49) -> 0 | G44: 1200 | H44: 0 | I44: 500 | J44: 0 | K44: =SUBTOTAL(9,K45:K49) -> 0 | L44: 0 | M44: 0 | N44: =SUBTOTAL(9,N45:N49) -> 0 | O44: =SUBTOTAL(9,O45:O49) -> 0 | P44: =SUBTOTAL(9,P45:P49) -> 0 | Q44: =SUBTOTAL(9,Q45:Q49) -> 0 | R44: =SUBTOTAL(9,R45:R49) -> 0 | S44: =SUBTOTAL(9,S45:S49) -> 0 | T44: =SUBTOTAL(9,T45:T49) -> 0 | U44: =SUBTOTAL(9,U45:U49) -> 0 | ... W44: =SUBTOTAL(9,W45:W49) -> 0 | X44: 0 | Y44: 0
A45: 220.10 | B45: =ROW(B40) -> 40 | C45: n.a. | D45: FSR WiWi | E45: 0 | F45: 0 | G45: 0 | H45: 0 | I45: 0 | K45: 0 | L45: 0 | M45: 0 | N45: 0 | O45: 0 | P45: 0 | Q45: 0 | R45: 0 | S45: 0 | T45: 0 | U45: 0 | V45: 0 | W45: 0 | X45: 0 | Y45: 0
A46: 220.20 | B46: =ROW(B41) -> 41 | C46: n.a. | D46: FSR KSW | E46: 0 | F46: 0 | G46: 1200 | H46: 0 | I46: 500 | K46: 0 | L46: 0 | M46: 0 | N46: 0 | O46: 0 | P46: 0 | Q46: 0 | R46: 0 | S46: 0 | T46: 0 | U46: 0 | V46: 0 | W46: 0 | X46: 0 | Y46: 0
A47: 220.30 | B47: =ROW(B42) -> 42 | C47: n.a. | D47: FSR PSY | E47: 0 | F47: 0 | G47: 0 | H47: 0 | I47: 0 | K47: 0 | L47: 0 | M47: 0 | N47: 0 | O47: 0 | P47: 0 | Q47: 0 | R47: 0 | S47: 0 | T47: 0 | U47: 0 | V47: 0 | W47: 0 | X47: 0 | Y47: 0
A48: 220.40 | B48: =ROW(B43) -> 43 | C48: n.a. | D48: FSR ReWi | E48: 0 | F48: 0 | G48: 0 | H48: 0 | I48: 0 | K48: 0 | L48: 0 | M48: 0 | N48: 0 | O48: 0 | P48: 0 | Q48: 0 | R48: 0 | S48: 0 | T48: 0 | U48: 0 | V48: 0 | W48: 0 | X48: 0 | Y48: 0
A49: 220.50 | B49: =ROW(B44) -> 44 | C49: n.a. | D49: FSR M+I | E49: 0 | F49: 0 | G49: 0 | H49: 0 | I49: 0 | K49: 0 | L49: 0 | M49: 0 | N49: 0 | O49: 0 | P49: 0 | Q49: 0 | R49: 0 | S49: 0 | T49: 0 | U49: 0 | V49: 0 | W49: 0 | X49: 0 | Y49: 0
B50: =ROW(B45) -> 45
A51: 230.00 | B51: =ROW(B46) -> 46 | D51: Sonstige (Werbung, Förderungen, Bewirtung) | E51: 0 | F51: =SUBTOTAL(9,F52:F56) -> 0 | G51: 0 | H51: 0 | I51: 0 | J51: 0 | K51: =SUBTOTAL(9,K52:K56) -> 0 | L51: 0 | M51: 0 | N51: =SUBTOTAL(9,N52:N56) -> 0 | O51: =SUBTOTAL(9,O52:O56) -> 0 | P51: =SUBTOTAL(9,P52:P56) -> 0 | Q51: =SUBTOTAL(9,Q52:Q56) -> 0 | R51: =SUBTOTAL(9,R52:R56) -> 0 | S51: =SUBTOTAL(9,S52:S56) -> 0 | T51: =SUBTOTAL(9,T52:T56) -> 0 | U51: =SUBTOTAL(9,U52:U56) -> 0 | ... W51: =SUBTOTAL(9,W52:W56) -> 0 | X51: 0 | Y51: 0
A52: 230.10 | B52: =ROW(B47) -> 47 | C52: n.a. | D52: FSR WiWi | E52: 0 | F52: 0 | G52: 0 | H52: 0 | I52: 0 | K52: 0 | L52: 0 | M52: 0 | N52: 0 | O52: 0 | P52: 0 | Q52: 0 | R52: 0 | S52: 0 | T52: 0 | U52: 0 | V52: 0 | W52: 0 | X52: 0 | Y52: 0
A53: 230.20 | B53: =ROW(B48) -> 48 | C53: n.a. | D53: FSR KSW | E53: 0 | F53: 0 | G53: 0 | H53: 0 | I53: 0 | K53: 0 | L53: 0 | M53: 0 | N53: 0 | O53: 0 | P53: 0 | Q53: 0 | R53: 0 | S53: 0 | T53: 0 | U53: 0 | V53: 0 | W53: 0 | X53: 0 | Y53: 0
A54: 230.30 | B54: =ROW(B49) -> 49 | C54: n.a. | D54: FSR PSY | E54: 0 | F54: 0 | G54: 0 | H54: 0 | I54: 0 | K54: 0 | L54: 0 | M54: 0 | N54: 0 | O54: 0 | P54: 0 | Q54: 0 | R54: 0 | S54: 0 | T54: 0 | U54: 0 | V54: 0 | W54: 0 | X54: 0 | Y54: 0
A55: 230.40 | B55: =ROW(B50) -> 50 | C55: n.a. | D55: FSR ReWi | E55: 0 | F55: 0 | G55: 0 | H55: 0 | I55: 0 | K55: 0 | L55: 0 | M55: 0 | N55: 0 | O55: 0 | P55: 0 | Q55: 0 | R55: 0 | S55: 0 | T55: 0 | U55: 0 | V55: 0 | W55: 0 | X55: 0 | Y55: 0
A56: 230.50 | B56: =ROW(B51) -> 51 | C56: n.a. | D56: FSR M+I | E56: 0 | F56: 0 | G56: 0 | H56: 0 | I56: 0 | K56: 0 | L56: 0 | M56: 0 | N56: 0 | O56: 0 | P56: 0 | Q56: 0 | R56: 0 | S56: 0 | T56: 0 | U56: 0 | V56: 0 | W56: 0 | X56: 0 | Y56: 0
B57: =ROW(B52) -> 52
B58: =ROW(B53) -> 53
B59: =ROW(B54) -> 54
A60: Plan 3 | B60: =ROW(B54) -> 54 | D60: Rücklagen, Vorjahresvortrag, durchlaufende Gelder | E60: =E61+E66 -> 795000 | F60: =F61+F66 -> 820360.34 | G60: =G61+G66 -> 345497.78 | H60: =H61+H66 -> 285497.78 | I60: =I61+I66 -> 689841.07 | J60: 689481.07 | K60: =K61+K66 -> 940000 | L60: 807785.14 | M60: 940000 | N60: =N61+N66+N70 -> 787645.92 | O60: =O61+O66+O70 -> 582645.92 | P60: =P61+P66 -> 582645.92 | Q60: =Q61+Q66 -> 582645.92 | R60: =R61+R66 -> 582645.92 | S60: =S61+S66 -> 582645.92 | T60: =T61+T66 -> 582645.92 | U60: =U61+U66 -> 582645.92 | V60: =V61+V66 -> 582645.92 | W60: =W61+W66 -> 582645.92 | X60: 582645.92 | Y60: 582645.92
A61: 352.00 | B61: =ROW(B55) -> 55 | D61: Entnahmen aus der Rücklage | E61: =SUBTOTAL(9,E62:E64) -> 195000 | F61: =SUBTOTAL(9,F62:F64) -> 195000 | G61: =SUBTOTAL(9,G62:G64) -> 60000 | H61: 0 | I61: 0 | J61: 0 | K61: 140000 | L61: 0 | M61: 140000 | N61: =SUBTOTAL(9,N62:N64) -> 205000 | O61: =SUBTOTAL(9,O62:O64) -> 0 | P61: 0 | Q61: 0 | R61: 0 | S61: 0 | T61: 0 | U61: 0 | V61: 0 | W61: 0 | X61: 0 | Y61: 0
A62: 352.10 | B62: =ROW(B56) -> 56 | C62: 352.00 | D62: Allgemeine Rücklage 21 00 01 | E62: 0 | F62: 0 | G62: 0 | H62: 0 | I62: 0 | J62: 0 | K62: 0 | L62: 0 | M62: 0 | N62: 60000 | O62: 0 | P62: 0 | Q62: 0 | R62: 0 | S62: 0 | T62: 0 | U62: 0 | V62: 0 | W62: 0 | X62: 0 | Y62: 0
A63: 352.20 | B63: =ROW(B57) -> 57 | C63: 353.00 | D63: Sonderrücklage Wahlen 20 00 02 | E63: 195000 | F63: 195000 | G63: 0 | H63: 0 | I63: 0 | J63: 0 | K63: 0 | L63: 0 | M63: 0 | N63: 130000 | O63: 0 | P63: 0 | Q63: 0 | R63: 0 | S63: 0 | T63: 0 | U63: 0 | V63: 0 | W63: 0 | X63: 0 | Y63: 0
A64: 352.30 | B64: =ROW(B58) -> 58 | C64: n.a. | D64: Schwankungsrücklage Wahlen (Sonstige Rücklage Steuer) | E64: 0 | F64: 0 | G64: 60000 | H64: 0 | I64: 0 | J64: 0 | K64: 140000 | L64: 0 | M64: 140000 | N64: 15000 | O64: 0 | P64: 0 | Q64: 0 | R64: 0 | S64: 0 | T64: 0 | U64: 0 | V64: 0 | W64: 0 | X64: 0 | Y64: 0
B65: =ROW(B60) -> 60
A66: 360.00 | B66: =ROW(B61) -> 61 | D66: Vorjahresvortrag | E66: =SUBTOTAL(9,E67:E69) -> 600000 | F66: =SUBTOTAL(9,F67:F69) -> 625360.34 | G66: =SUBTOTAL(9,G67:G69) -> 285497.78 | H66: =SUBTOTAL(9,H67:H69) -> 285497.78 | I66: =SUBTOTAL(9,I67:I69) -> 689841.07 | J66: 689481.07 | K66: =SUBTOTAL(9,K67:K69) -> 800000 | L66: 807785.14 | M66: 800000 | N66: =SUBTOTAL(9,N67:N69) -> 582645.92 | O66: =SUBTOTAL(9,O67:O69) -> 582645.92 | P66: =SUBTOTAL(9,P67:P69) -> 582645.92 | Q66: =SUBTOTAL(9,Q67:Q69) -> 582645.92 | R66: =SUBTOTAL(9,R67:R69) -> 582645.92 | S66: =SUBTOTAL(9,S67:S69) -> 582645.92 | T66: =SUBTOTAL(9,T67:T69) -> 582645.92 | U66: =SUBTOTAL(9,U67:U69) -> 582645.92 | ... W66: =SUBTOTAL(9,W67:W69) -> 582645.92 | X66: 582645.92 | Y66: 582645.92
A67: 360.10 | B67: =ROW(B62) -> 62 | C67: 360.00 | D67: Überschuss Vorjahr | E67: 600000 | F67: 625360.34 | G67: 285497.78 | H67: 285497.78 | I67: 689841.07 | J67: 689481.07 | K67: 800000 | L67: 807785.14 | M67: 800000 | N67: 582645.92 | O67: 582645.92 | P67: 582645.92 | Q67: 582645.92 | R67: 582645.92 | S67: 582645.92 | T67: 582645.92 | U67: 582645.92 | V67: 582645.92 | W67: 582645.92 | X67: 582645.92 | Y67: 582645.92
A68: 360.20 | B68: =ROW(B63) -> 63 | C68: n.a. | D68: Sonstige Vorträge | E68: 0 | G68: 0 | H68: 0 | I68: 0 | J68: 0 | K68: 0 | L68: 0 | M68: 0 | N68: 0 | O68: 0 | P68: 0 | Q68: 0 | R68: 0 | S68: 0 | T68: 0 | U68: 0 | V68: 0 | W68: 0 | X68: 0 | Y68: 0
B69: =ROW(B64) -> 64
A70: 380.00 | B70: =ROW(B65) -> 65 | D70: Kautionen, Durchlaufende Gelder AStA | E70: =SUBTOTAL(9,E71:E72) -> 0 | F70: =SUBTOTAL(9,F71:F72) -> 0 | G70: =SUBTOTAL(9,G71:G72) -> 0 | H70: =SUBTOTAL(9,H71:H72) -> 0 | I70: =SUBTOTAL(9,I71:I72) -> 0 | J70: 0 | K70: 0 | L70: 0 | M70: 0 | N70: =SUBTOTAL(9,N71:N72) -> 0 | O70: =SUBTOTAL(9,O71:O72) -> 0 | P70: =SUBTOTAL(9,P71:P72) -> 0 | Q70: =SUBTOTAL(9,Q71:Q72) -> 0 | R70: =SUBTOTAL(9,R71:R72) -> 0 | S70: =SUBTOTAL(9,S71:S72) -> 0 | T70: =SUBTOTAL(9,T71:T72) -> 0 | U70: =SUBTOTAL(9,U71:U72) -> 0 | ... W70: =SUBTOTAL(9,W71:W72) -> 0 | X70: 0 | Y70: 0
A71: 382.10 | B71: =ROW(B66) -> 66 | C71: n.a. | D71: Kautionen Materialverleih | E71: 0 | F71: 0 | G71: 0 | H71: 0 | I71: 0 | J71: 0 | K71: 0 | L71: 0 | M71: 0 | N71: 0 | O71: 0 | P71: 0 | Q71: 0 | R71: 0 | S71: 0 | T71: 0 | U71: 0 | V71: 0 | W71: 0 | X71: 0 | Y71: 0
A72: 382.20 | B72: =ROW(B67) -> 67 | C72: 130.00 | D72: Vorverkaufseinnahmen Bewirtung | E72: 0 | F72: 0 | G72: 0 | H72: 0 | I72: 0 | J72: 0 | K72: 0 | L72: 0 | M72: 0 | N72: 0 | O72: 0 | P72: 0 | Q72: 0 | R72: 0 | S72: 0 | T72: 0 | U72: 0 | V72: 0 | W72: 0 | X72: 0 | Y72: 0
B73: =ROW(B68) -> 68
B74: =ROW(B70) -> 70 | D74: Einnahmen Gesamt | E74: =E6+E36+E60 -> 1480000 | F74: =F6+F36+F60 -> 1500919.5 | G74: =G6+G36+G60 -> 1568977.3 | H74: =H6+H36+H60 -> 1433893.8 | I74: =I6+I36+I60 -> 1582227.3 | J74: 1824464.8 | K74: =K6+K36+K60 -> 2129600 | L74: 1431391.3 | M74: 2129600 | N74: =N6+N36+N60 -> 875991.44 | O74: =O6+O36+O60 -> 586782.02 | P74: =P6+P36+P60 -> 591128.84 | Q74: =Q6+Q36+Q60 -> 591710.48 | R74: =R6+R36+R60 -> 609273.37 | S74: =S6+S36+S60 -> 624398.96 | T74: =T6+T36+T60 -> 628716.93 | U74: =U6+U36+U60 -> 629481.93 | ... W74: =W6+W36+W60 -> 631229.78 | X74: 641752.58 | Y74: 666820.66
B75: =ROW(B71) -> 71
A76: Ausgaben | B76: =ROW(B72) -> 72
B77: =ROW(B73) -> 73
A78: Plan 4 | B78: =ROW(#REF!) -> #REF! | D78: Personalausgaben und Aufwandsentschädigungen | E78: 460235 | F78: 407438.27 | G78: 498755 | H78: 408563.82 | I78: =I79+I86+I96+I102+I109 -> 522865 | J78: 438835.14 | K78: =K79+K86+K96+K102+K109 -> 578800 | L78: 428391.36 | M78: 578800 | N78: =SUBTOTAL(9,N80:N113) -> 553500 | O78: =SUBTOTAL(9,O80:O113) -> 35518.41 | P78: =SUBTOTAL(9,P80:P113) -> 84540.4 | Q78: =SUBTOTAL(9,Q80:Q113) -> 119009.98 | R78: =SUBTOTAL(9,R80:R113) -> 154079.4 | S78: =SUBTOTAL(9,S80:S113) -> 189058.82 | T78: =SUBTOTAL(9,T80:T113) -> 219457.79 | U78: =SUBTOTAL(9,U80:U113) -> 256137.78 | ... W78: =SUBTOTAL(9,W80:W113) -> 328922.28 | X78: 337948.25 | Y78: 406224.67
A79: 412.00 | B79: =ROW(B74) -> 74 | D79: Aufwandsentschädigungen Studierendenvertretung | E79: 70250 | F79: =SUBTOTAL(9,F80:F84) -> 45805 | G79: =SUBTOTAL(9,G80:G84) -> 83690 | H79: 41663 | I79: =SUBTOTAL(9,I80:I84) -> 92400 | J79: 50455 | K79: =SUBTOTAL(9,K80:K84) -> 77500 | L79: 44070 | M79: 77500 | N79: =SUBTOTAL(9,N80:N84) -> 64000 | O79: =SUBTOTAL(9,O80:O84) -> 4925 | P79: =SUBTOTAL(9,P80:P83) -> 8040 | Q79: =SUBTOTAL(9,Q80:Q84) -> 11870 | R79: =SUBTOTAL(9,R80:R84) -> 16290 | S79: =SUBTOTAL(9,S80:S84) -> 20690 | T79: =SUBTOTAL(9,T80:T84) -> 22371.33 | U79: =SUBTOTAL(9,U80:U84) -> 25596.33 | V79: =SUBTOTAL(9,V80:V84) -> 28351.33 | W79: =SUBTOTAL(9,W80:W84) -> 33212.33 | X79: 36558.3 | Y79: 44679.3
A80: 412.10 | B80: =ROW(B75) -> 75 | C80: 412.20 (x0,4), 412.50 (x0,6) | D80: Fest-AE SP-Vorsitz, HHA-Vorsitz, AG-Sprecher (§ 43 d. Satzung) | E80: 17400 | F80: 11920 | G80: 17440 | H80: 10128 | I80: 17000 | J80: 9120 | K80: 17000 | L80: 12640 | M80: 17000 | N80: 18000 | O80: 1120 | P80: 2240 | Q80: 3360 | R80: 4480 | S80: 5600 | T80: 6501.33 | U80: 7141.33 | V80: 7781.33 | W80: 9957.33 | X80: 11813.3 | Y80: 15269.3
A81: 412.20 | B81: =ROW(B76) -> 76 | C81: 412.20 (x0,6), 412.50 (x0,4) | D81: Variable AE Stupa, Ausschüsse, Arbeitsgruppen (§ 44 d. Satzung) | E81: 26110 | F81: 14025 | G81: 39250 | H81: 13665 | I81: 35000 | J81: 14110 | K81: 25000 | L81: 9815 | M81: 25000 | N81: 20000 | O81: 1595 | P81: 2490 | Q81: 2920 | R81: 3680 | S81: 4015 | T81: 4225 | U81: 4860 | V81: 5535 | W81: 6830 | X81: 7180 | Y81: 8225
A82: 412.30 | B82: =ROW(B77) -> 77 | C82: 412.30 | D82: Fernuni-Gremien (§ 44 d. Satzung) | E82: 25000 | F82: 19640 | G82: 25000 | H82: 17870 | I82: 25000 | J82: 25880 | K82: 30000 | L82: 20910 | M82: 30000 | N82: 25000 | O82: 1970 | P82: 3310 | Q82: 5350 | R82: 7890 | S82: 10770 | T82: 11340 | U82: 13250 | V82: 14660 | W82: 16050 | X82: 17190 | Y82: 20810
A83: 412.40 | B83: =ROW(B78) -> 78 | C83: n.a. | D83: AStA-Beauftragungen | E83: 0 | F83: 0 | G83: 0 | H83: 0 | I83: 14400 | J83: 780 | K83: 4000 | L83: 0 | M83: 4000 | N83: 0 | O83: 0 | P83: 0 | Q83: 0 | R83: 0 | S83: 0 | T83: 0 | U83: 0 | V83: 0 | W83: 0 | X83: 0 | Y83: 0
A84: 412.50 | B84: =ROW(B79) -> 79 | C84: 412.40, 412.60, 536.10, 538.10, 550.10, 686.11 | D84: AStA-Veranstaltungen, Gäste, Sonstige (§ 44. d. Satzung) | E84: 1750 | F84: 220 | G84: 2000 | H84: 272 | I84: 1000 | J84: 565 | K84: 1500 | L84: 705 | M84: 1500 | N84: 1000 | O84: 240 | P84: 240 | Q84: 240 | R84: 240 | S84: 305 | T84: 305 | U84: 345 | V84: 375 | W84: 375 | X84: 375 | Y84: 375
B85: =ROW(B80) -> 80
A86: 413.00 | B86: =ROW(B81) -> 81 | D86: Aufwandsentschädigungen Fachschaften | E86: 71500 | F86: =SUBTOTAL(9,F87:F87,F89:F94) -> 57708.33 | G86: 74670 | H86: =SUBTOTAL(9,H87:H87,H89:H94) -> 56685 | I86: 74070 | J86: 56010.5 | K86: =SUBTOTAL(9,K87:K87,K89:K94) -> 69300 | L86: 51861 | M86: 69300 | N86: =SUBTOTAL(9,N87:N87,N89:N94) -> 71300 | O86: =SUBTOTAL(9,O87:O87,O89:O94) -> 4135 | P86: =SUBTOTAL(9,P87:P87,P89:P94) -> 9250 | Q86: =SUBTOTAL(9,Q87:Q87,Q89:Q94) -> 13565 | R86: =SUBTOTAL(9,R87:R87,R89:R94) -> 17735 | S86: =SUBTOTAL(9,S87:S87,S89:S94) -> 21835 | T86: =SUBTOTAL(9,T87:T87,T89:T94) -> 25158.32 | U86: =SUBTOTAL(9,U87:U87,U89:U94) -> 31200.5 | ... W86: =SUBTOTAL(9,W87:W87,W89:W94) -> 42615.5 | X86: 48295.5 | Y86: 55495.5
A87: 413.10 | B87: =ROW(B82) -> 82 | C87: 686.31 (x0,52), 686.41 (x0,87), 686.51 (x0,8), 686.61 (x0,33), 686.71 (x0,26) | D87: Fest-AE Fachschaften (Fester Wert, 5*800*12) (§ 43 d. Satzung) | E87: 48000 | F87: 44193.33 | G87: 48000 | H87: 46930 | I87: 48000 | J87: 46055 | K87: 48000 | L87: 44820 | M87: 48000 | N87: 55000 | O87: 3815 | P87: 7630 | Q87: 11445 | R87: 15260 | S87: 19075 | T87: 22308.32 | U87: 27020.5 | V87: 30920.5 | W87: 36820.5 | X87: 42420.5 | Y87: 48420.5
A88: 413.20 | B88: =ROW(B83) -> 83 | D88: Variable AE Fachschaften (§ 44 d. Satzung) | E88: 22000 | F88: 12720 | G88: 25670 | H88: 9365 | I88: 25070 | J88: 0 | K88: 20300 | M88: 20300 | N88: 13000 | O88: =SUBTOTAL(9,O89:O93) -> 320 | P88: =SUBTOTAL(9,P89:P93) -> 1620 | Q88: =SUBTOTAL(9,Q89:Q93) -> 2120 | R88: =SUBTOTAL(9,R89:R93) -> 2475 | S88: =SUBTOTAL(9,S89:S93) -> 2760 | T88: =SUBTOTAL(9,T89:T93) -> 2850 | U88: =SUBTOTAL(9,U89:U93) -> 4180 | V88: =SUBTOTAL(9,V89:V93) -> 5110 | W88: =SUBTOTAL(9,W89:W93) -> 5795 | X88: 5875 | Y88: 6725
A89: 413.21 | B89: =ROW(B84) -> 84 | C89: 686.31 (x0,48) | D89: Variable AE FSR WiWi | E89: 10400 | F89: 5830 | G89: 8600 | H89: 3695 | I89: 8600 | J89: 6315.5 | K89: 9500 | L89: 4100 | M89: 9500 | N89: 5000 | O89: 80 | P89: 835 | Q89: 1280 | R89: 1550 | S89: 1550 | T89: 1550 | U89: 1880 | V89: 2280 | W89: 2600 | X89: 2600 | Y89: 2665
A90: 413.22 | B90: =ROW(B85) -> 85 | C90: 686.41 (x0,13) | D90: Variable AE FSR KSW | E90: 1400 | F90: 1160 | G90: 5270 | H90: 560 | I90: 5270 | J90: 180 | K90: 2000 | L90: 380 | M90: 2000 | N90: 1000 | O90: 20 | P90: 20 | Q90: 75 | R90: 75 | S90: 75 | T90: 135 | U90: 135 | V90: 135 | W90: 175 | X90: 175 | Y90: 255
A91: 413.23 | B91: =ROW(B86) -> 86 | C91: 686.51 (x0,2) | D91: Variable AE FSR PSY | E91: 2400 | F91: 3110 | G91: 4500 | H91: 2435 | I91: 4400 | J91: 180 | K91: 2000 | L91: 0 | M91: 2000 | N91: 2000 | O91: 0 | P91: 0 | Q91: 0 | R91: 0 | S91: 0 | T91: 30 | U91: 395 | V91: 395 | W91: 420 | X91: 420 | Y91: 560
A92: 413.24 | B92: =ROW(B87) -> 87 | C92: 686.61 (x0,67) | D92: Variable AE FSR ReWi | E92: 4400 | F92: 2350 | G92: 5000 | H92: 2435 | I92: 4400 | J92: 1490 | K92: 4400 | L92: 705 | M92: 4400 | N92: 4500 | O92: 220 | P92: 765 | Q92: 765 | R92: 850 | S92: 950 | T92: 950 | U92: 1585 | V92: 1865 | W92: 1985 | X92: 1985 | Y92: 2550
A93: 413.25 | B93: =ROW(B88) -> 88 | C93: 686.71 (x0,74) | D93: Variable AE FSR M+I | E93: 3400 | F93: 270 | G93: 2300 | H93: 240 | I93: 2400 | J93: 1005 | K93: 2400 | L93: 845 | M93: 2400 | N93: 1800 | O93: 0 | P93: 0 | Q93: 0 | R93: 0 | S93: 185 | T93: 185 | U93: 185 | V93: 435 | W93: 615 | X93: 695 | Y93: 695
A94: 413.30 | B94: =ROW(B89) -> 89 | C94: 686.21 | D94: FSRK | E94: 1500 | F94: 795 | G94: 1000 | H94: 390 | I94: 1000 | J94: 785 | K94: 1000 | L94: 1011 | M94: 1000 | N94: 2000 | O94: 0 | P94: 0 | Q94: 0 | R94: 0 | S94: 0 | T94: 0 | U94: 0 | V94: 0 | W94: 0 | X94: 0 | Y94: 350
B95: =ROW(B90) -> 90
A96: 425.00 | B96: =ROW(B91) -> 91 | D96: Beschäftigungen AStA | E96: 107185 | F96: =SUBTOTAL(9,F97:F100) -> 116485.4 | G96: 115200 | H96: =SUBTOTAL(9,H97:H100) -> 112954.2 | I96: 115200 | J96: 107016.14 | K96: =SUBTOTAL(9,K97:K100) -> 124250 | L96: 80702.99 | M96: 124250 | N96: =SUBTOTAL(9,N97:N100) -> 105250 | O96: =SUBTOTAL(9,O97:O100) -> 7563.1 | P96: =SUBTOTAL(9,P97:P100) -> 13903.1 | Q96: =SUBTOTAL(9,Q97:Q100) -> 20243.1 | R96: =SUBTOTAL(9,R97:R100) -> 26583.1 | S96: =SUBTOTAL(9,S97:S100) -> 32923.1 | T96: =SUBTOTAL(9,T97:T100) -> 38148.9 | U96: =SUBTOTAL(9,U97:U100) -> 44780.54 | ... W96: =SUBTOTAL(9,W97:W100) -> 56207.06 | X96: 56207.06 | Y96: 80384.12
A97: 425.10 | B97: =ROW(B92) -> 92 | C97: 425.11 | D97: Referate | E97: 63000 | F97: 68187 | G97: 70000 | H97: 66757.8 | I97: 70000 | J97: 63244.8 | K97: 75000 | L97: 57150 | M97: 75000 | N97: 60000 | O97: 4500 | P97: 9000 | Q97: 13500 | R97: 18000 | S97: 22500 | T97: 26220 | U97: 30735 | V97: 34785 | W97: 38835 | X97: 38835 | Y97: 46935
A98: 425.20 | B98: =ROW(B93) -> 93 | C98: 425.12 | D98: Bundesknappschaft* | E98: 19000 | F98: 21331.89 | G98: 18000 | H98: 19458.6 | I98: 18000 | J98: 18342.72 | K98: 22000 | L98: 1143 | M98: 22000 | N98: 25000 | O98: =90+1223.1 -> 1313.1 | P98: =180+1223.1 -> 1403.1 | Q98: =270+1223.1 -> 1493.1 | R98: =360+1223.1 -> 1583.1 | S98: =450+1223.1 -> 1673.1 | T98: =524.4+1207.86 -> 1732.26 | U98: =614.7+1478.37 -> 2093.07 | V98: =695.7+1321.11 -> 2016.81 | W98: =776.7+1321.11 -> 2097.81 | X98: 2097.81 | Y98: 15024.87
A99: 425.30 | B99: =ROW(B94) -> 94 | C99: 412.10 | D99: Sachkostenpauschale | E99: 25000 | F99: 26775 | G99: 27000 | H99: 26512.5 | I99: 27000 | J99: 25200 | K99: 27000 | L99: 22225 | M99: 27000 | N99: 20000 | O99: 1750 | P99: 3500 | Q99: 5250 | R99: 7000 | S99: 8750 | T99: 10196.64 | U99: 11952.47 | V99: 13527.47 | W99: 15102.47 | X99: 15102.47 | Y99: 18252.47
A100: 425.40 | B100: =ROW(B95) -> 95 | C100: 425.14 | D100: VBG Unfallversicherung AStA | E100: 185 | F100: 191.51 | G100: 200 | H100: 225.3 | I100: 200 | J100: 228.62 | K100: 250 | L100: 184.99 | M100: 250 | N100: 250 | O100: 0 | P100: 0 | Q100: 0 | R100: 0 | S100: 0 | T100: 0 | U100: 0 | V100: 171.78 | W100: 171.78 | X100: 171.78 | Y100: 171.78
B101: =ROW(B96) -> 96
A102: 428.00 | B102: =ROW(B97) -> 97 | D102: Personalausgaben Angestellte | E102: 206500 | F102: =SUBTOTAL(9,F103:F107) -> 187240.54 | G102: 220495 | H102: =SUBTOTAL(9,H103:H107) -> 196285.44 | I102: 236495 | J102: 225096.3 | K102: =SUBTOTAL(9,K103:K107) -> 296750 | L102: 251522.23 | M102: 296750 | N102: =SUBTOTAL(9,N103:N107) -> 298750 | O102: =SUBTOTAL(9,O103:O107) -> 18895.31 | P102: =SUBTOTAL(9,P103:P107) -> 53107.3 | Q102: =SUBTOTAL(9,Q103:Q107) -> 73187.88 | R102: =SUBTOTAL(9,R103:R107) -> 93327.3 | S102: =SUBTOTAL(9,S103:S107) -> 113466.72 | T102: =SUBTOTAL(9,T103:T107) -> 133635.24 | U102: =SUBTOTAL(9,U103:U107) -> 154277.41 | ... W102: =SUBTOTAL(9,W103:W107) -> 196604.39 | X102: 196604.39 | Y102: 225382.75
...

Sheet 209050 Sonderrücklagen Steuern
A1: Entnahme aus der 919.30 Sonderrücklage Steuern
A2: Stand 01.11.2025 = 100.000,00 EUR
A5: Buchungsdatum | B5: BelegNr. | C5: Betrag | D5: Zweck | E5: Angewiesen durch | G5: Saldo Sonderrücklage Steuern nach Entnahme
A6: 45989 | B6: 220330 | C6: 5000 | D6: Verstärkungsmittel an die BHS | E6: AStA Beschluss UB 002/2025 | G6: =100000-C6 -> 95000
A7: 46014 | B7: 220407 | C7: 5000 | D7: Verstärkungsmittel an die BHS | E7: AStA Beschluss UB 003/2025 | G7: =G6-C7 -> 90000
A8: 46031 | B8: 220441 | C8: 37500 | D8: Verstärkungsmittel Darlehen an die BHS | E8: AStA Beschluss UB 001/2026 | G8: 52500
A9: 46031 | B9: 220442 | C9: 37500 | D9: Verstärkungsmittel Darlehen an die BHS | E9: AStA Beschluss UB 001/2026 | G9: 15000

Sheet Vermerk_Korrektur_SV_Knappschaf
A1: 379000 Lohn- und Gehaltsverrechnungen
A3: Korrektur der SV-Beiträge der Bundesknappschaft. Diese wurden aus den SV-Beiträgen der AN rausgerechnet
A4: und dem Titel 603600 addiert.
A6: Datum | C6: Gegenkonto | D6: Buchungstext | E6: Belegfeld1 | F6: Umsatz Soll | G6: Umsatz Haben | H6: Stapel-Nr. | I6: BSNr. | J6: KOST1
A7: 45961 | C7: 603600 | D7: Pauschale Steuer für Minijobber | E7: 202510 | G7: 90 | H7: 10-2025/0003 | I7: 8 | J7: 11300
A8: 45961 | C8: 374000 | D8: Verb. Bundesknappschaft/Minijobzentrale | E8: 202510 | G8: 1223.1 | H8: 10-2025/0003 | I8: 28 | J8: 9
A9: 45991 | C9: 603600 | D9: Pauschale Steuer für Minijobber | E9: 202511 | G9: 90 | H9: 11-2025/0002 | I9: 13 | J9: 11300
A10: 45991 | C10: 374000 | D10: Verb. Bundesknappschaft/Minijobzentrale | E10: 202511 | G10: 1223.1 | H10: 11-2025/0003 | I10: 37 | J10: 9
A11: 46022 | C11: 603600 | D11: Pauschale Steuer für Minijobber | E11: 202512 | G11: 90 | H11: 12-2025/0002 | I11: 9 | J11: 11300
A12: 46022 | C12: 374000 | D12: Verb. Bundesknappschaft/Minijobzentrale | E12: 202512 | G12: 1223.1 | H12: 12-2025/0003 | I12: 31 | J12: 9
A13: 46053 | C13: 603600 | D13: Pauschale Steuer für Minijobber | E13: 202601 | G13: 90 | H13: 01-20263/0002 | I13: 8 | J13: 11300
A14: 46053 | C14: 374000 | D14: Verb. Bundesknappschaft/Minijobzentrale | E14: 202601 | G14: 1223.1 | H14: 01-2026/0002 | I14: 28 | J14: 9
A15: 46081 | C15: 603600 | D15: Pauschale Steuer für Minijobber | E15: 202602 | G15: 90 | H15: 02-2026/0002 | I15: 8 | J15: 11300
A16: 46081 | C16: 374000 | D16: Verb. Bundesknappschaft/Minijobzentrale | E16: 202602 | G16: 1223.1 | H16: 02-2026/0002 | I16: 28 | J16: 9
A17: 46112 | C17: 603600 | D17: Pauschale Steuer für Minijobber | E17: 202603 | G17: 37.2 | H17: 03-2026/0002 | I17: 11 | J17: 11300
A18: 46112 | C18: 374000 | D18: Verb. Bundesknappschaft/Minijobzentrale | E18: 202603 | G18: 1207.86 | H18: 03-2026/0002 | I18: 30 | J18: 9
... A24: 46203 | C24: 374000 | D24: Verb. Bundesknappschaft/Minijobzentrale | E24: 202605 | G24: 1321.11 | H24: 04-2026/0001 | I24: 306 | J24: 9

Sheet HHJ_2024_2025
D1: HHJ | E1: HHJ | F1: HHJ | G1: HHJ | H1: HHJ | I1: HHJ | J1: Nachtrag HHJ | K1: HHJ | L1: HHJ | M1: HHJ | N1: HHJ | O1: HHJ | P1: HHJ | Q1: HHJ | R1: HHJ | S1: HHJ | T1: HHJ | U1: HHJ | V1: HHJ | W1: HHJ | X1: HHJ | Y1: HHJ
D2: 2021 / 2022 | E2: 2021 / 2022 | F2: 2022/2023 | G2: 2022 / 2023 | H2: 2022 / 2023 | I2: 2023 / 2024 | J2: 2023 / 2024 | K2: 2023 / 2024 | L2: 2024 / 2025 | M2: 2024 / 2025 | N2: 2024 / 2025 | O2: 2024 / 2025 | P2: 2024 / 2025 | Q2: 2024 / 2025 | R2: 2024 / 2025 | S2: 2024 / 2025 | T2: 2024 / 2025 | U2: 2024 / 2025 | V2: 2024 / 2025 | W2: 2024 / 2025 | X2: 2024 / 2025 | Y2: 2024 / 2025
D3: Soll | E3: IST | F3: Soll | G3: SOLL | H3: IST | I3: SOLL | J3: SOLL | K3: IST | L3: SOLL | M3: SOLL | N3: IST | O3: IST | P3: IST | Q3: IST | R3: IST | S3: IST | T3: IST | U3: IST | V3: IST | W3: IST | X3: IST | Y3: IST
A4: Stand | C4: Titelbezeichnung | D4: SP-Beschluss 04.09.21 | E4: 44834 | F4: SP-Beschluss | G4: SP-Beschluss 17.12.22 | H4: 45199 | I4: SP-Beschluss 11.11.2023 | J4: SP-Beschluss 07.09.2024 | K4: 45565 | M4: Nachtrag | N4: 45596 | O4: 45626 | P4: 45657 | Q4: 45688 | R4: 45716 | S4: 45747 | T4: 45777 | U4: 45808 | V4: 45838 | W4: 45869 | X4: 45900 | Y4: 45930
A5: Einnahmen
A6: 119.2 | B6: NEU ab 22/23 | C6: Vermischte Einnahmen
A7: 119.21 | B7: 119.20 | C7: Spende | D7: 0 | E7: 0 | F7: 0 | G7: 0 | H7: 0 | I7: 0 | J7: 0 | K7: 0 | N7: 0 | O7: 0 | P7: 0 | Q7: 0 | R7: 0 | S7: 0 | T7: 0 | U7: 0 | V7: 0 | W7: 0 | X7: 0 | Y7: 0
A8: 119.22 | B8: 119.40+140.30 | C8: sonst. Einnahmen | D8: 0 | E8: 0 | F8: 0 | G8: 0 | H8: 0 | I8: 0 | J8: 0 | K8: 69 | N8: 74 | O8: -69 | P8: -69 | Q8: -69 | R8: -69 | S8: -69 | T8: -69 | U8: 46 | V8: -69 | W8: -69 | X8: -69 | Y8: -69
A9: 125.10 | B9: 119.10 | C9: Einnahmen aus kommerz. Anzeigen | D9: 5000 | E9: 6205 | F9: 5000 | G9: 2000 | H9: 3805 | I9: 2000 | J9: 1000 | K9: 300 | N9: 0 | O9: 0 | P9: 1200 | Q9: 1200 | R9: 1200 | S9: 1200 | T9: 1200 | U9: 1200 | V9: 1200 | W9: 1200 | X9: 1200 | Y9: 1200
A10: 125.20 | B10: 119.10 | C10: Einnahmen aus kommerz.Anz.Web+and. | D10: 1000 | E10: 0 | F10: 1000 | G10: 0 | H10: 0 | I10: 2000 | J10: 0 | K10: 0 | N10: 0 | O10: 0 | P10: 0 | Q10: 0 | R10: 0
A11: 129.0 | C11: Einnahmen aus Veranstaltungen
A12: 129.10 | B12: 210.10+220.10 | C12: Einnahmen aus Veranst. FSR WiWi | D12: 23000 | E12: 37605 | F12: 23000 | G12: 56381 | H12: 37655.37 | I12: 46150 | J12: 46150 | K12: 44449.34 | N12: 149.7 | O12: 149.7 | P12: 948.3 | Q12: 16717.1 | R12: 22755 | S12: 23303.9 | T12: 23553.4 | U12: 23553.4 | V12: 25000.5 | W12: 38922.79 | X12: 45510.87 | Y12: 45959.97
A13: 129.20 | B13: 210.20+220.20 | C13: Einnahmen aus Veranst. FSR KSW | D13: 1500 | E13: 318 | F13: 1500 | G13: 11776 | H13: 2690 | I13: 9010 | J13: 3500 | K13: 2595 | N13: 870 | O13: 1080 | P13: 1095 | Q13: 1095 | R13: 1095 | S13: 1095 | T13: 1245 | U13: 1245 | V13: 1245 | W13: 1200 | X13: 1200 | Y13: 1200
A14: 129.30 | B14: 210.50+220.50 | C14: Einnahmen aus Veranst. FSR M+I | D14: 4500 | E14: 2550 | F14: 4500 | G14: 19572.5 | H14: 7685 | I14: 15500 | J14: 9000 | K14: 7230 | N14: 0 | O14: 2530 | P14: 3430 | Q14: 3730 | R14: 5730 | S14: 6525 | T14: 8285 | U14: 8175 | V14: 8285 | W14: 8285 | X14: 9685 | Y14: 11385
A15: 129.40 | B15: 210.40+220.40 | C15: Einnahmen aus Veranst. FSR ReWi | D15: 32000 | E15: 24965 | F15: 32000 | G15: 29578 | H15: 23885 | I15: 23500 | J15: 25000 | K15: 28160 | N15: 1850 | O15: 2600 | P15: 2550 | Q15: 6250 | R15: 14400 | S15: 15350 | T15: 15750 | U15: 15800 | V15: 15650 | W15: 23700 | X15: 26950 | Y15: 26800
A16: 129.50 | C16: Einnahmen aus Veranst.Interessengruppen | D16: 0 | E16: 0 | F16: 0 | G16: 0 | H16: 0 | I16: 0 | J16: 0 | K16: 0 | N16: 0 | O16: 0 | P16: 0 | Q16: 0 | R16: 0 | S16: 0 | T16: 0 | U16: 0 | V16: 0 | W16: 0 | X16: 0 | Y16: 0
A17: 129.60 | B17: 210.30+220.30 | C17: Einnahmen aus Veranst. FSR Pych | D17: 24000 | E17: 23964 | F17: 24000 | G17: 29222 | H17: 0 | I17: 24000 | J17: 0 | K17: 0 | N17: 0 | O17: 0 | P17: 0 | Q17: 0 | R17: 0 | S17: 0 | T17: 0 | U17: 0 | V17: 0 | W17: 0 | X17: 0 | Y17: 0
A18: 129.70 | B18: 129.10+129.20 | C18: Einnahmen aus sonst.AStA-Veranst. | D18: 2500 | E18: 0 | F18: 2500 | G18: 10250 | H18: 800 | I18: =2500+225 -> 2725 | J18: 2500 | K18: 2161.2 | N18: 0 | O18: 0 | P18: 0 | Q18: 0 | R18: 0 | S18: 323.05 | T18: 507.65 | U18: 507.65 | V18: 507.65 | W18: 553.8 | X18: 553.8 | Y18: 553.8
A19: 129.80 | B19: 140.40+129.70+129.80+129.90 | C19: Einnahmen aus Veranst.Inklusion+Gleichst. | D19: 14500 | E19: 0 | F19: 14500 | G19: 10800 | H19: 0 | I19: =9176.25+70.31 -> 9246.56 | J19: 5000 | K19: 0 | N19: 0 | O19: 0 | P19: 0 | Q19: 0 | R19: 0 | S19: 0 | T19: 0 | U19: 0 | V19: 0 | W19: 0 | X19: 0 | Y19: 0
A20: 129.90 | B20: 140.20+129.70+129.80+.129.90 | C20: Einnahmen aus Veranst. Hopo | D20: 10000 | E20: 0 | F20: 10000 | G20: 6300 | H20: 0 | I20: =0+154.69 -> 154.69 | J20: 0 | K20: 0 | N20: 0 | O20: 0 | P20: 0 | Q20: 0 | R20: 0 | S20: 0 | T20: 0 | U20: 0 | V20: 0 | W20: 0 | X20: 0 | Y20: 0
A21: 162.00 | B21: 119.30 | C21: Zinsen privatrechtll.Unternehmen | D21: 0 | E21: 0 | F21: 0 | G21: 0 | H21: 0 | I21: 500 | J21: 0 | K21: 0 | N21: 0 | O21: 0 | P21: 0 | Q21: 0 | R21: 0 | S21: 0 | T21: 0 | U21: 0 | V21: 0 | W21: 0 | X21: 0 | Y21: 0
A22: 182.00 | B22: 182.10+182.20 | C22: Darlehensrückflüsse Studierende | D22: 7000 | E22: 6229.55 | F22: 7000 | G22: 3600 | H22: 5262 | I22: 5000 | J22: 3000 | K22: 2715.99 | N22: 184 | O22: 311 | P22: 458 | Q22: 585 | R22: 1957 | S22: 2284 | T22: 2796 | U22: 2796 | V22: 3093 | W22: 3370 | X22: 5584 | Y22: 5784
C23: SUMME PLAN 1 | D23: =SUM(D7:D22) -> 125000 | E23: =SUM(E7:E22) -> 101836.55 | F23: =SUM(F7:F22) -> 125000 | G23: =SUM(G7:G22) -> 179479.5 | H23: =SUM(H7:H22) -> 81782.37 | I23: =SUM(I7:I22) -> 139786.25 | J23: =SUM(J7:J22) -> 95150 | K23: =SUM(K7:K22) -> 87680.53 | N23: =SUM(N7:N22) -> 3127.7 | O23: =SUM(O7:O22) -> 6601.7 | P23: =SUM(P7:P22) -> 9612.3 | Q23: =SUM(Q7:Q22) -> 29508.1 | R23: =SUM(R7:R22) -> 47068 | S23: =SUM(S7:S22) -> 50011.95 | T23: =SUM(T7:T22) -> 53268.05 | U23: =SUM(U7:U22) -> 53323.05 | ... Y23: =SUM(Y7:Y22) -> 92813.77
A24: 341.00 | B24: 111.10+111.20 | C24: Studierendenschaftsbeiträge | D24: 560000 | E24: 578722.64 | F24: 560000 | G24: 1044000 | H24: 1066613.7 | I24: 752600 | J24: =523021.18+530000 -> 1053021.2 | K24: 1047303.2 | N24: 155566.46 | O24: 460808.55 | P24: 511610.66 | Q24: 511882.66 | R24: 520532.16 | S24: 525362.2 | T24: 527548.85 | U24: 527548.85 | V24: 528880.85 | W24: 529743.85 | X24: 529743.85 | Y24: 530792.35
A25: 352.00 | B25: 352.10 | C25: Entnahme aus der Allg. Rücklage | D25: 0 | E25: 0 | F25: 0 | G25: 60000 | H25: 0 | I25: 0 | J25: 0 | K25: 0 | N25: 0 | O25: 0 | P25: 0 | Q25: 0 | R25: 0 | S25: 0 | T25: 0 | U25: 0 | V25: 0 | W25: 0 | X25: 0 | Y25: 0
A26: 353.00 | B26: 352.20 | C26: Entnahme aus der Sonderrücklage | D26: 195000 | E26: 195000 | F26: 195000 | G26: 0 | H26: 0 | I26: 0 | J26: 0 | K26: 0 | N26: 0 | O26: 0 | P26: 0 | Q26: 0 | R26: 0 | S26: 0 | T26: 0 | U26: 0 | V26: 0 | W26: 0 | X26: 0 | Y26: 0
A27: 360.00 | B27: 360.10 | C27: Überschuss des Vorjahres | D27: 600000 | E27: 625360.34 | F27: 600000 | G27: 285497.78 | H27: 285497.78 | I27: 689841.07 | J27: 689481.07 | K27: 689481.07 | N27: 807785.14 | O27: 807785.14 | P27: 807785.14 | Q27: 807785.14 | R27: 807785.14 | S27: 807785.14 | T27: 807785.14 | U27: 807785.14 | V27: 807785.14 | W27: 807785.14 | X27: 807785.14 | Y27: 807785.14
C28: SUMME PLAN 3 | D28: =SUM(D24:D27) -> 1355000 | E28: =SUM(E24:E27) -> 1399083 | F28: =SUM(F24:F27) -> 1355000 | G28: =SUM(G24:G27) -> 1389497.8 | H28: =SUM(H24:H27) -> 1352111.5 | I28: =SUM(I24:I27) -> 1442441.1 | J28: =SUM(J24:J27) -> 1742502.2 | K28: =SUM(K24:K27) -> 1736784.3 | N28: =SUM(N24:N27) -> 963351.6 | O28: =SUM(O24:O27) -> 1268593.7 | P28: =SUM(P24:P27) -> 1319395.8 | Q28: =SUM(Q24:Q27) -> 1319667.8 | R28: =SUM(R24:R27) -> 1328317.3 | S28: =SUM(S24:S27) -> 1333147.3 | T28: =SUM(T24:T27) -> 1335334 | U28: =SUM(U24:U27) -> 1335334 | ... Y28: =SUM(Y24:Y27) -> 1338577.5
C30: SUMME Einnahmen | D30: =D23+D28 -> 1480000 | E30: =E23+E28 -> 1500919.5 | F30: =F23+F28 -> 1480000 | G30: =G23+G28 -> 1568977.3 | H30: =H23+H28 -> 1433893.8 | I30: =I23+I28 -> 1582227.3 | J30: =J23+J28 -> 1837652.2 | K30: =K23+K28 -> 1824464.8 | N30: =N23+N28 -> 966479.3 | O30: =O23+O28 -> 1275195.4 | P30: =P23+P28 -> 1329008.1 | Q30: =Q23+Q28 -> 1349175.9 | R30: =R23+R28 -> 1375385.3 | S30: =S23+S28 -> 1383159.3 | T30: =T23+T28 -> 1388602 | U30: =U23+U28 -> 1388657 | ... Y30: =Y23+Y28 -> 1431391.3
A31: Ausgaben
A32: 412.10 | B32: 425.30 | C32: Sachkostenpauschale AStA | D32: 25000 | E32: 26775 | F32: 25000 | G32: 27000 | H32: 26512.5 | I32: 27000 | J32: 27000 | K32: 25200 | N32: 2100 | O32: 4025 | P32: 5950 | Q32: 7875 | R32: 9800 | S32: 11725 | T32: 15225 | U32: 15225 | V32: 16975 | W32: 18725 | X32: 20475 | Y32: 22225
A33: 412.20 | B33: 412.10+412.20 | C33: Aufwandsentsch. SP | D33: 30000 | E33: 15180 | F33: 30000 | G33: 30526 | H33: 15155 | I33: 26800 | J33: 20000 | K33: 16365 | N33: 1015 | O33: 2265 | P33: 2905 | Q33: 3665 | R33: 5200 | S33: 6400 | T33: 8650 | U33: 8715 | V33: 10025 | W33: 11145 | X33: 11940 | Y33: 13885
A34: 412.30 | B34: 412.30 | C34: AE Mitglieder FernUni - Gremien | D34: 25000 | E34: 19640 | F34: 25000 | G34: 25000 | H34: 17870 | I34: 25000 | J34: 28000 | K34: 25880 | N34: 1350 | O34: 2230 | P34: 4460 | Q34: 7830 | R34: 8200 | S34: 10440 | T34: 13910 | U34: 13950 | V34: 16950 | W34: 18620 | X34: 19290 | Y34: 21080
A35: 412.40 | B35: 412.50+412.40 | C35: Aufwandsentsch. AStA-Gäste | D35: 500 | E35: 180 | F35: 500 | G35: 333 | H35: 272 | I35: 2566.66 | J35: 500 | K35: 775 | N35: 0 | O35: 0 | P35: 0 | Q35: 0 | R35: 0 | S35: 130 | T35: 545 | U35: 545 | V35: 625 | W35: 625 | X35: 625 | Y35: 665
A36: 412.50 | B36: 412.10+412.20 | C36: Aufwandsentsch. SP - Ausschüsse | D36: 13500 | E36: 10765 | F36: 13500 | G36: 26164 | H36: 8638 | I36: 25200 | J36: 17000 | K36: 6865 | N36: 515 | O36: 885 | P36: 2077 | Q36: 2557 | R36: 3187 | S36: 4007 | T36: 6120 | U36: 6145 | V36: 6730 | W36: 7470 | X36: 7950 | Y36: 8430
A37: 412.60 | B37: 412.50+412.40 | C37: Aufwandsentsch. AStA-PG | D37: 300 | E37: 0 | F37: 300 | G37: 333 | H37: 0 | I37: 2566.67 | J37: 500 | K37: 0 | N37: 0 | O37: 0 | P37: 0 | Q37: 0 | R37: 0 | S37: 0 | T37: 0 | U37: 0 | V37: 0 | W37: 0 | X37: 0 | Y37: 0
A38: 425.0 | C38: Personalkosten + AStA-Referate
A39: 425.1 | C39: Bezüge AStA-Referate
A40: 425.11 | B40: 425.10 | C40: Vergütung AStA-Referate | D40: 63000 | E40: 68187 | F40: 63000 | G40: 70000 | H40: 66757.8 | I40: 70000 | J40: 70000 | K40: 63244.8 | N40: 5270.4 | O40: 10107 | P40: 14943.6 | Q40: 19780.2 | R40: 24616.8 | S40: 29453.4 | T40: 38259 | U40: 38259 | V40: 42661.8 | W40: 47064.6 | X40: 51467.4 | Y40: 55870.2
A41: 425.12 | B41: 425.20 | C41: Beiträge Bundesknappschaft | D41: 19000 | E41: 21331.89 | F41: 19000 | G41: 18000 | H41: 19458.6 | I41: 18000 | J41: 18000 | K41: 18342.72 | N41: 1528.56 | O41: 2904.84 | P41: 4281.12 | Q41: 5656.41 | R41: 7031.7 | S41: 8406.99 | T41: 9630.09 | U41: 10853.19 | V41: 12076.29 | W41: 13299.39 | X41: 14522.49 | Y41: 15745.59
A42: 425.13 | B42: 430.40 | C42: sonst. Erstatt. AStA Referate | D42: 200 | E42: 0 | F42: 200 | G42: 140 | H42: 0 | I42: 140 | J42: 40 | K42: 0 | N42: 0 | O42: 0 | P42: 0 | Q42: 0 | R42: 0 | S42: 0 | T42: 0 | U42: 0 | V42: 0 | W42: 0 | X42: 0 | Y42: 0
A43: 425.14 | B43: 425.40 | C43: VBG Unfallversicherung AStA | D43: 185 | E43: 191.51 | F43: 185 | G43: 200 | H43: 225.3 | I43: 200 | J43: 228.62 | K43: 228.62 | N43: 0 | O43: 0 | P43: 0 | Q43: 0 | R43: 0 | S43: 0 | T43: 184.99 | U43: 184.99 | V43: 184.99 | W43: 184.99 | X43: 184.99 | Y43: 184.99
A44: 425.2 | C44: Personalkosten Büro
A45: 425.21 | B45: 425.10+427.10 | C45: Gehälter Büro netto | D45: 92500 | E45: 90530.79 | F45: 92500 | G45: 102000 | H45: 93878.16 | I45: 118000 | J45: 118000 | K45: 109366.09 | N45: 8455.43 | O45: 21622.53 | P45: 30090.79 | Q45: 38435.17 | R45: 47235.07 | S45: 56000.72 | T45: 73532.02 | U45: 73528.49 | V45: 82290.61 | W45: 91052.73 | X45: 99814.85 | Y45: 108576.97
A46: 425.22 | B46: 428.20 | C46: Lohnsteuer/Steuerabzüge Personal | D46: 26000 | E46: 20905.61 | F46: 26000 | G46: 28000 | H46: 25672.59 | I46: 26000 | J46: 32000 | K46: 30289.4 | N46: 2238.49 | O46: 9728.62 | P46: 11998.13 | Q46: 14387.95 | R46: 16931.51 | S46: 19509.32 | T46: 22087.13 | U46: 24662.61 | V46: 27238.09 | W46: 29813.57 | X46: 32389.05 | Y46: 34964.53
A47: 425.23 | B47: 428.30 | C47: Sozialversicherung | D47: 73000 | E47: 63085.8 | F47: 73000 | G47: 75000 | H47: 64594.26 | I47: 77000 | J47: 74000 | K47: 72516.45 | N47: 5734.95 | O47: 16122.44 | P47: 22179.82 | Q47: 28412.45 | R47: 34941.72 | S47: 41470.99 | T47: 48000.26 | U47: 54541.25 | V47: 61082.24 | W47: 67623.23 | X47: 74164.22 | Y47: 80705.21
A48: 425.24 | B48: 428.40 | C48: Zusatzversorgung VBL | D48: 14500 | E48: 12261.25 | F48: 14500 | G48: 15000 | H48: 11668.73 | I48: 15000 | J48: 12500 | K48: 12339.4 | N48: 975.79 | O48: 2723.95 | P48: 3746.6 | Q48: 4772.03 | R48: 5853.86 | S48: 6935.69 | T48: 8017.52 | U48: 9099.35 | V48: 10181.18 | W48: 11263.01 | X48: 12344.84 | Y48: 13426.67
A49: 425.25 | B49: 430.40 | C49: sonst. Erstatt. Personal | D49: 200 | E49: 0 | F49: 200 | G49: 140 | H49: 0 | I49: 140 | J49: 40 | K49: 0 | N49: 0 | O49: 0 | P49: 0 | Q49: 0 | R49: 0 | S49: 0 | T49: 0 | U49: 0 | V49: 0 | W49: 0 | X49: 12 | Y49: 12
A50: 425.26 | B50: 428.50 | C50: VBG Unfallversicherung Büro | D50: 500 | E50: 457.09 | F50: 500 | G50: 495 | H50: 471.7 | I50: 495 | J50: 584.96 | K50: 584.96 | N50: 0 | O50: 0 | P50: 0 | Q50: 0 | R50: 0 | S50: 0 | T50: 514.06 | U50: 514.06 | V50: 514.06 | W50: 514.06 | X50: 514.06 | Y50: 514.06
A51: 427.0 | C51: Geringfügig Beschäftigte
A52: 427.10 | B52: 428.10 | C52: Gehalt geringf.Beschäftigte | D52: 0 | E52: 0 | F52: 0 | G52: 0 | H52: 0 | I52: 0 | J52: 0 | K52: 0 | N52: 0 | O52: 0 | P52: 0 | Q52: 0 | R52: 0 | S52: 0 | T52: 0 | U52: 0 | V52: 0 | W52: 0 | X52: 0 | Y52: 0
A53: 427.20 | B53: 428.30 | C53: Bundesknappschaft | D53: 0 | E53: 0 | F53: 0 | G53: 0 | H53: 0 | I53: 0 | J53: 0 | K53: 0 | N53: 0 | O53: 0 | P53: 0 | Q53: 0 | R53: 0 | S53: 0 | T53: 0 | U53: 0 | V53: 0 | W53: 0 | X53: 0 | Y53: 0
A54: 428.00 | C54: Verfügungsmittel Personalrat | D54: 0 | E54: 0 | F54: 0 | G54: 0 | H54: 0 | I54: 0 | J54: 0 | K54: 0 | N54: 0 | O54: 0 | P54: 0 | Q54: 0 | R54: 0 | S54: 0 | T54: 0 | U54: 0 | V54: 0 | W54: 0 | X54: 0 | Y54: 0
C55: SUMME PLAN 4 | D55: =SUM(D32:D54) -> 383385 | E55: =SUM(E32:E54) -> 349490.94 | F55: =SUM(F32:F54) -> 383385 | G55: =SUM(G32:G54) -> 418331 | H55: =SUM(H32:H54) -> 351174.64 | I55: =SUM(I32:I54) -> 434108.33 | J55: =SUM(J32:J54) -> 418393.58 | K55: =SUM(K32:K54) -> 381997.44 | N55: =SUM(N32:N54) -> 29183.62 | O55: =SUM(O32:O54) -> 72614.38 | P55: =SUM(P32:P54) -> 102632.06 | Q55: =SUM(Q32:Q54) -> 133371.21 | R55: =SUM(R32:R54) -> 162997.66 | S55: =SUM(S32:S54) -> 194479.11 | T55: =SUM(T32:T54) -> 244675.07 | U55: =SUM(U32:U54) -> 256222.94 | ... Y55: =SUM(Y32:Y54) -> 376285.22
A56: 511.0 | C56: Allgem. Geschäftsbedarf
A57: 511.10 | B57: 511.20 | C57: Bürobedarf | D57: 300 | E57: 73.26 | F57: 300 | G57: 500 | H57: 279.81 | I57: 750 | J57: 750 | K57: 193.8 | N57: 0 | O57: 2.28 | P57: 2.28 | Q57: 12.26 | R57: 12.26 | S57: 12.26 | T57: 17.25 | U57: 17.25 | V57: 17.25 | W57: 17.25 | X57: 17.25 | Y57: 17.25
A58: 511.11 | B58: 511.40 | C58: Kontoführung | D58: 600 | E58: 1915.76 | F58: 600 | G58: 1200 | H58: 672.6 | I58: 800 | J58: 700 | K58: 675 | N58: 49.9 | O58: 349.8 | P58: 404.7 | Q58: 489.8 | R58: 566.7 | S58: 624.7 | T58: 679.6 | U58: 734.5 | V58: 789.4 | W58: 876 | X58: 942.6 | Y58: 1000.8
A59: 511.12 | B59: 511.10 | C59: GEZ | D59: 75 | E59: 74.02 | F59: 75 | G59: 500 | H59: 73.44 | I59: 750 | J59: 750 | K59: 73.44 | N59: 0 | O59: 18.36 | P59: 18.36 | Q59: 18.36 | R59: 36.72 | S59: 36.72 | T59: 36.72 | U59: 55.08 | V59: 55.08 | W59: 55.08 | X59: 73.44 | Y59: 73.44
A60: 511.13 | B60: 511.80 | C60: Publikationen | D60: 0 | E60: 0 | F60: 0 | G60: 50 | H60: 0 | I60: 150 | J60: 150 | K60: 0 | N60: 0 | O60: 0 | P60: 0 | Q60: 0 | R60: 0 | S60: 0 | T60: 0 | U60: 0 | V60: 0 | W60: 0 | X60: 0 | Y60: 0
A61: 511.14 | B61: 511.10 | C61: sonst. Geschäftsbedarf | D61: 1000 | E61: 388.44 | F61: 1000 | G61: 1400 | H61: 1354.96 | I61: 750 | J61: 750 | K61: 720.51 | N61: 445.53 | O61: 630.28 | P61: 9588.83 | Q61: 10992.71 | R61: 12335.95 | S61: 19373.19 | T61: 22059.67 | U61: 22059.67 | V61: 23402.91 | W61: 25147.09 | X61: 26490.33 | Y61: 29817.11
A62: 511.15 | B62: 511.20 | C62: Verbrauchsmat.Kopierer+Drucker | D62: 250 | E62: 249.58 | F62: 250 | G62: 500 | H62: 651.98 | I62: 750 | J62: 750 | K62: 237.8 | N62: 41.95 | O62: 155.84 | P62: 155.84 | Q62: 197.79 | R62: 197.79 | S62: 239.74 | T62: 239.74 | U62: 239.74 | V62: 239.74 | W62: 283.64 | X62: 471.64 | Y62: 515.54
A63: 511.16 | B63: 511.80 | C63: Bücher, Zeitschriften | D63: 100 | E63: 0 | F63: 100 | G63: 50 | H63: 111.45 | I63: 150 | J63: 150 | K63: 172.25 | N63: 0 | O63: 0 | P63: 0 | Q63: 0 | R63: 0 | S63: 0 | T63: 0 | U63: 0 | V63: 21.55 | W63: 21.55 | X63: 21.55 | Y63: 21.55
A64: 511.17 | B64: 511.30 | C64: Briefporto | D64: 350 | E64: 332.2 | F64: 350 | G64: 602.28 | H64: 267.55 | I64: 535 | J64: 300 | K64: 119.05 | N64: 10.49 | O64: 10.49 | P64: 95.49 | Q64: 95.49 | R64: 95.49 | S64: 256.15 | T64: 256.15 | U64: 256.15 | V64: 256.15 | W64: 256.15 | X64: 256.15 | Y64: 256.15
A65: 511.4 | C65: Geschäftsbedarf IT/Telefon
A66: 511.41 | B66: 511.60 | C66: Telefongebühren | D66: 300 | E66: 166.95 | F66: 300 | G66: 400 | H66: 120.79 | I66: 400 | J66: 350 | K66: 176.18 | N66: 216.76 | O66: 384.4 | P66: 543.1 | Q66: 725.83 | R66: 930.78 | S66: 1111.58 | T66: 1294.07 | U66: 1478.91 | V66: 1649.5 | W66: 1818.46 | X66: 2009.53 | Y66: 2178.94
A67: 511.42 | B67: 511.60 | C67: Internet | D67: 400 | E67: 481.83 | F67: 400 | G67: 400 | H67: 571.08 | I67: 400 | J67: 350 | K67: 571.08 | N67: 47.59 | O67: 95.18 | P67: 142.77 | Q67: 190.36 | R67: 237.95 | S67: 285.54 | T67: 380.72 | U67: 380.72 | V67: 428.31 | W67: 475.9 | X67: 523.49 | Y67: 571.08
A68: 511.43 | B68: 511.90 | C68: Hosting | D68: 500 | E68: 711.24 | F68: 500 | G68: 4770 | H68: 716.99 | I68: 4470 | J68: 4470 | K68: 661.11 | N68: 48.27 | O68: 108.42 | P68: 595.93 | Q68: 1083.44 | R68: 1570.95 | S68: 2121.66 | T68: 3062.02 | U68: 3110.64 | V68: 3617.51 | W68: 4112.5 | X68: 4607.49 | Y68: 5159.2
A69: 511.44 | B69: 511.70 | C69: Sonstiges | D69: 3500 | E69: 2552.97 | F69: 3500 | G69: 4080 | H69: 3744.7 | I69: 5300 | J69: 5000 | K69: 4126.5 | N69: 877.91 | O69: 1439.81 | P69: 1963.73 | Q69: 2487.65 | R69: 3011.57 | S69: 3535.49 | T69: 4583.33 | U69: 4583.33 | V69: 5107.25 | W69: 5631.17 | X69: 6155.09 | Y69: 7656.52
A70: 511.5 | C70: Geräte,Ausstattung,Ausrüstung
A71: 511.51 | B71: 512.20 | C71: IT | D71: 500 | E71: 2053.25 | F71: 500 | G71: 5500 | H71: 2562.21 | I71: 5500 | J71: 12000 | K71: 1020.6 | N71: 261.9 | O71: 1988.64 | P71: 4401.41 | Q71: 4939.11 | R71: 5075.1 | S71: 5075.1 | T71: 5122.27 | U71: 5122.27 | V71: 5122.27 | W71: 5251.15 | X71: 5380.15 | Y71: 5729.56
A72: 511.52 | B72: 512.10 | C72: Büroausstattung/Büromöbel | D72: 500 | E72: 0 | F72: 500 | G72: 6000 | H72: 0 | I72: 4000 | J72: 6000 | K72: 8159.85 | N72: 0 | O72: 904.36 | P72: 904.36 | Q72: 2506.72 | R72: 2506.72 | S72: 2506.72 | T72: 2506.72 | U72: 2506.72 | V72: 2506.72 | W72: 2506.72 | X72: 2506.72 | Y72: 2506.72
A73: 511.53 | B73: 512.10 | C73: sonstige Ausstattung | D73: 200 | E73: 0 | F73: 200 | G73: 1000 | H73: 0 | I73: 4000 | J73: 6000 | K73: 1221.96 | N73: 0 | O73: 0 | P73: 0 | Q73: 0 | R73: 0 | S73: 0 | T73: 0 | U73: 0 | V73: 0 | W73: 0 | X73: 0 | Y73: 0
A74: 511.6 | C74: EDV-Arbeiten / externe Dienstleist.
A75: 511.61 | B75: 511.90+560.30 | C75: IT + IT-Miete | D75: 14000 | E75: 14427.94 | F75: 14000 | G75: 14430 | H75: 13626.47 | I75: =51322.8+2980 -> 54302.8 | J75: 14980 | K75: 15602.01 | N75: 1699.88 | O75: 2101.93 | P75: 2696.93 | Q75: 3589.43 | R75: 3812.56 | S75: 4035.69 | T75: 4667.88 | U75: 4667.88 | V75: 6188.5 | W75: 6932.25 | X75: 7341.31 | Y75: 9535.37
A76: 511.62 | B76: 512.40 | C76: Kleinreparaturen u.Instandhalt. | D76: 500 | E76: 125.85 | F76: 500 | G76: 500 | H76: 209.75 | I76: 500 | J76: 2000 | K76: 2659.36 | N76: 41.95 | O76: 41.95 | P76: 41.95 | Q76: 83.9 | R76: 420.27 | S76: 462.22 | T76: 462.22 | U76: 462.22 | V76: 462.22 | W76: 506.13 | X76: 506.13 | Y76: 550.04
A77: 511.63 | B77: 560.30+560.40 | C77: sonst. Dienstleistungen | D77: 500 | E77: 207.16 | F77: 500 | G77: 8000 | H77: 394.4 | I77: =34215.2+55000 -> 89215.2 | J77: 8000 | K77: 2321.97 | N77: 3461.71 | O77: 5220.11 | P77: 5277.86 | Q77: 5606.66 | R77: 5803.01 | S77: 6048.03 | T77: 8129.77 | U77: 8169.6 | V77: 8367.53 | W77: 10020.02 | X77: 10433.07 | Y77: 10869.33
A78: 517.2 | C78: Ausgaben für Versicherung
A79: 517.21 | B79: 511.10 | C79: Allianz Vers. Betriebshaftpflicht | D79: 500 | E79: 490.89 | F79: 500 | G79: 500 | H79: 490.89 | I79: 750 | J79: 750 | K79: 515.41 | N79: 0 | O79: 0 | P79: 515.41 | Q79: 515.41 | R79: 515.41 | S79: 515.41 | T79: 515.41 | U79: 515.41 | V79: 515.41 | W79: 515.41 | X79: 515.41 | Y79: 515.41
A80: 517.22 | B80: 511.10 | C80: sonst. Versicherungen | D80: 35 | E80: 0 | F80: 35 | G80: 500 | H80: 0 | I80: 750 | J80: 750 | K80: 0 | N80: 0 | O80: 0 | P80: 0 | Q80: 0 | R80: 0 | S80: 0 | T80: 0 | U80: 0 | V80: 0 | W80: 0 | X80: 0 | Y80: 0
A81: 525.0 | C81: Qualifizierungsmaßnahmen
A82: 525.10 | B82: 430.10 | C82: Qualifizierung Büro | D82: 1500 | E82: 0 | F82: 1500 | G82: 1500 | H82: 150.31 | I82: 1500 | J82: 3000 | K82: 0 | N82: 0 | O82: 0 | P82: 0 | Q82: 0 | R82: 0 | S82: 54.54 | T82: 54.54 | U82: 54.54 | V82: 54.54 | W82: 54.54 | X82: 54.54 | Y82: 54.54
A83: 525.20 | B83: 430.30 | C83: Qualifizierung Stupa, Ausschüsse | D83: 1500 | E83: 0 | F83: 1500 | G83: 1000 | H83: 0 | I83: 1500 | J83: 500 | K83: 0 | N83: 0 | O83: 0 | P83: 0 | Q83: 0 | R83: 0 | S83: 0 | T83: 0 | U83: 0 | V83: 0 | W83: 0 | X83: 0 | Y83: 0
A84: 525.30 | B84: 430.20 | C84: Qualifizierung AStA | D84: 1000 | E84: 199 | F84: 1000 | G84: 1500 | H84: 487.47 | I84: 1000 | J84: 1000 | K84: 215 | N84: 0 | O84: 0 | P84: 144 | Q84: 144 | R84: 144 | S84: 144 | T84: 144 | U84: 144 | V84: 144 | W84: 144 | X84: 144 | Y84: 144
A85: 526.0 | C85: Rechtsstreitigkeiten+ext.Beratungen
A86: 526.10 | B86: 560.50+560.80+560.60+560.40 | C86: Rechtsanwalts-,Verfahrens- u.Gerichtskosten | D86: 10000 | E86: 7761.38 | F86: 10000 | G86: 34000 | H86: 23311.86 | I86: 75000 | J86: 8500 | K86: 8300 | N86: 0 | O86: 136.85 | P86: 303.45 | Q86: 303.45 | R86: 702.1 | S86: 881.1 | T86: 2382.33 | U86: 3358.13 | V86: 3358.13 | W86: 3358.13 | X86: 9819.83 | Y86: 10266.08
A87: 526.20 | B87: 560.10 | C87: Steuerberatung u.Lohnbuchführung | D87: 5000 | E87: 3663.15 | F87: 5000 | G87: 5000 | H87: 4416.15 | I87: 5000 | J87: 3200 | K87: 2707.25 | N87: 662.83 | O87: 1812.37 | P87: 2456.16 | Q87: 2456.16 | R87: 2938.12 | S87: 3179.1 | T87: 4074.58 | U87: 4315.56 | V87: 4540.47 | W87: 4540.47 | X87: 4990.29 | Y87: 5215.2
A88: 526.30 | B88: 560.20 | C88: sonst. Beratungen | D88: 500 | E88: 1517.25 | F88: 500 | G88: =24000+2500 -> 26500 | H88: 1561.88 | I88: 2000 | J88: 2000 | K88: 1071 | N88: 0 | O88: 0 | P88: 0 | Q88: 0 | R88: 0 | S88: 0 | T88: 0 | U88: 0 | V88: 0 | W88: 0 | X88: 0 | Y88: 0
A89: 527.0 | C89: Reisekosten
A90: 527.1 | C90: Reisekosten AStA-Büro
A91: 527.11 | B91: 430.40 | C91: Fahrtkosten+Verpf. AStA-Büro | D91: 300 | E91: 0 | F91: 300 | G91: 140 | H91: 66.4 | I91: 140 | J91: 40 | K91: 22.2 | N91: 0 | O91: 0 | P91: 0 | Q91: 0 | R91: 0 | S91: 0 | T91: 0 | U91: 0 | V91: 36.6 | W91: 36.6 | X91: 36.6 | Y91: 36.6
A92: 527.12 | B92: 430.40 | C92: Raumkosten+sonst. Kosten AStA-Büro | D92: 0 | E92: 0 | F92: 0 | G92: 140 | H92: 0 | I92: 140 | J92: 40 | K92: 0 | N92: 0 | O92: 0 | P92: 0 | Q92: 0 | R92: 0 | S92: 0 | T92: 0 | U92: 0 | V92: 0 | W92: 0 | X92: 0 | Y92: 0
A93: 527.13 | B93: 430.40 | C93: Unterkunftskosten AStA-Büro | D93: 100 | E93: 0 | F93: 100 | G93: 140 | H93: 0 | I93: 140 | J93: 40 | K93: 20 | N93: 0 | O93: 0 | P93: 0 | Q93: 0 | R93: 0 | S93: 0 | T93: 0 | U93: 0 | V93: 0 | W93: 0 | X93: 0 | Y93: 0
A94: 527.2 | C94: Reisekosten SP+Ausschüsse+Sonstige
A95: 527.21 | B95: 527.20 | C95: Fahrtkost.+Verpfl. SP | D95: 25000 | E95: 6559.06 | F95: 25000 | G95: 24500 | H95: 12104.64 | I95: 10666.67 | J95: 8333.33 | K95: 14112.86 | N95: 1796.77 | O95: 3272.38 | P95: 4070.1 | Q95: 4192.46 | R95: 6394.15 | S95: 7533.09 | T95: 9060.35 | U95: 9254.2 | V95: 10535.25 | W95: 11537.94 | X95: 12000.69 | Y95: 13218.21
A96: 527.22 | B96: 529.20 | C96: Raumkosten + sonst. Kosten SP | D96: 2500 | E96: 1542.54 | F96: 2500 | G96: 2170 | H96: 0 | I96: 2500 | J96: 2583.33 | K96: 150 | O96: 0 | P96: 0 | Q96: 0 | R96: 0 | S96: 0 | T96: 0 | U96: 0 | V96: 0 | W96: 0 | X96: 0 | Y96: 0
A97: 527.23 | B97: 529.20 | C97: Unterkunftskosten SP | D97: 6000 | E97: 2905.03 | F97: 6000 | G97: 2170 | H97: 6805.5 | I97: 2500 | J97: 2853.33 | K97: 11082.02 | N97: 0 | O97: 1238.23 | P97: 1238.23 | Q97: 1238.23 | R97: 3633.73 | S97: 3796.93 | T97: 3796.93 | U97: 3796.93 | V97: 4056.93 | W97: 5829.73 | X97: 7302.53 | Y97: 7302.53
A98: 527.24 | B98: 527.20 | C98: Fahrtk.+Verpfl. SP Ausschüsse | D98: 7000 | E98: 3180.51 | F98: 7000 | G98: 5000 | H98: 3969.61 | I98: 10666.67 | J98: 8333.33 | K98: 3441 | N98: 1145.57 | O98: 1421.66 | P98: 1469.66 | Q98: 1469.66 | R98: 1525.16 | S98: 1842.39 | T98: 2862.28 | U98: 2862.28 | V98: 2929.48 | W98: 3103.48 | X98: 3103.48 | Y98: 3130.14
A99: 527.25 | B99: 529.20 | C99: Raumkosten+Sonst.Kosten SP Ausschüsse | D99: 500 | E99: 0 | F99: 500 | G99: 2170 | H99: 0 | I99: 2500 | J99: 2583.34 | K99: 0 | N99: 0 | O99: 0 | P99: 0 | Q99: 0 | R99: 0 | S99: 0 | T99: 0 | U99: 0 | V99: 0 | W99: 0 | X99: 0 | Y99: 0
A100: 527.26 | B100: 529.20 | C100: Unterkunftskosten SP Ausschüsse | D100: 1000 | E100: 360 | F100: 1000 | G100: 2170 | H100: 816 | I100: 2500 | J100: 2583.33 | K100: 674.29 | N100: 370.01 | O100: 542.27 | P100: 542.27 | Q100: 542.27 | R100: 849.47 | S100: 972.72 | T100: 1036.72 | U100: 1036.72 | V100: 1036.72 | W100: 1036.72 | X100: 1100.72 | Y100: 1164.72
A101: 527.27 | B101: 527.20 | C101: FK+Verpfl. SP AT + Sonstige | D101: 500 | E101: 482.45 | F101: 500 | G101: 500 | H101: 6 | I101: 10666.66 | J101: 8333.34 | K101: 322.2 | N101: 0 | O101: 0 | P101: 0 | Q101: 0 | R101: 0 | S101: 0 | T101: 0 | U101: 0 | V101: 0 | W101: 0 | X101: 0 | Y101: 0
...

Sheet Kommentar
A2: Umbuchung auf AStA-Beautragungen
A4: Guddas | B4: RKA 09.2023 | C4: Korrektur/Übertrag neuer HHP | F4: 412.50 | G4: -30
F5: 686.61 | G5: -290
F6: 686.62 | G6: -625.55
C8: 412.40 AStA-Beauftragungen | F8: 412.40 | G8: 320
C9: 527.51 RK+Verpfl. AStA-Gäste | F9: 527.51 | G9: 625.55
A13: Guddas | B13: RKA 10.2023 | C13: Korrektur/Übertrag neuer HHP | F13: 686.61 | G13: -80
F14: 686.62 | G14: -236.3
F16: 527.51 | G16: 236.3
F17: 412.40 | G17: 80
A20: Guddas | B20: RKA 03.2024 | C20: Korrektur/Übertrag neuer HHP | F20: 412.50 | G20: -340
F23: 412.40 | G23: 340
A28: Guddas | B28: RKA 04.2024 | C28: Korrektur/Übertrag neuer HHP | F28: 412.50 | G28: -40
F31: 412.40 | G31: 40

Sheet Fachschaften_Gesamt
D1: HHJ | E1: HHJ | F1: HHJ | G1: HHJ | H1: HHJ | I1: HHJ | J1: HHJ | K1: HHJ | L1: HHJ | M1: HHJ | N1: HHJ | O1: HHJ | P1: HHJ | Q1: HHJ | R1: HHJ | S1: HHJ | T1: HHJ | U1: HHJ | V1: HHJ | W1: HHJ
D2: 2022 / 2023 | E2: 2022 / 2023 | F2: 2023 / 2024 | G2: 2023 / 2024 | H2: 2023 / 2024 | I2: 2024 / 2025 | J2: 2024/2025 | K2: 2025 / 2026 | L2: 2025/2026 | M2: 2025/2026 | N2: 2025/2026 | O2: 2025/2026 | P2: 2025/2026 | Q2: 2025/2026 | R2: 2025/2026 | S2: 2025/2026 | T2: 2025/2026 | U2: 2025/2026 | V2: 2025/2026 | W2: 2025/2026
A3: Neu | B3: Alt | D3: Soll | E3: IST | F3: Soll | G3: Soll | H3: Ist | I3: Soll | J3: IST | K3: Soll | L3: IST | M3: IST | N3: IST | O3: IST | P3: IST | Q3: IST | R3: IST | S3: IST | T3: IST | U3: IST | V3: IST | W3: IST
A4: Stand | C4: Titelbezeichnung | D4: SP-Beschluss 17.12.22 | E4: 45199 | F4: SP-Beschluss 11.11.2023 | G4: NACHTRAG SP-Beschluss 10.08.2024 | H4: 45565 | I4: SP 07.09.2024 | J4: 45930 | K4: Entwurf | L4: 45961 | M4: 45991 | N4: 46022 | O4: 46053 | P4: 46081 | Q4: 46112 | R4: 46142 | S4: 46173 | T4: 46203 | U4: 46234 | V4: 46265 | W4: 46295
C5: Einnahmen aus Veranstaltungen
A6: 210.10 | B6: 129.10 | C6: Teilnahmebeiträge Seminare FS WiWi | D6: =Haushalt!G38 -> 56381 | E6: =HHJ_2024_2025!H12 -> 37655.37 | F6: =Haushalt!I38 -> 46150 | G6: =Haushalt!#REF! -> #REF! | H6: 44449.34 | I6: 48000 | J6: 45959.97 | K6: =Haushalt!N38 -> 45000 | L6: =Haushalt!O$38 -> 449.1 | M6: =Haushalt!P$38 -> 449.1 | N6: =Haushalt!Q$38 -> 499 | O6: =Haushalt!R$38 -> 14071.89 | P6: =Haushalt!S$38 -> 21357.48 | Q6: =Haushalt!T$38 -> 21307.48 | R6: =Haushalt!U$38 -> 21307.48 | S6: =Haushalt!V$38 -> 21307.48 | T6: =Haushalt!W$38 -> 21307.48 | U6: =Haushalt!#REF! -> #REF! | V6: =Haushalt!#REF! -> #REF! | W6: =Haushalt!#REF! -> #REF!
A7: 220.10 | C7: Teilnahmebeiträge Veranstaltungen FS WiWi | D7: =Haushalt!G45 -> 0 | F7: =Haushalt!I45 -> 0 | G7: =Haushalt!#REF! -> #REF! | K7: =Haushalt!N45 -> 0
A8: 230.10 | C8: Sonstige (Werbung, Förderung, Bewirtung) WiWi | D8: =Haushalt!G52 -> 0 | F8: =Haushalt!I52 -> 0 | G8: =Haushalt!#REF! -> #REF! | K8: =Haushalt!N52 -> 0
A9: 210.20 | B9: 129.20 | C9: Teilnahmebeiträge Seminare FS KSW | D9: =Haushalt!G39 -> 10576 | E9: =HHJ_2024_2025!H13 -> 2690 | F9: =Haushalt!I39 -> 8510 | G9: =Haushalt!#REF! -> #REF! | H9: 2595 | I9: 4500 | J9: 1200 | K9: =Haushalt!N39 -> 0 | L9: =Haushalt!O$39 -> 0 | M9: =Haushalt!P$39 -> 0 | N9: =Haushalt!Q$39 -> 0 | O9: =Haushalt!R$39 -> 0 | P9: =Haushalt!S$39 -> 0 | Q9: =Haushalt!T$39 -> 0 | R9: =Haushalt!U$39 -> 0 | S9: =Haushalt!V$39 -> 0 | T9: =Haushalt!W$39 -> 0 | U9: =Haushalt!#REF! -> #REF! | V9: =Haushalt!#REF! -> #REF! | W9: =Haushalt!#REF! -> #REF!
A10: 220.20 | C10: Teilnahmebeiträge Veranstaltungen FS KSW | D10: =Haushalt!G46 -> 1200 | F10: =Haushalt!I46 -> 500 | G10: =Haushalt!#REF! -> #REF! | K10: =Haushalt!N46 -> 0
A11: 230.20 | C11: Sonstige (Werbung, Förderung, Bewirtung) KSW | D11: =Haushalt!G53 -> 0 | F11: =Haushalt!I53 -> 0 | G11: =Haushalt!#REF! -> #REF! | K11: =Haushalt!N53 -> 0
A12: 210.30 | B12: 129.60 | C12: Teilnahmebeiträge Seminare FS Psy | D12: =Haushalt!G40 -> 29222 | E12: =HHJ_2024_2025!H17 -> 0 | F12: =Haushalt!I40 -> 24000 | G12: =Haushalt!#REF! -> #REF! | H12: 0 | I12: 4500 | J12: 0 | K12: =Haushalt!N40 -> 0 | L12: =Haushalt!O$40 -> 0 | M12: =Haushalt!P$40 -> 0 | N12: =Haushalt!Q$40 -> 0 | O12: =Haushalt!R$40 -> 0 | P12: =Haushalt!S$40 -> 0 | Q12: =Haushalt!T$40 -> 0 | R12: =Haushalt!U$40 -> 0 | S12: =Haushalt!V$40 -> 0 | T12: =Haushalt!W$40 -> 0 | U12: =Haushalt!#REF! -> #REF! | V12: =Haushalt!#REF! -> #REF! | W12: =Haushalt!#REF! -> #REF!
A13: 220.30 | C13: Teilnahmebeiträge Veranstaltungen FS Psy | D13: =Haushalt!G47 -> 0 | F13: =Haushalt!I47 -> 0 | G13: =Haushalt!#REF! -> #REF! | K13: =Haushalt!N47 -> 0
A14: 230.30 | C14: Sonstige (Werbung, Förderung, Bewirtung) Psy | D14: =Haushalt!G54 -> 0 | F14: =Haushalt!I54 -> 0 | G14: =Haushalt!#REF! -> #REF! | K14: =Haushalt!N54 -> 0
A15: 210.40 | B15: 129.40 | C15: Teilnahmebeiträge Seminare FS ReWi | D15: =Haushalt!G41 -> 29578 | E15: =HHJ_2024_2025!H15 -> 23885 | F15: =Haushalt!I41 -> 23500 | G15: =Haushalt!#REF! -> #REF! | H15: 28160 | I15: 25000 | J15: 26800 | K15: =Haushalt!N41 -> 25000 | L15: =Haushalt!O$41 -> 1400 | M15: =Haushalt!P$41 -> 3700 | N15: =Haushalt!Q$41 -> 3700 | O15: =Haushalt!R$41 -> 7600 | P15: =Haushalt!S$41 -> 14150 | Q15: =Haushalt!T$41 -> 15000 | R15: =Haushalt!U$41 -> 15350 | S15: =Haushalt!V$41 -> 15800 | T15: =Haushalt!W$41 -> 15300 | U15: =Haushalt!#REF! -> #REF! | V15: =Haushalt!#REF! -> #REF! | W15: =Haushalt!#REF! -> #REF!
A16: 220.40 | C16: Teilnahmebeiträge Veranstaltungen FS ReWi | D16: =Haushalt!G48 -> 0 | F16: =Haushalt!I48 -> 0 | G16: =Haushalt!#REF! -> #REF! | K16: =Haushalt!N48 -> 0
A17: 230.40 | C17: Sonstige (Werbung, Förderung, Bewirtung) ReWi | D17: =Haushalt!G55 -> 0 | F17: =Haushalt!I55 -> 0 | G17: =Haushalt!#REF! -> #REF! | K17: =Haushalt!N55 -> 0
A18: 210.50 | B18: 129.30 | C18: Teilnahmebeiträge Seminare FS Meti | D18: =Haushalt!G42 -> 19572.5 | E18: =HHJ_2024_2025!H14 -> 7685 | F18: =Haushalt!I42 -> 15500 | G18: =Haushalt!#REF! -> #REF! | H18: 7230 | I18: 13000 | J18: 11385 | K18: =Haushalt!N42 -> 13000 | L18: =Haushalt!O$42 -> 2080 | M18: =Haushalt!P$42 -> 3015 | N18: =Haushalt!Q$42 -> 3180 | O18: =Haushalt!R$42 -> 3180 | P18: =Haushalt!S$42 -> 3180 | Q18: =Haushalt!T$42 -> 5880 | R18: =Haushalt!U$42 -> 6055 | S18: =Haushalt!V$42 -> 7550 | T18: =Haushalt!W$42 -> 7715 | U18: =Haushalt!#REF! -> #REF! | V18: =Haushalt!#REF! -> #REF! | W18: =Haushalt!#REF! -> #REF!
A19: 220.50 | C19: Teilnahmebeiträge Veranstaltungen FS Meti | D19: =Haushalt!G49 -> 0 | F19: =Haushalt!I49 -> 0 | G19: =Haushalt!#REF! -> #REF! | K19: =Haushalt!N49 -> 0
A20: 230.50 | C20: Sonstige (Werbung, Förderung, Bewirtung) Meti | D20: =Haushalt!G56 -> 0 | F20: =Haushalt!I56 -> 0 | G20: =Haushalt!#REF! -> #REF! | K20: =Haushalt!N56 -> 0
C21: Summe Einnahmen | D21: =SUM(D6:D20) -> 146529.5 | E21: =SUM(E6:E20) -> 71915.37 | F21: =SUM(F6:F20) -> 118160 | G21: =SUM(G6:G20) -> #REF! | H21: =SUM(H6:H20) -> 82434.34 | I21: =SUM(I6:I20) -> 95000 | J21: 85344.97 | K21: =SUM(K6:K20) -> 83000 | L21: =SUM(L6:L20) -> 3929.1 | M21: =SUM(M6:M20) -> 7164.1 | N21: =SUM(N6:N20) -> 7379 | O21: =SUM(O6:O20) -> 24851.89 | P21: =SUM(P6:P20) -> 38687.48 | Q21: =SUM(Q6:Q20) -> 42187.48 | R21: =SUM(R6:R20) -> 42712.48 | ... W21: =SUM(W6:W20) -> #REF!
A23: 686.3 | C23: Zuweisung an Fachschaft WiWi
A24: 413.10 | B24: 686.31 | C24: AE fest (800 EUR monatlich) | D24: =800*12 -> 9600 | E24: 9600 | F24: =800*12 -> 9600 | G24: =800*12 -> 9600 | H24: 9600 | I24: 9600 | J24: 9600 | K24: 9600 | L24: =AE_Zuweisung_Fachschaften!E$82 -> 0 | M24: =AE_Zuweisung_Fachschaften!E$82+AE_Zuweisung_Fachschaften!F$82 -> 0 | N24: =AE_Zuweisung_Fachschaften!E82+AE_Zuweisung_Fachschaften!F82+AE_Zuweisung_Fachschaften!G82 -> 0 | O24: =AE_Zuweisung_Fachschaften!E82+AE_Zuweisung_Fachschaften!F82+AE_Zuweisung_Fachschaften!G82+AE_Zuweisung_Fachschaften!H82 -> 0 | P24: =AE_Zuweisung_Fachschaften!E82+AE_Zuweisung_Fachschaften!F82+AE_Zuweisung_Fachschaften!G82+AE_Zuweisung_Fachschaften!H82+AE_Zuweisung_Fachschaften!I82 -> 0 | Q24: =AE_Zuweisung_Fachschaften!E82+AE_Zuweisung_Fachschaften!F82+AE_Zuweisung_Fachschaften!G82+AE_Zuweisung_Fachschaften!H82+AE_Zuweisung_Fachschaften!I82+AE_Zuweisung_Fachschaften!J82 -> 0 | R24: =AE_Zuweisung_Fachschaften!E82+AE_Zuweisung_Fachschaften!F82+AE_Zuweisung_Fachschaften!G82+AE_Zuweisung_Fachschaften!H82+AE_Zuweisung_Fachschaften!I82+AE_Zuweisung_Fachschaften!J82+AE_Zuweisung_Fachschaften!K82 -> 0 | S24: =AE_Zuweisung_Fachschaften!E82+AE_Zuweisung_Fachschaften!F82+AE_Zuweisung_Fachschaften!G82+AE_Zuweisung_Fachschaften!H82+AE_Zuweisung_Fachschaften!I82+AE_Zuweisung_Fachschaften!J82+AE_Zuweisung_Fachschaften!K82+AE_Zuweisung_Fachschaften!L82 -> 0 | T24: =AE_Zuweisung_Fachschaften!E82+AE_Zuweisung_Fachschaften!F82+AE_Zuweisung_Fachschaften!G82+AE_Zuweisung_Fachschaften!H82+AE_Zuweisung_Fachschaften!I82+AE_Zuweisung_Fachschaften!J82+AE_Zuweisung_Fachschaften!K82+AE_Zuweisung_Fachschaften!L82+AE_Zuweisung_Fachschaften!M82 -> 0 | U24: =AE_Zuweisung_Fachschaften!E82+AE_Zuweisung_Fachschaften!F82+AE_Zuweisung_Fachschaften!G82+AE_Zuweisung_Fachschaften!H82+AE_Zuweisung_Fachschaften!I82+AE_Zuweisung_Fachschaften!J82+AE_Zuweisung_Fachschaften!K82+AE_Zuweisung_Fachschaften!L82+AE_Zuweisung_Fachschaften!M82+AE_Zuweisung_Fachschaften!N82 -> 0 | V24: =AE_Zuweisung_Fachschaften!E82+AE_Zuweisung_Fachschaften!F82+AE_Zuweisung_Fachschaften!G82+AE_Zuweisung_Fachschaften!H82+AE_Zuweisung_Fachschaften!I82+AE_Zuweisung_Fachschaften!J82+AE_Zuweisung_Fachschaften!K82+AE_Zuweisung_Fachschaften!L82+AE_Zuweisung_Fachschaften!M82+AE_Zuweisung_Fachschaften!N82+AE_Zuweisung_Fachschaften!O82 -> 0 | W24: =AE_Zuweisung_Fachschaften!E82+AE_Zuweisung_Fachschaften!F82+AE_Zuweisung_Fachschaften!G82+AE_Zuweisung_Fachschaften!H82+AE_Zuweisung_Fachschaften!I82+AE_Zuweisung_Fachschaften!J82+AE_Zuweisung_Fachschaften!K82+AE_Zuweisung_Fachschaften!L82+AE_Zuweisung_Fachschaften!M82+AE_Zuweisung_Fachschaften!N82+AE_Zuweisung_Fachschaften!O82+AE_Zuweisung_Fachschaften!P82 -> 0
A25: 413.21 | B25: 686.31 | C25: AE variabel | D25: =Haushalt!G89 -> 8600 | E25: =HHJ_2024_2025!H199-E24 -> 3695 | F25: =Haushalt!I89 -> 8600 | G25: =Haushalt!#REF! -> #REF! | H25: 6315.5 | I25: 9500 | J25: 4020 | K25: 9500 | L25: =Haushalt!O89 -> 80 | M25: =Haushalt!P89 -> 835 | N25: =Haushalt!Q89 -> 1280 | O25: =Haushalt!R89 -> 1550 | P25: =Haushalt!S89 -> 1550 | Q25: =Haushalt!T89 -> 1550 | R25: =Haushalt!U89 -> 1880 | S25: =Haushalt!V89 -> 2280 | T25: =Haushalt!W89 -> 2600
A26: 527.41 | B26: 686.32 | C26: FK und Verpfl.pauschalen | D26: =Haushalt!G137 -> 15000 | E26: =HHJ_2024_2025!H200 -> 4457.1 | F26: =Haushalt!I137 -> 15000 | G26: =Haushalt!#REF! -> #REF! | H26: 9623.41 | I26: 14000 | J26: 6469.75 | K26: 14000 | L26: =Haushalt!O$137 -> 376 | M26: =Haushalt!P$137 -> 1610.31 | N26: =Haushalt!Q$137 -> 2170.39 | O26: =Haushalt!R$137 -> 2651.08 | P26: =Haushalt!S$137 -> 2651.08 | Q26: =Haushalt!T$137 -> 2651.08 | R26: =Haushalt!U$137 -> 3576.83 | S26: =Haushalt!V$137 -> 4964.26 | T26: =Haushalt!W$137 -> 5329.66 | U26: =Haushalt!#REF! -> #REF! | V26: =Haushalt!#REF! -> #REF! | W26: =Haushalt!#REF! -> #REF!
A27: 529.41 | B27: 686.34 | C27: Raum-u. Unterkunftskosten | D27: =Haushalt!G149 -> 4200 | E27: =HHJ_2024_2025!H202 -> 1647.92 | F27: =Haushalt!I149 -> 3000 | G27: =Haushalt!#REF! -> #REF! | H27: 2757.48 | I27: 6000 | J27: 4907.83 | K27: 6000 | L27: =Haushalt!O$149 -> 134.32 | M27: =Haushalt!P$149 -> 860.27 | N27: =Haushalt!Q$149 -> 994.59 | O27: =Haushalt!R$149 -> 1356.7 | P27: =Haushalt!S$149 -> 1491.02 | Q27: =Haushalt!T$149 -> 1625.34 | R27: =Haushalt!U$149 -> 2165.46 | S27: =Haushalt!V$149 -> 2299.78 | T27: =Haushalt!W$149 -> 2434.1 | U27: =Haushalt!#REF! -> #REF! | V27: =Haushalt!#REF! -> #REF! | W27: =Haushalt!#REF! -> #REF!
A28: 531.41 | B28: 686.35 | C28: Bewirtung und Repräsentation intern | D28: =Haushalt!G161 -> 1000 | E28: =HHJ_2024_2025!H203 -> 148.96 | F28: =Haushalt!I161 -> 2000 | G28: =Haushalt!#REF! -> #REF! | H28: 4.59 | I28: 500 | J28: 1261.39 | K28: 500 | L28: =Haushalt!O$161 -> 0 | M28: =Haushalt!P$161 -> 0 | N28: =Haushalt!Q$161 -> 0 | O28: =Haushalt!R$161 -> 0 | P28: =Haushalt!S$161 -> 0 | Q28: =Haushalt!T$161 -> 0 | R28: =Haushalt!U$161 -> 0 | S28: =Haushalt!V$161 -> 0 | T28: =Haushalt!W$161 -> 0 | U28: =Haushalt!#REF! -> #REF! | V28: =Haushalt!#REF! -> #REF! | W28: =Haushalt!#REF! -> #REF!
A29: 551.11 | B29: 686.33 | C29: Honorare Fachseminare | D29: =Haushalt!G185 -> 45600 | E29: =HHJ_2024_2025!H201 -> 32556.25 | F29: =Haushalt!I185 -> 40000 | G29: =Haushalt!#REF! -> #REF! | H29: 25505.38 | I29: 43750 | J29: 38662.5 | K29: 43750 | L29: =Haushalt!O$185 -> 0 | M29: =Haushalt!P$185 -> 0 | N29: =Haushalt!Q$185 -> 0 | O29: =Haushalt!R$185 -> 0 | P29: =Haushalt!S$185 -> 5362.5 | Q29: =Haushalt!T$185 -> 12807.5 | R29: =Haushalt!U$185 -> 16547.5 | S29: =Haushalt!V$185 -> 16547.5 | T29: =Haushalt!W$185 -> 16547.5 | U29: =Haushalt!#REF! -> #REF! | V29: =Haushalt!#REF! -> #REF! | W29: =Haushalt!#REF! -> #REF!
A30: 551.21 | B30: 686.33 | C30: Andere Honorare | D30: =Haushalt!G191 -> 2000 | F30: =Haushalt!I191 -> 1000 | G30: =Haushalt!#REF! -> #REF! | H30: 5465.44 | I30: 1000 | J30: 0 | K30: 1000 | L30: =Haushalt!O$191 -> 0 | M30: =Haushalt!P$191 -> 0 | N30: =Haushalt!Q$191 -> 0 | O30: =Haushalt!R$191 -> 0 | P30: =Haushalt!S$191 -> 0 | Q30: =Haushalt!T$191 -> 0 | R30: =Haushalt!U$191 -> 0 | S30: =Haushalt!V$191 -> 0 | T30: =Haushalt!W$191 -> 0 | U30: =Haushalt!#REF! -> #REF! | V30: =Haushalt!#REF! -> #REF! | W30: =Haushalt!#REF! -> #REF!
A31: 551.31 | B31: 686.33 | C31: Ext. Reisekosten | D31: =Haushalt!G197 -> 1100 | F31: =Haushalt!I197 -> 500 | G31: =Haushalt!#REF! -> #REF! | H31: 5465.44 | I31: 500 | J31: 0 | K31: 500 | L31: =Haushalt!O$197 -> 0 | M31: =Haushalt!P$197 -> 0 | N31: =Haushalt!Q$197 -> 0 | O31: =Haushalt!R$197 -> 0 | P31: =Haushalt!S$197 -> 0 | Q31: =Haushalt!T$197 -> 0 | R31: =Haushalt!U$197 -> 0 | S31: =Haushalt!V$197 -> 0 | T31: =Haushalt!W$197 -> 0 | U31: =Haushalt!#REF! -> #REF! | V31: =Haushalt!#REF! -> #REF! | W31: =Haushalt!#REF! -> #REF!
A32: 551.41 | B32: 686.37 | C32: Bewirtung und Repräsentation extern | D32: =Haushalt!G203 -> 1500 | E32: =HHJ_2024_2025!H205 -> 0 | F32: =Haushalt!I203 -> 500 | G32: =Haushalt!#REF! -> #REF! | H32: 41.13 | I32: 1500 | J32: 642.6 | K32: 1500 | L32: =Haushalt!O$203 -> 0 | M32: =Haushalt!P$203 -> 0 | N32: =Haushalt!Q$203 -> 0 | O32: =Haushalt!R$203 -> 0 | P32: =Haushalt!S$203 -> 0 | Q32: =Haushalt!T$203 -> 0 | R32: =Haushalt!U$203 -> 0 | S32: =Haushalt!V$203 -> 0 | T32: =Haushalt!W$203 -> 0 | U32: =Haushalt!#REF! -> #REF! | V32: =Haushalt!#REF! -> #REF! | W32: =Haushalt!#REF! -> #REF!
A33: 551.51 | B33: 686.36 | C33: Raum-u. Unterkunftskosten Sem.+Veranst. | D33: =Haushalt!G209 -> 3000 | E33: =HHJ_2024_2025!H204 -> 0 | F33: =Haushalt!I209 -> 500 | G33: =Haushalt!#REF! -> #REF! | H33: 0 | I33: 500 | J33: 0 | K33: 500 | L33: =Haushalt!O$209 -> 0 | M33: =Haushalt!P$209 -> 0 | N33: =Haushalt!Q$209 -> 0 | O33: =Haushalt!R$209 -> 0 | P33: =Haushalt!S$209 -> 0 | Q33: =Haushalt!T$209 -> 0 | R33: =Haushalt!U$209 -> 0 | S33: =Haushalt!V$209 -> 0 | T33: =Haushalt!W$209 -> 0 | U33: =Haushalt!#REF! -> #REF! | V33: =Haushalt!#REF! -> #REF! | W33: =Haushalt!#REF! -> #REF!
A34: 551.61 | B34: 686.38 | C34: Verwaltungs- u. Druckkosten Seminare | D34: =Haushalt!G215 -> 4000 | E34: =HHJ_2024_2025!H206 -> 2413.98 | F34: =Haushalt!I215 -> 3500 | G34: =Haushalt!#REF! -> #REF! | H34: 240.67 | I34: 5000 | J34: 228 | K34: 5000 | L34: =Haushalt!O$215 -> 0 | M34: =Haushalt!P$215 -> 0 | N34: =Haushalt!Q$215 -> 0 | O34: =Haushalt!R$215 -> 0 | P34: =Haushalt!S$215 -> 0 | Q34: =Haushalt!T$215 -> 0 | R34: =Haushalt!U$215 -> 0 | S34: =Haushalt!V$215 -> 0 | T34: =Haushalt!W$215 -> 0 | U34: =Haushalt!#REF! -> #REF! | V34: =Haushalt!#REF! -> #REF! | W34: =Haushalt!#REF! -> #REF!
A35: 551.71 | B35: 686.38 | C35: Sonstige Kosten (Lizenzen, Allg.Geschäftsbetrieb) | D35: =Haushalt!G221 -> 3400 | F35: =Haushalt!I221 -> 2500 | G35: =Haushalt!#REF! -> #REF! | H35: 2166.06 | I35: 2000 | J35: 1652.53 | K35: 3150 | L35: =Haushalt!O$221 -> 99 | M35: =Haushalt!P$221 -> 368 | N35: =Haushalt!Q$221 -> 467 | O35: =Haushalt!R$221 -> 566 | P35: =Haushalt!S$221 -> 1252.87 | Q35: =Haushalt!T$221 -> 1597.2 | R35: =Haushalt!U$221 -> 1781.2 | S35: =Haushalt!V$221 -> 1880.2 | T35: =Haushalt!W$221 -> 1979.2 | U35: =Haushalt!#REF! -> #REF! | V35: =Haushalt!#REF! -> #REF! | W35: =Haushalt!#REF! -> #REF!
A36: 560.70 | B36: 686.39 | C36: Rechtsangelegenheiten | D36: =Haushalt!G235/5 -> 584 | E36: =HHJ_2024_2025!H207 -> 0 | F36: =Haushalt!I235/5 -> 490 | G36: =Haushalt!#REF!/5 -> #REF! | H36: 0 | I36: =1000/5 -> 200 | J36: 0 | K36: 0 | L36: =Haushalt!O$235/5 -> 0 | M36: =Haushalt!P$235/5 -> 0 | N36: =Haushalt!Q$235/5 -> 0 | O36: =Haushalt!R$235/5 -> 0 | P36: =Haushalt!S$235/5 -> 0 | Q36: =Haushalt!T$235/5 -> 0 | R36: =Haushalt!U$235/5 -> 0 | S36: =Haushalt!V$235/5 -> 0 | T36: =Haushalt!W$235/5 -> 0 | U36: =Haushalt!#REF!/5 -> #REF! | V36: =Haushalt!#REF!/5 -> #REF! | W36: =Haushalt!#REF!/5 -> #REF!
C37: SUMME Ausgaben | D37: =SUM(D24:D36) -> 99584 | E37: =SUM(E24:E36) -> 54519.21 | F37: =SUM(F24:F36) -> 87190 | G37: =SUM(G24:G36) -> #REF! | H37: =SUM(H24:H36) -> 67185.1 | I37: =SUM(I24:I36) -> 94050 | J37: 67444.6 | K37: =SUM(K24:K36) -> 95000 | L37: =L24+L25+L26+L27+L28+L29+L32+L33+L34+L35+L36 -> 689.32 | M37: =M24+M25+M26+M27+M28+M29+M32+M33+M34+M35+M36 -> 3673.58 | N37: =N24+N25+N26+N27+N28+N29+N32+N33+N34+N35+N36 -> 4911.98 | O37: =O24+O25+O26+O27+O28+O29+O32+O33+O34+O35+O36 -> 6123.78 | P37: =P24+P25+P26+P27+P28+P29+P32+P33+P34+P35+P36 -> 12307.47 | Q37: =Q24+Q25+Q26+Q27+Q28+Q29+Q32+Q33+Q34+Q35+Q36 -> 20231.12 | R37: =R24+R25+R26+R27+R28+R29+R32+R33+R34+R35+R36 -> 25950.99 | S37: =S24+S25+S26+S27+S28+S29+S32+S33+S34+S35+S36 -> 27971.74 | ... W37: =W24+W25+W26+W27+W28+W29+W32+W33+W34+W35+W36 -> #REF!
C38: Summe Einnahmen - Ausgaben WiWi | D38: =SUM(D6+D7+D8)-D37 -> -43203 | E38: =E6-E37 -> -16863.84 | F38: =SUM(F6+F7+F8)-F37 -> -41040 | G38: =SUM(G6+G7+G8)-G37 -> #REF! | H38: =SUM(H6+H7+H8)-H37 -> -22735.76 | I38: =SUM(I6+I7+I8)-I37 -> -46050 | J38: -21484.63 | K38: =SUM(K6+K7+K8)-K37 -> -50000 | L38: =L6-L37 -> -240.22 | M38: =M6-M37 -> -3224.48 | N38: =N6-N37 -> -4412.98 | O38: =O6-O37 -> 7948.11 | P38: =P6-P37 -> 9050.01 | Q38: =Q6-Q37 -> 1076.36 | R38: =R6-R37 -> -4643.51 | S38: =S6-S37 -> -6664.26 | ... W38: =W6-W37 -> #REF!
A42: 686.4 | C42: Zuweisung an Fachschaft KSW
A43: 413.10 | B43: 686.41 | C43: AE fest (800 EUR monatlich) | D43: =800*12 -> 9600 | E43: 8530 | F43: =800*12 -> 9600 | G43: =800*12 -> 9600 | H43: 9575 | I43: 9600 | J43: 9300 | K43: 9600 | L43: =AE_Zuweisung_Fachschaften!E$18 -> 0 | M43: =AE_Zuweisung_Fachschaften!E18+AE_Zuweisung_Fachschaften!F18 -> 0 | N43: =AE_Zuweisung_Fachschaften!E18+AE_Zuweisung_Fachschaften!F18+AE_Zuweisung_Fachschaften!G18 -> 0 | O43: =AE_Zuweisung_Fachschaften!E18+AE_Zuweisung_Fachschaften!F18+AE_Zuweisung_Fachschaften!G18+AE_Zuweisung_Fachschaften!H18 -> 0 | P43: =AE_Zuweisung_Fachschaften!E18+AE_Zuweisung_Fachschaften!F18+AE_Zuweisung_Fachschaften!G18+AE_Zuweisung_Fachschaften!H18+AE_Zuweisung_Fachschaften!I18 -> 0 | Q43: =AE_Zuweisung_Fachschaften!E18+AE_Zuweisung_Fachschaften!F18+AE_Zuweisung_Fachschaften!G18+AE_Zuweisung_Fachschaften!H18+AE_Zuweisung_Fachschaften!I18+AE_Zuweisung_Fachschaften!J18 -> 0 | R43: =AE_Zuweisung_Fachschaften!E18+AE_Zuweisung_Fachschaften!F18+AE_Zuweisung_Fachschaften!G18+AE_Zuweisung_Fachschaften!H18+AE_Zuweisung_Fachschaften!I18+AE_Zuweisung_Fachschaften!J18+AE_Zuweisung_Fachschaften!K18 -> 0 | S43: =AE_Zuweisung_Fachschaften!E18+AE_Zuweisung_Fachschaften!F18+AE_Zuweisung_Fachschaften!G18+AE_Zuweisung_Fachschaften!H18+AE_Zuweisung_Fachschaften!I18+AE_Zuweisung_Fachschaften!J18+AE_Zuweisung_Fachschaften!K18+AE_Zuweisung_Fachschaften!L18 -> 0 | T43: =AE_Zuweisung_Fachschaften!E18+AE_Zuweisung_Fachschaften!F18+AE_Zuweisung_Fachschaften!G18+AE_Zuweisung_Fachschaften!H18+AE_Zuweisung_Fachschaften!I18+AE_Zuweisung_Fachschaften!J18+AE_Zuweisung_Fachschaften!K18+AE_Zuweisung_Fachschaften!L18+AE_Zuweisung_Fachschaften!M18 -> 0 | U43: =AE_Zuweisung_Fachschaften!E18+AE_Zuweisung_Fachschaften!F18+AE_Zuweisung_Fachschaften!G18+AE_Zuweisung_Fachschaften!H18+AE_Zuweisung_Fachschaften!I18+AE_Zuweisung_Fachschaften!J18+AE_Zuweisung_Fachschaften!K18+AE_Zuweisung_Fachschaften!L18+AE_Zuweisung_Fachschaften!M18+AE_Zuweisung_Fachschaften!N18 -> 0 | V43: =AE_Zuweisung_Fachschaften!E18+AE_Zuweisung_Fachschaften!F18+AE_Zuweisung_Fachschaften!G18+AE_Zuweisung_Fachschaften!H18+AE_Zuweisung_Fachschaften!I18+AE_Zuweisung_Fachschaften!J18+AE_Zuweisung_Fachschaften!K18+AE_Zuweisung_Fachschaften!L18+AE_Zuweisung_Fachschaften!M18+AE_Zuweisung_Fachschaften!N18+AE_Zuweisung_Fachschaften!O18 -> 0 | W43: =AE_Zuweisung_Fachschaften!E18+AE_Zuweisung_Fachschaften!F18+AE_Zuweisung_Fachschaften!G18+AE_Zuweisung_Fachschaften!H18+AE_Zuweisung_Fachschaften!I18+AE_Zuweisung_Fachschaften!J18+AE_Zuweisung_Fachschaften!K18+AE_Zuweisung_Fachschaften!L18+AE_Zuweisung_Fachschaften!M18+AE_Zuweisung_Fachschaften!N18+AE_Zuweisung_Fachschaften!O18+AE_Zuweisung_Fachschaften!P18 -> 0
A44: 413.22 | B44: 686.41 | C44: AE variabel | D44: =Haushalt!G90 -> 5270 | E44: =HHJ_2024_2025!H209-E43 -> 540 | F44: =Haushalt!I90 -> 5270 | G44: =Haushalt!#REF! -> #REF! | H44: 180 | I44: 2000 | J44: 380 | K44: 2000 | L44: =Haushalt!O90 -> 20 | M44: =Haushalt!P90 -> 20 | N44: =Haushalt!Q90 -> 75 | O44: =Haushalt!R90 -> 75 | P44: =Haushalt!S90 -> 75 | Q44: =Haushalt!T90 -> 135 | R44: =Haushalt!U90 -> 135 | S44: =Haushalt!V90 -> 135 | T44: =Haushalt!W90 -> 175
A45: 527.42 | B45: 686.42 | C45: FK und Verpfl.pauschalen | D45: =Haushalt!G138 -> 3570 | E45: =HHJ_2024_2025!H210 -> 995.33 | F45: =Haushalt!I138 -> 6000 | G45: =Haushalt!#REF! -> #REF! | H45: 130.43 | I45: 2000 | J45: 281.26 | K45: 2000 | L45: =Haushalt!O$138 -> 0 | M45: =Haushalt!P$138 -> 0 | N45: =Haushalt!Q$138 -> 12 | O45: =Haushalt!R$138 -> 12 | P45: =Haushalt!S$138 -> 12 | Q45: =Haushalt!T$138 -> 63 | R45: =Haushalt!U$138 -> 63 | S45: =Haushalt!V$138 -> 63 | T45: =Haushalt!W$138 -> 91.8 | U45: =Haushalt!#REF! -> #REF! | V45: =Haushalt!#REF! -> #REF! | W45: =Haushalt!#REF! -> #REF!
A46: 529.42 | B46: 686.44 | C46: Raum-u. Unterkunftskosten | D46: =Haushalt!G150 -> 2670 | E46: =HHJ_2024_2025!H212 -> 320 | F46: =Haushalt!I150 -> 2670 | G46: =Haushalt!#REF! -> #REF! | H46: 461.4 | I46: 1500 | J46: 2613.32 | K46: 1500 | L46: =Haushalt!O$150 -> 531.32 | M46: =Haushalt!P$150 -> 665.64 | N46: =Haushalt!Q$150 -> 799.96 | O46: =Haushalt!R$150 -> 934.28 | P46: =Haushalt!S$150 -> 1068.6 | Q46: =Haushalt!T$150 -> 1202.92 | R46: =Haushalt!U$150 -> 1202.92 | S46: =Haushalt!V$150 -> 1202.92 | T46: =Haushalt!W$150 -> 1202.92 | U46: =Haushalt!#REF! -> #REF! | V46: =Haushalt!#REF! -> #REF! | W46: =Haushalt!#REF! -> #REF!
A47: 531.42 | B47: 686.45 | C47: Bewirtung und Repräsentation intern | D47: =Haushalt!G162 -> 1200 | E47: =HHJ_2024_2025!H213 -> 0 | F47: =Haushalt!I162 -> 1200 | G47: =Haushalt!#REF! -> #REF! | H47: 0 | I47: 500 | J47: 1999.51 | K47: 500 | L47: =Haushalt!O$162 -> 0 | M47: =Haushalt!P$162 -> 0 | N47: =Haushalt!Q$162 -> 0 | O47: =Haushalt!R$162 -> 0 | P47: =Haushalt!S$162 -> 0 | Q47: =Haushalt!T$162 -> 0 | R47: =Haushalt!U$162 -> 0 | S47: =Haushalt!V$162 -> 0 | T47: =Haushalt!W$162 -> 0 | U47: =Haushalt!#REF! -> #REF! | V47: =Haushalt!#REF! -> #REF! | W47: =Haushalt!#REF! -> #REF!
A48: 551.12 | B48: 686.43 | C48: Honorare Fachseminare | D48: =Haushalt!G186 -> 8510 | E48: =HHJ_2024_2025!H211 -> 2910 | F48: =Haushalt!I186 -> 8510 | G48: =Haushalt!#REF! -> #REF! | H48: 2310 | I48: 4000 | J48: 990 | K48: 4000 | L48: =Haushalt!O$186 -> 0 | M48: =Haushalt!P$186 -> 0 | N48: =Haushalt!Q$186 -> 0 | O48: =Haushalt!R$186 -> 0 | P48: =Haushalt!S$186 -> 0 | Q48: =Haushalt!T$186 -> 0 | R48: =Haushalt!U$186 -> 0 | S48: =Haushalt!V$186 -> 0 | T48: =Haushalt!W$186 -> 0 | U48: =Haushalt!#REF! -> #REF! | V48: =Haushalt!#REF! -> #REF! | W48: =Haushalt!#REF! -> #REF!
A49: 551.22 | B49: 686.43 | C49: Andere Honorare | D49: =Haushalt!G192 -> 2640 | F49: =Haushalt!I192 -> 2640 | G49: =Haushalt!#REF! -> #REF! | H49: 495 | I49: 2000 | J49: 0 | K49: 2000 | L49: =Haushalt!O$192 -> 0 | M49: =Haushalt!P$192 -> 0 | N49: =Haushalt!Q$192 -> 0 | O49: =Haushalt!R$192 -> 0 | P49: =Haushalt!S$192 -> 0 | Q49: =Haushalt!T$192 -> 0 | R49: =Haushalt!U$192 -> 0 | S49: =Haushalt!V$192 -> 0 | T49: =Haushalt!W$192 -> 0 | U49: =Haushalt!#REF! -> #REF! | V49: =Haushalt!#REF! -> #REF! | W49: =Haushalt!#REF! -> #REF!
A50: 551.32 | B50: 686.43 | C50: Ext. Reisekosten | D50: =Haushalt!G198 -> 100 | F50: =Haushalt!I198 -> 100 | G50: =Haushalt!#REF! -> #REF! | H50: 495 | I50: 500 | J50: 0 | K50: 500 | L50: =Haushalt!O$198 -> 0 | M50: =Haushalt!P$198 -> 0 | N50: =Haushalt!Q$198 -> 0 | O50: =Haushalt!R$198 -> 0 | P50: =Haushalt!S$198 -> 0 | Q50: =Haushalt!T$198 -> 0 | R50: =Haushalt!U$198 -> 0 | S50: =Haushalt!V$198 -> 0 | T50: =Haushalt!W$198 -> 0 | U50: =Haushalt!#REF! -> #REF! | V50: =Haushalt!#REF! -> #REF! | W50: =Haushalt!#REF! -> #REF!
A51: 551.42 | B51: 686.47 | C51: Bewirtung und Repräsentation extern | D51: =Haushalt!G204 -> 340 | E51: =HHJ_2024_2025!H215 -> 0 | F51: =Haushalt!I204 -> 340 | G51: =Haushalt!#REF! -> #REF! | H51: 0 | I51: 300 | J51: 72.43 | K51: 300 | L51: =Haushalt!O$204 -> 0 | M51: =Haushalt!P$204 -> 0 | N51: =Haushalt!Q$204 -> 0 | O51: =Haushalt!R$204 -> 0 | P51: =Haushalt!S$204 -> 0 | Q51: =Haushalt!T$204 -> 0 | R51: =Haushalt!U$204 -> 0 | S51: =Haushalt!V$204 -> 0 | T51: =Haushalt!W$204 -> 0 | U51: =Haushalt!#REF! -> #REF! | V51: =Haushalt!#REF! -> #REF! | W51: =Haushalt!#REF! -> #REF!
A52: 551.52 | B52: 686.46 | C52: Raum-u. Unterkunftskosten Sem.+Veranst. | D52: =Haushalt!G210 -> 200 | E52: =HHJ_2024_2025!H214 -> 0 | F52: =Haushalt!I210 -> 4500 | G52: =Haushalt!#REF! -> #REF! | H52: 0 | I52: 500 | J52: 0 | K52: 500 | L52: =Haushalt!O$210 -> 0 | M52: =Haushalt!P$210 -> 0 | N52: =Haushalt!Q$210 -> 0 | O52: =Haushalt!R$210 -> 0 | P52: =Haushalt!S$210 -> 0 | Q52: =Haushalt!T$210 -> 0 | R52: =Haushalt!U$210 -> 0 | S52: =Haushalt!V$210 -> 0 | T52: =Haushalt!W$210 -> 0 | U52: =Haushalt!#REF! -> #REF! | V52: =Haushalt!#REF! -> #REF! | W52: =Haushalt!#REF! -> #REF!
A53: 551.62 | B53: 686.48 | C53: Verwaltungs- u. Druckkosten Seminare | D53: =Haushalt!G216 -> 1500 | E53: =HHJ_2024_2025!H216 -> 240 | F53: =Haushalt!I216 -> 1500 | G53: =Haushalt!#REF! -> #REF! | H53: 23.82 | I53: 500 | J53: 0 | K53: 500 | L53: =Haushalt!O$216 -> 0 | M53: =Haushalt!P$216 -> 0 | N53: =Haushalt!Q$216 -> 0 | O53: =Haushalt!R$216 -> 0 | P53: =Haushalt!S$216 -> 0 | Q53: =Haushalt!T$216 -> 0 | R53: =Haushalt!U$216 -> 0 | S53: =Haushalt!V$216 -> 0 | T53: =Haushalt!W$216 -> 0 | U53: =Haushalt!#REF! -> #REF! | V53: =Haushalt!#REF! -> #REF! | W53: =Haushalt!#REF! -> #REF!
A54: 551.72 | B54: 686.48 | C54: Sonstige Kosten (Lizenzen, Allg.Geschäftsbetrieb) | D54: =Haushalt!G222 -> 1800 | F54: =Haushalt!I222 -> 2300 | G54: =Haushalt!#REF! -> #REF! | H54: 214.39 | I54: 500 | J54: 198.19 | K54: 500 | L54: =Haushalt!O$222 -> 0 | M54: =Haushalt!P$222 -> 0 | N54: =Haushalt!Q$222 -> 0 | O54: =Haushalt!R$222 -> 0 | P54: =Haushalt!S$222 -> 0 | Q54: =Haushalt!T$222 -> 0 | R54: =Haushalt!U$222 -> 19.32 | S54: =Haushalt!V$222 -> 212.46 | T54: =Haushalt!W$222 -> 212.46 | U54: =Haushalt!#REF! -> #REF! | V54: =Haushalt!#REF! -> #REF! | W54: =Haushalt!#REF! -> #REF!
A55: 560.70 | B55: 686.49 | C55: Rechtsangelegenheiten | D55: =Haushalt!G235/5 -> 584 | E55: =HHJ_2024_2025!H217 -> 0 | F55: =Haushalt!I235/5 -> 490 | G55: =Haushalt!#REF!/5 -> #REF! | H55: 0 | I55: 200 | J55: 0 | K55: 0 | L55: =Haushalt!O$235/5 -> 0 | M55: =Haushalt!P$235/5 -> 0 | N55: =Haushalt!Q$235/5 -> 0 | O55: =Haushalt!R$235/5 -> 0 | P55: =Haushalt!S$235/5 -> 0 | Q55: =Haushalt!T$235/5 -> 0 | R55: =Haushalt!U$235/5 -> 0 | S55: =Haushalt!V$235/5 -> 0 | T55: =Haushalt!W$235/5 -> 0 | U55: =Haushalt!#REF!/5 -> #REF! | V55: =Haushalt!#REF!/5 -> #REF! | W55: =Haushalt!#REF!/5 -> #REF!
C56: SUMME Ausgaben | D56: =SUM(D43:D55) -> 37984 | E56: =SUM(E43:E55) -> 13535.33 | F56: =SUM(F43:F55) -> 45120 | G56: =SUM(G43:G55) -> #REF! | H56: =SUM(H43:H55) -> 13885.04 | I56: =SUM(I43:I55) -> 24100 | J56: 15834.71 | K56: =SUM(K43:K55) -> 23900 | L56: =SUM(L43:L55) -> 551.32 | M56: =SUM(M43:M55) -> 685.64 | N56: =SUM(N43:N55) -> 886.96 | O56: =SUM(O43:O55) -> 1021.28 | P56: =SUM(P43:P55) -> 1155.6 | Q56: =SUM(Q43:Q55) -> 1400.92 | R56: =SUM(R43:R55) -> 1420.24 | ... W56: =SUM(W43:W55) -> #REF!
C57: Summe Einnahmen - Ausgaben KSW | D57: =SUM(D9+D10+D11)-D56 -> -26208 | E57: =E9-E56 -> -10845.33 | F57: =SUM(F9+F10+F11)-F56 -> -36110 | G57: =SUM(G9+G10+G11)-G56 -> #REF! | H57: =SUM(H9+H10+H11)-H56 -> -11290.04 | I57: =SUM(I9+I10+I11)-I56 -> -19600 | J57: -14634.71 | K57: =K9-K56 -> -23900 | L57: =L9-L56 -> -551.32 | M57: =M9-M56 -> -685.64 | N57: =N9-N56 -> -886.96 | O57: =O9-O56 -> -1021.28 | P57: =P9-P56 -> -1155.6 | Q57: =Q9-Q56 -> -1400.92 | R57: =R9-R56 -> -1420.24 | ... W57: =W9-W56 -> #REF!
A59: 686.5 | C59: Zuweisung FS-Psychologie
A60: 413.10 | B60: 686.51 | C60: AE fest (800 EUR monatlich) | D60: =800*12 -> 9600 | E60: 9600 | F60: =800*12 -> 9600 | G60: =800*12 -> 9600 | H60: 9600 | I60: 9600 | J60: 9600 | K60: 9600 | L60: =AE_Zuweisung_Fachschaften!E$33 -> 0 | M60: =AE_Zuweisung_Fachschaften!E$33+AE_Zuweisung_Fachschaften!F$33 -> 0 | N60: =AE_Zuweisung_Fachschaften!E$33+AE_Zuweisung_Fachschaften!F$33+AE_Zuweisung_Fachschaften!G$33 -> 0 | O60: =AE_Zuweisung_Fachschaften!E$33+AE_Zuweisung_Fachschaften!F$33+AE_Zuweisung_Fachschaften!G$33+AE_Zuweisung_Fachschaften!H$33 -> 0 | P60: =AE_Zuweisung_Fachschaften!E$33+AE_Zuweisung_Fachschaften!F$33+AE_Zuweisung_Fachschaften!G$33+AE_Zuweisung_Fachschaften!H$33+AE_Zuweisung_Fachschaften!I$33 -> 0 | Q60: =AE_Zuweisung_Fachschaften!E$33+AE_Zuweisung_Fachschaften!F$33+AE_Zuweisung_Fachschaften!G$33+AE_Zuweisung_Fachschaften!H$33+AE_Zuweisung_Fachschaften!I$33+AE_Zuweisung_Fachschaften!J$33 -> 0 | R60: =AE_Zuweisung_Fachschaften!E$33+AE_Zuweisung_Fachschaften!F$33+AE_Zuweisung_Fachschaften!G$33+AE_Zuweisung_Fachschaften!H$33+AE_Zuweisung_Fachschaften!I$33+AE_Zuweisung_Fachschaften!J$33+AE_Zuweisung_Fachschaften!K$33 -> 0 | S60: =AE_Zuweisung_Fachschaften!E$33+AE_Zuweisung_Fachschaften!F$33+AE_Zuweisung_Fachschaften!G$33+AE_Zuweisung_Fachschaften!H$33+AE_Zuweisung_Fachschaften!I$33+AE_Zuweisung_Fachschaften!J$33+AE_Zuweisung_Fachschaften!K$33+AE_Zuweisung_Fachschaften!L$33 -> 0 | T60: =AE_Zuweisung_Fachschaften!E$33+AE_Zuweisung_Fachschaften!F$33+AE_Zuweisung_Fachschaften!G$33+AE_Zuweisung_Fachschaften!H$33+AE_Zuweisung_Fachschaften!I$33+AE_Zuweisung_Fachschaften!J$33+AE_Zuweisung_Fachschaften!K$33+AE_Zuweisung_Fachschaften!L$33+AE_Zuweisung_Fachschaften!M$33 -> 0 | U60: =AE_Zuweisung_Fachschaften!E$33+AE_Zuweisung_Fachschaften!F$33+AE_Zuweisung_Fachschaften!G$33+AE_Zuweisung_Fachschaften!H$33+AE_Zuweisung_Fachschaften!I$33+AE_Zuweisung_Fachschaften!J$33+AE_Zuweisung_Fachschaften!K$33+AE_Zuweisung_Fachschaften!L$33+AE_Zuweisung_Fachschaften!M$33+AE_Zuweisung_Fachschaften!N$33 -> 0 | V60: =AE_Zuweisung_Fachschaften!E$33+AE_Zuweisung_Fachschaften!F$33+AE_Zuweisung_Fachschaften!G$33+AE_Zuweisung_Fachschaften!H$33+AE_Zuweisung_Fachschaften!I$33+AE_Zuweisung_Fachschaften!J$33+AE_Zuweisung_Fachschaften!K$33+AE_Zuweisung_Fachschaften!L$33+AE_Zuweisung_Fachschaften!M$33+AE_Zuweisung_Fachschaften!N$33+AE_Zuweisung_Fachschaften!O$33 -> 0 | W60: =AE_Zuweisung_Fachschaften!E$33+AE_Zuweisung_Fachschaften!F$33+AE_Zuweisung_Fachschaften!G$33+AE_Zuweisung_Fachschaften!H$33+AE_Zuweisung_Fachschaften!I$33+AE_Zuweisung_Fachschaften!J$33+AE_Zuweisung_Fachschaften!K$33+AE_Zuweisung_Fachschaften!L$33+AE_Zuweisung_Fachschaften!M$33+AE_Zuweisung_Fachschaften!N$33+AE_Zuweisung_Fachschaften!O$33+AE_Zuweisung_Fachschaften!P$33 -> 0
A61: 413.23 | B61: 686.51 | C61: AE variabel | D61: =Haushalt!G91 -> 4500 | E61: =HHJ_2024_2025!H219-E60 -> 2435 | F61: =Haushalt!I91 -> 4400 | G61: =Haushalt!#REF! -> #REF! | H61: 180 | I61: 2000 | J61: 0 | K61: 2000 | L61: =Haushalt!O91 -> 0 | M61: =Haushalt!P91 -> 0 | N61: =Haushalt!Q91 -> 0 | O61: =Haushalt!R91 -> 0 | P61: =Haushalt!S91 -> 0 | Q61: =Haushalt!T91 -> 30 | R61: =Haushalt!U91 -> 395 | S61: =Haushalt!V91 -> 395 | T61: =Haushalt!W91 -> 420
A62: 527.43 | B62: 686.52 | C62: FK und Verpfl.pauschalen | D62: =Haushalt!G139 -> 2600 | E62: =HHJ_2024_2025!H220 -> 1081.38 | F62: =Haushalt!I139 -> 6000 | G62: =Haushalt!#REF! -> #REF! | H62: 705.42 | I62: 2000 | J62: 0 | K62: 2000 | L62: =Haushalt!O$139 -> 0 | M62: =Haushalt!P$139 -> 0 | N62: =Haushalt!Q$139 -> 0 | O62: =Haushalt!R$139 -> 0 | P62: =Haushalt!S$139 -> 0 | Q62: =Haushalt!T$139 -> 157.44 | R62: =Haushalt!U$139 -> 911.84 | S62: =Haushalt!V$139 -> 911.84 | T62: =Haushalt!W$139 -> 960.21 | U62: =Haushalt!#REF! -> #REF! | V62: =Haushalt!#REF! -> #REF! | W62: =Haushalt!#REF! -> #REF!
A63: 529.43 | B63: 686.54 | C63: Raum-u. Unterkunftskosten | D63: =Haushalt!G151 -> 1600 | E63: =HHJ_2024_2025!H222 -> 266.97 | F63: =Haushalt!I151 -> 1400 | G63: =Haushalt!#REF! -> #REF! | H63: 94 | I63: 1500 | J63: 2023.15 | K63: 1500 | L63: =Haushalt!O$151 -> 134.32 | M63: =Haushalt!P$151 -> 268.64 | N63: =Haushalt!Q$151 -> 402.96 | O63: =Haushalt!R$151 -> 537.28 | P63: =Haushalt!S$151 -> 671.6 | Q63: =Haushalt!T$151 -> 805.92 | R63: =Haushalt!U$151 -> 1068.24 | S63: =Haushalt!V$151 -> 1202.56 | T63: =Haushalt!W$151 -> 1336.88 | U63: =Haushalt!#REF! -> #REF! | V63: =Haushalt!#REF! -> #REF! | W63: =Haushalt!#REF! -> #REF!
A64: 531.43 | B64: 686.55 | C64: Bewirtung und Repräsentation intern | D64: =Haushalt!G163 -> 400 | E64: =HHJ_2024_2025!H223 -> 200 | F64: =Haushalt!I163 -> 500 | G64: =Haushalt!#REF! -> #REF! | H64: 0 | I64: 500 | J64: 0 | K64: 500 | L64: =Haushalt!O$163 -> 0 | M64: =Haushalt!P$163 -> 0 | N64: =Haushalt!Q$163 -> 0 | O64: =Haushalt!R$163 -> 0 | P64: =Haushalt!S$163 -> 0 | Q64: =Haushalt!T$163 -> 0 | R64: =Haushalt!U$163 -> 0 | S64: =Haushalt!V$163 -> 0 | T64: =Haushalt!W$163 -> 0 | U64: =Haushalt!#REF! -> #REF! | V64: =Haushalt!#REF! -> #REF! | W64: =Haushalt!#REF! -> #REF!
A65: 551.13 | B65: 686.53 | C65: Honorare Fachseminare | D65: =Haushalt!G187 -> 24540 | E65: =HHJ_2024_2025!H221 -> 105 | F65: =Haushalt!I187 -> 23000 | G65: =Haushalt!#REF! -> #REF! | H65: 0 | I65: 5000 | J65: 0 | K65: 5000 | L65: =Haushalt!O$187 -> 0 | M65: =Haushalt!P$187 -> 0 | N65: =Haushalt!Q$187 -> 0 | O65: =Haushalt!R$187 -> 0 | P65: =Haushalt!S$187 -> 0 | Q65: =Haushalt!T$187 -> 0 | R65: =Haushalt!U$187 -> 0 | S65: =Haushalt!V$187 -> 0 | T65: =Haushalt!W$187 -> 0 | U65: =Haushalt!#REF! -> #REF! | V65: =Haushalt!#REF! -> #REF! | W65: =Haushalt!#REF! -> #REF!
A66: 551.23 | B66: 686.53 | C66: Andere Honorare | D66: =Haushalt!G193 -> 2000 | F66: =Haushalt!I193 -> 2000 | G66: =Haushalt!#REF! -> #REF! | H66: 0 | I66: 1000 | J66: 0 | K66: 1000 | L66: =Haushalt!O$193 -> 0 | M66: =Haushalt!P$193 -> 0 | N66: =Haushalt!Q$193 -> 0 | O66: =Haushalt!R$193 -> 0 | P66: =Haushalt!S$193 -> 0 | Q66: =Haushalt!T$193 -> 0 | R66: =Haushalt!U$193 -> 0 | S66: =Haushalt!V$193 -> 0 | T66: =Haushalt!W$193 -> 0 | U66: =Haushalt!#REF! -> #REF! | V66: =Haushalt!#REF! -> #REF! | W66: =Haushalt!#REF! -> #REF!
A67: 551.33 | B67: 686.53 | C67: Ext. Reisekosten | D67: =Haushalt!G199 -> 100 | F67: =Haushalt!I199 -> 500 | G67: =Haushalt!#REF! -> #REF! | H67: 0 | I67: 500 | J67: 0 | K67: 500 | L67: =Haushalt!O$199 -> 0 | M67: =Haushalt!P$199 -> 0 | N67: =Haushalt!Q$199 -> 0 | O67: =Haushalt!R$199 -> 0 | P67: =Haushalt!S$199 -> 0 | Q67: =Haushalt!T$199 -> 0 | R67: =Haushalt!U$199 -> 0 | S67: =Haushalt!V$199 -> 0 | T67: =Haushalt!W$199 -> 0 | U67: =Haushalt!#REF! -> #REF! | V67: =Haushalt!#REF! -> #REF! | W67: =Haushalt!#REF! -> #REF!
A68: 551.43 | B68: 686.57 | C68: Bewirtung und Repräsentation extern | D68: =Haushalt!G205 -> 500 | E68: =HHJ_2024_2025!H225 -> 0 | F68: =Haushalt!I205 -> 200 | G68: =Haushalt!#REF! -> #REF! | H68: 0 | I68: 300 | J68: 0 | K68: 300 | L68: =Haushalt!O$205 -> 0 | M68: =Haushalt!P$205 -> 0 | N68: =Haushalt!Q$205 -> 0 | O68: =Haushalt!R$205 -> 0 | P68: =Haushalt!S$205 -> 0 | Q68: =Haushalt!T$205 -> 0 | R68: =Haushalt!U$205 -> 0 | S68: =Haushalt!V$205 -> 0 | T68: =Haushalt!W$205 -> 0 | U68: =Haushalt!#REF! -> #REF! | V68: =Haushalt!#REF! -> #REF! | W68: =Haushalt!#REF! -> #REF!
A69: 551.53 | B69: 686.56 | C69: Raum-u. Unterkunftskosten Sem.+Veranst. | D69: =Haushalt!G211 -> 600 | E69: =HHJ_2024_2025!H224 -> 0 | F69: =Haushalt!I211 -> 500 | G69: =Haushalt!#REF! -> #REF! | H69: 0 | I69: 500 | J69: 0 | K69: 500 | L69: =Haushalt!O$211 -> 0 | M69: =Haushalt!P$211 -> 0 | N69: =Haushalt!Q$211 -> 0 | O69: =Haushalt!R$211 -> 0 | P69: =Haushalt!S$211 -> 0 | Q69: =Haushalt!T$211 -> 0 | R69: =Haushalt!U$211 -> 0 | S69: =Haushalt!V$211 -> 0 | T69: =Haushalt!W$211 -> 0 | U69: =Haushalt!#REF! -> #REF! | V69: =Haushalt!#REF! -> #REF! | W69: =Haushalt!#REF! -> #REF!
A70: 551.63 | B70: 686.58 | C70: Verwaltungs- u. Druckkosten Seminare | D70: =Haushalt!G217 -> 2620 | E70: =HHJ_2024_2025!H226 -> 30 | F70: =Haushalt!I217 -> 0 | G70: =Haushalt!#REF! -> #REF! | H70: 0 | I70: 500 | J70: 0 | K70: 500 | L70: =Haushalt!O$217 -> 0 | M70: =Haushalt!P$217 -> 0 | N70: =Haushalt!Q$217 -> 0 | O70: =Haushalt!R$217 -> 0 | P70: =Haushalt!S$217 -> 0 | Q70: =Haushalt!T$217 -> 0 | R70: =Haushalt!U$217 -> 0 | S70: =Haushalt!V$217 -> 0 | T70: =Haushalt!W$217 -> 0 | U70: =Haushalt!#REF! -> #REF! | V70: =Haushalt!#REF! -> #REF! | W70: =Haushalt!#REF! -> #REF!
A71: 551.73 | B71: 686.58 | C71: Sonstige Kosten (Lizenzen, Allg.Geschäftsbetrieb) | D71: =Haushalt!G223 -> 1000 | F71: =Haushalt!I223 -> 1000 | G71: =Haushalt!#REF! -> #REF! | H71: 0 | I71: 500 | J71: 0 | K71: 500 | L71: =Haushalt!O$223 -> 0 | M71: =Haushalt!P$223 -> 0 | N71: =Haushalt!Q$223 -> 0 | O71: =Haushalt!R$223 -> 0 | P71: =Haushalt!S$223 -> 0 | Q71: =Haushalt!T$223 -> 0 | R71: =Haushalt!U$223 -> 0 | S71: =Haushalt!V$223 -> 0 | T71: =Haushalt!W$223 -> 35 | U71: =Haushalt!#REF! -> #REF! | V71: =Haushalt!#REF! -> #REF! | W71: =Haushalt!#REF! -> #REF!
A72: 560.70 | B72: 686.59 | C72: Rechtsangelegenheiten | D72: =Haushalt!G235/5 -> 584 | E72: =HHJ_2024_2025!H227 -> 0 | F72: =Haushalt!I235/5 -> 490 | G72: =Haushalt!#REF!/5 -> #REF! | H72: 0 | I72: 200 | J72: 0 | K72: 0 | L72: =Haushalt!O$235/5 -> 0 | M72: =Haushalt!P$235/5 -> 0 | N72: =Haushalt!Q$235/5 -> 0 | O72: =Haushalt!R$235/5 -> 0 | P72: =Haushalt!S$235/5 -> 0 | Q72: =Haushalt!T$235/5 -> 0 | R72: =Haushalt!U$235/5 -> 0 | S72: =Haushalt!V$235/5 -> 0 | T72: =Haushalt!W$235/5 -> 0 | U72: =Haushalt!#REF!/5 -> #REF! | V72: =Haushalt!#REF!/5 -> #REF! | W72: =Haushalt!#REF!/5 -> #REF!
C73: SUMME Ausgaben | D73: =SUM(D60:D72) -> 50644 | E73: =SUM(E60:E72) -> 13718.35 | F73: =SUM(F60:F72) -> 49590 | G73: =SUM(G60:G72) -> #REF! | H73: =SUM(H60:H72) -> 10579.42 | I73: =SUM(I60:I72) -> 24100 | J73: 11623.15 | K73: =SUM(K60:K72) -> 23900 | L73: =SUM(L60:L72) -> 134.32 | M73: =SUM(M60:M72) -> 268.64 | N73: =SUM(N60:N72) -> 402.96 | O73: =SUM(O60:O72) -> 537.28 | P73: =SUM(P60:P72) -> 671.6 | Q73: =SUM(Q60:Q72) -> 993.36 | R73: =SUM(R60:R72) -> 2375.08 | ... W73: =SUM(W60:W72) -> #REF!
C74: Summe Einnahmen - Ausgaben Psych | D74: =SUM(D12+D13+D14)-D73 -> -21422 | E74: =M17-E73 -> -13718.35 | F74: =SUM(F12+F13+F14)-F73 -> -25590 | G74: =SUM(G12+G13+G14)-G73 -> #REF! | H74: =SUM(H12+H13+H14)-H73 -> -10579.42 | I74: =SUM(I12+I13+I14)-I73 -> -19600 | J74: -11623.15 | K74: =SUM(K12+K13+K14)-K73 -> -23900 | L74: =L12-L73 -> -134.32 | M74: =M12-M73 -> -268.64 | N74: =N12-N73 -> -402.96 | O74: =O12-O73 -> -537.28 | P74: =P12-P73 -> -671.6 | Q74: =Q12-Q73 -> -993.36 | R74: =R12-R73 -> -2375.08 | S74: =S12-S73 -> -2509.4 | ... W74: =W12-W73 -> #REF!
A78: 686.6 | C78: Zuweisung Fachschaft ReWi
A79: 413.10 | B79: 686.61 | C79: AE fest (800 EUR monatlich) | D79: =800*12 -> 9600 | E79: 9600 | F79: =800*12 -> 9600 | G79: =800*12 -> 9600 | H79: 7680 | I79: 9600 | J79: 7680 | K79: 9600 | L79: =AE_Zuweisung_Fachschaften!E$49 -> 0 | M79: =AE_Zuweisung_Fachschaften!E$49+AE_Zuweisung_Fachschaften!F$49 -> 0 | N79: =AE_Zuweisung_Fachschaften!E$49+AE_Zuweisung_Fachschaften!F$49+AE_Zuweisung_Fachschaften!G$49 -> 0 | O79: =AE_Zuweisung_Fachschaften!E$49+AE_Zuweisung_Fachschaften!F$49+AE_Zuweisung_Fachschaften!G$49+AE_Zuweisung_Fachschaften!H$49 -> 0 | P79: =AE_Zuweisung_Fachschaften!E$49+AE_Zuweisung_Fachschaften!F$49+AE_Zuweisung_Fachschaften!G$49+AE_Zuweisung_Fachschaften!H$49+AE_Zuweisung_Fachschaften!I$49 -> 0 | Q79: =AE_Zuweisung_Fachschaften!E$49+AE_Zuweisung_Fachschaften!F$49+AE_Zuweisung_Fachschaften!G$49+AE_Zuweisung_Fachschaften!H$49+AE_Zuweisung_Fachschaften!I$49+AE_Zuweisung_Fachschaften!J$49 -> 0 | R79: =AE_Zuweisung_Fachschaften!E$49+AE_Zuweisung_Fachschaften!F$49+AE_Zuweisung_Fachschaften!G$49+AE_Zuweisung_Fachschaften!H$49+AE_Zuweisung_Fachschaften!I$49+AE_Zuweisung_Fachschaften!J$49+AE_Zuweisung_Fachschaften!K$49 -> 0 | S79: =AE_Zuweisung_Fachschaften!E$49+AE_Zuweisung_Fachschaften!F$49+AE_Zuweisung_Fachschaften!G$49+AE_Zuweisung_Fachschaften!H$49+AE_Zuweisung_Fachschaften!I$49+AE_Zuweisung_Fachschaften!J$49+AE_Zuweisung_Fachschaften!K$49+AE_Zuweisung_Fachschaften!L$49 -> 0 | T79: =AE_Zuweisung_Fachschaften!E$49+AE_Zuweisung_Fachschaften!F$49+AE_Zuweisung_Fachschaften!G$49+AE_Zuweisung_Fachschaften!H$49+AE_Zuweisung_Fachschaften!I$49+AE_Zuweisung_Fachschaften!J$49+AE_Zuweisung_Fachschaften!K$49+AE_Zuweisung_Fachschaften!L$49+AE_Zuweisung_Fachschaften!M$49 -> 0 | U79: =AE_Zuweisung_Fachschaften!E$49+AE_Zuweisung_Fachschaften!F$49+AE_Zuweisung_Fachschaften!G$49+AE_Zuweisung_Fachschaften!H$49+AE_Zuweisung_Fachschaften!I$49+AE_Zuweisung_Fachschaften!J$49+AE_Zuweisung_Fachschaften!K$49+AE_Zuweisung_Fachschaften!L$49+AE_Zuweisung_Fachschaften!M$49+AE_Zuweisung_Fachschaften!N$49 -> 0 | V79: =AE_Zuweisung_Fachschaften!E$49+AE_Zuweisung_Fachschaften!F$49+AE_Zuweisung_Fachschaften!G$49+AE_Zuweisung_Fachschaften!H$49+AE_Zuweisung_Fachschaften!I$49+AE_Zuweisung_Fachschaften!J$49+AE_Zuweisung_Fachschaften!K$49+AE_Zuweisung_Fachschaften!L$49+AE_Zuweisung_Fachschaften!M$49+AE_Zuweisung_Fachschaften!N$49+AE_Zuweisung_Fachschaften!O$49 -> 0 | W79: =AE_Zuweisung_Fachschaften!E$49+AE_Zuweisung_Fachschaften!F$49+AE_Zuweisung_Fachschaften!G$49+AE_Zuweisung_Fachschaften!H$49+AE_Zuweisung_Fachschaften!I$49+AE_Zuweisung_Fachschaften!J$49+AE_Zuweisung_Fachschaften!K$49+AE_Zuweisung_Fachschaften!L$49+AE_Zuweisung_Fachschaften!M$49+AE_Zuweisung_Fachschaften!N$49+AE_Zuweisung_Fachschaften!O$49+AE_Zuweisung_Fachschaften!P$49 -> 0
A80: 413.24 | B80: 686.61 | C80: AE variabel | D80: =Haushalt!G92 -> 5000 | E80: =HHJ_2024_2025!H229-E79 -> 2455 | F80: =Haushalt!I92 -> 4400 | G80: =Haushalt!#REF! -> #REF! | H80: 1860 | I80: 4400 | J80: 785 | K80: 4400 | L80: =Haushalt!O92 -> 220 | M80: =Haushalt!P92 -> 765 | N80: =Haushalt!Q92 -> 765 | O80: =Haushalt!R92 -> 850 | P80: =Haushalt!S92 -> 950 | Q80: =Haushalt!T92 -> 950 | R80: =Haushalt!U92 -> 1585 | S80: =Haushalt!V92 -> 1865 | T80: =Haushalt!W92 -> 1985
A81: 527.44 | B81: 686.62 | C81: FK und Verpfl.pauschalen | D81: =Haushalt!G140 -> 7800 | E81: =HHJ_2024_2025!H230 -> 2926.88 | F81: =Haushalt!I140 -> 12000 | G81: =Haushalt!#REF! -> #REF! | H81: 3131.09 | I81: 6000 | J81: 1401.96 | K81: 6000 | L81: =Haushalt!O$140 -> 247.8 | M81: =Haushalt!P$140 -> 1936.75 | N81: =Haushalt!Q$140 -> 1936.75 | O81: =Haushalt!R$140 -> 2072.95 | P81: =Haushalt!S$140 -> 2347.45 | Q81: =Haushalt!T$140 -> 2511.45 | R81: =Haushalt!U$140 -> 3724.05 | S81: =Haushalt!V$140 -> 4654.15 | T81: =Haushalt!W$140 -> 4714.15 | U81: =Haushalt!#REF! -> #REF! | V81: =Haushalt!#REF! -> #REF! | W81: =Haushalt!#REF! -> #REF!
A82: 529.44 | B82: 686.64 | C82: Raum-u. Unterkunftskosten | D82: =Haushalt!G152 -> 1700 | E82: =HHJ_2024_2025!H232 -> 1335.69 | F82: =Haushalt!I152 -> 2500 | G82: =Haushalt!#REF! -> #REF! | H82: 1281.51 | I82: 2500 | J82: 3007.13 | K82: 2500 | L82: =Haushalt!O$152 -> 218.43 | M82: =Haushalt!P$152 -> 1195.96 | N82: =Haushalt!Q$152 -> 1330.28 | O82: =Haushalt!R$152 -> 1559.1 | P82: =Haushalt!S$152 -> 1752.42 | Q82: =Haushalt!T$152 -> 1886.74 | R82: =Haushalt!U$152 -> 2330.72 | S82: =Haushalt!V$152 -> 2645.12 | T82: =Haushalt!W$152 -> 3048.57 | U82: =Haushalt!#REF! -> #REF! | V82: =Haushalt!#REF! -> #REF! | W82: =Haushalt!#REF! -> #REF!
A83: 531.44 | B83: 686.65 | C83: Bewirtung und Repräsentation intern | D83: =Haushalt!G164 -> 500 | E83: =HHJ_2024_2025!H233 -> 0 | F83: =Haushalt!I164 -> 500 | G83: =Haushalt!#REF! -> #REF! | H83: 0 | I83: 500 | J83: 203.02 | K83: 500 | L83: =Haushalt!O$164 -> 0 | M83: =Haushalt!P$164 -> 0 | N83: =Haushalt!Q$164 -> 0 | O83: =Haushalt!R$164 -> 0 | P83: =Haushalt!S$164 -> 0 | Q83: =Haushalt!T$164 -> 0 | R83: =Haushalt!U$164 -> 0 | S83: =Haushalt!V$164 -> 0 | T83: =Haushalt!W$164 -> 0 | U83: =Haushalt!#REF! -> #REF! | V83: =Haushalt!#REF! -> #REF! | W83: =Haushalt!#REF! -> #REF!
A84: 551.14 | B84: 686.63 | C84: Honorare Fachseminare | D84: =Haushalt!G188 -> 25715 | E84: =HHJ_2024_2025!H231 -> 21264.22 | F84: =Haushalt!I188 -> 22000 | G84: =Haushalt!#REF! -> #REF! | H84: 15581.06 | I84: 25000 | J84: 25703.75 | K84: 25000 | L84: =Haushalt!O$188 -> 0 | M84: =Haushalt!P$188 -> 880 | N84: =Haushalt!Q$188 -> 1760 | O84: =Haushalt!R$188 -> 1858.5 | P84: =Haushalt!S$188 -> 2585 | Q84: =Haushalt!T$188 -> 10985 | R84: =Haushalt!U$188 -> 10985 | S84: =Haushalt!V$188 -> 10985 | T84: =Haushalt!W$188 -> 10985 | U84: =Haushalt!#REF! -> #REF! | V84: =Haushalt!#REF! -> #REF! | W84: =Haushalt!#REF! -> #REF!
A85: 551.24 | B85: 686.63 | C85: Andere Honorare | D85: =Haushalt!G194 -> 2500 | F85: =Haushalt!I194 -> 0 | G85: =Haushalt!#REF! -> #REF! | H85: 3338.8 | I85: 3000 | J85: 0 | K85: 3000 | L85: =Haushalt!O$194 -> 0 | M85: =Haushalt!P$194 -> 0 | N85: =Haushalt!Q$194 -> 0 | O85: =Haushalt!R$194 -> 0 | P85: =Haushalt!S$194 -> 0 | Q85: =Haushalt!T$194 -> 0 | R85: =Haushalt!U$194 -> 0 | S85: =Haushalt!V$194 -> 0 | T85: =Haushalt!W$194 -> 800 | U85: =Haushalt!#REF! -> #REF! | V85: =Haushalt!#REF! -> #REF! | W85: =Haushalt!#REF! -> #REF!
A86: 551.34 | B86: 686.63 | C86: Ext. Reisekosten | D86: =Haushalt!G200 -> 500 | F86: =Haushalt!I200 -> 0 | G86: =Haushalt!#REF! -> #REF! | H86: 3338.8 | I86: 1000 | J86: 0 | K86: 1000 | L86: =Haushalt!O$200 -> 0 | M86: =Haushalt!P$200 -> 0 | N86: =Haushalt!Q$200 -> 0 | O86: =Haushalt!R$200 -> 0 | P86: =Haushalt!S$200 -> 0 | Q86: =Haushalt!T$200 -> 0 | R86: =Haushalt!U$200 -> 0 | S86: =Haushalt!V$200 -> 0 | T86: =Haushalt!W$200 -> 0 | U86: =Haushalt!#REF! -> #REF! | V86: =Haushalt!#REF! -> #REF! | W86: =Haushalt!#REF! -> #REF!
A87: 551.44 | B87: 686.67 | C87: Bewirtung und Repräsentation extern | D87: =Haushalt!G206 -> 450 | E87: =HHJ_2024_2025!H235 -> 0 | F87: =Haushalt!I206 -> 0 | G87: =Haushalt!#REF! -> #REF! | H87: 32 | I87: 300 | J87: 229.5 | K87: 300 | L87: =Haushalt!O$206 -> 0 | M87: =Haushalt!P$206 -> 0 | N87: =Haushalt!Q$206 -> 0 | O87: =Haushalt!R$206 -> 0 | P87: =Haushalt!S$206 -> 615.68 | Q87: =Haushalt!T$206 -> 615.68 | R87: =Haushalt!U$206 -> 646.97 | S87: =Haushalt!V$206 -> 646.97 | T87: =Haushalt!W$206 -> 646.97 | U87: =Haushalt!#REF! -> #REF! | V87: =Haushalt!#REF! -> #REF! | W87: =Haushalt!#REF! -> #REF!
A88: 551.54 | B88: 686.66 | C88: Raum-u. Unterkunftskosten Sem.+Veranst. | D88: =Haushalt!G212 -> 400 | E88: =HHJ_2024_2025!H234 -> 0 | F88: =Haushalt!I212 -> 1500 | G88: =Haushalt!#REF! -> #REF! | H88: 0 | I88: 1500 | J88: 0 | K88: 1500 | L88: =Haushalt!O$212 -> 0 | M88: =Haushalt!P$212 -> 0 | N88: =Haushalt!Q$212 -> 0 | O88: =Haushalt!R$212 -> 0 | P88: =Haushalt!S$212 -> 0 | Q88: =Haushalt!T$212 -> 0 | R88: =Haushalt!U$212 -> 0 | S88: =Haushalt!V$212 -> 0 | T88: =Haushalt!W$212 -> 0 | U88: =Haushalt!#REF! -> #REF! | V88: =Haushalt!#REF! -> #REF! | W88: =Haushalt!#REF! -> #REF!
A89: 551.64 | B89: 686.68 | C89: Verwaltungs- u. Druckkosten Seminare | D89: =Haushalt!G218 -> 1700 | E89: =HHJ_2024_2025!H236 -> 2143.6 | F89: =Haushalt!I218 -> 0 | G89: =Haushalt!#REF! -> #REF! | H89: 203.39 | I89: 100 | J89: 0 | K89: 100 | L89: =Haushalt!O$218 -> 0 | M89: =Haushalt!P$218 -> 0 | N89: =Haushalt!Q$218 -> 0 | O89: =Haushalt!R$218 -> 0 | P89: =Haushalt!S$218 -> 0 | Q89: =Haushalt!T$218 -> 0 | R89: =Haushalt!U$218 -> 0 | S89: =Haushalt!V$218 -> 0 | T89: =Haushalt!W$218 -> 0 | U89: =Haushalt!#REF! -> #REF! | V89: =Haushalt!#REF! -> #REF! | W89: =Haushalt!#REF! -> #REF!
A90: 551.74 | B90: 686.68 | C90: Sonstige Kosten (Lizenzen, Allg.Geschäftsbetrieb) | D90: =Haushalt!G224 -> 3500 | F90: =Haushalt!I224 -> 2000 | G90: =Haushalt!#REF! -> #REF! | H90: 1830.52 | I90: 2500 | J90: 1754.48 | K90: 2500 | L90: =Haushalt!O$224 -> 99 | M90: =Haushalt!P$224 -> 198 | N90: =Haushalt!Q$224 -> 297 | O90: =Haushalt!R$224 -> 396 | P90: =Haushalt!S$224 -> 495 | Q90: =Haushalt!T$224 -> 594 | R90: =Haushalt!U$224 -> 750.93 | S90: =Haushalt!V$224 -> 1429.33 | T90: =Haushalt!W$224 -> 1528.33 | U90: =Haushalt!#REF! -> #REF! | V90: =Haushalt!#REF! -> #REF! | W90: =Haushalt!#REF! -> #REF!
A91: 560.70 | B91: 686.69 | C91: Rechtsangelegenheiten | D91: =Haushalt!G235/5 -> 584 | E91: =HHJ_2024_2025!H237 -> 0 | F91: =Haushalt!I235/5 -> 490 | G91: =Haushalt!#REF!/5 -> #REF! | H91: 0 | I91: 200 | J91: 0 | K91: 0 | L91: =Haushalt!O$235/5 -> 0 | M91: =Haushalt!P$235/5 -> 0 | N91: =Haushalt!Q$235/5 -> 0 | O91: =Haushalt!R$235/5 -> 0 | P91: =Haushalt!S$235/5 -> 0 | Q91: =Haushalt!T$235/5 -> 0 | R91: =Haushalt!U$235/5 -> 0 | S91: =Haushalt!V$235/5 -> 0 | T91: =Haushalt!W$235/5 -> 0 | U91: =Haushalt!#REF!/5 -> #REF! | V91: =Haushalt!#REF!/5 -> #REF! | W91: =Haushalt!#REF!/5 -> #REF!
C92: SUMME Ausgaben | D92: =SUM(D79:D91) -> 59949 | E92: =SUM(E79:E91) -> 39725.39 | F92: =SUM(F79:F91) -> 54990 | G92: =SUM(G79:G91) -> #REF! | H92: =SUM(H79:H91) -> 38277.17 | I92: =SUM(I79:I91) -> 56600 | J92: 40764.84 | K92: =SUM(K79:K91) -> 56400 | L92: =SUM(L79:L91) -> 785.23 | M92: =SUM(M79:M91) -> 4975.71 | N92: =SUM(N79:N91) -> 6089.03 | O92: =SUM(O79:O91) -> 6736.55 | P92: =SUM(P79:P91) -> 8745.55 | Q92: =SUM(Q79:Q91) -> 17542.87 | R92: =SUM(R79:R91) -> 20022.67 | ... W92: =SUM(W79:W91) -> #REF!
C93: Summe Einnahmen - Ausgaben ReWi | D93: =SUM(D15+D16+D17)-D92 -> -30371 | E93: =E15-E92 -> -15840.39 | F93: =SUM(F15+F16+F17)-F92 -> -31490 | G93: =SUM(G15+G16+G17)-G92 -> #REF! | H93: =SUM(H15+H16+H17)-H92 -> -10117.17 | I93: =SUM(I15+I16+I17)-I92 -> -31600 | J93: -13964.84 | K93: =SUM(K15+K16+K17)-K92 -> -31400 | L93: -3263.15 | M93: -3972.15 | N93: -5699.73 | O93: =O15-O92 -> 863.45 | P93: =P15-P92 -> 5404.45 | Q93: =Q15-Q92 -> -2542.87 | R93: =R15-R92 -> -4672.67 | S93: =S15-S92 -> -6425.57 | T93: =T15-T92 -> -8408.02 | U93: =U15-U92 -> #REF! | V93: =V15-V92 -> #REF! | W93: =W15-W92 -> #REF!
A95: 686.7 | C95: Zuweisung Fachschaft METI
A96: 413.10 | B96: 686.71 | C96: AE fest (800 EUR monatlich) | D96: =Haushalt!G87/5 -> 9600 | E96: 9600 | F96: =Haushalt!I87/5 -> 9600 | G96: =800*12 -> 9600 | H96: 9600 | I96: 9600 | J96: 8640 | K96: 9600 | L96: =AE_Zuweisung_Fachschaften!E$66 -> 0 | M96: =AE_Zuweisung_Fachschaften!E$66+AE_Zuweisung_Fachschaften!F$66 -> 0 | N96: =AE_Zuweisung_Fachschaften!E$66+AE_Zuweisung_Fachschaften!F$66+AE_Zuweisung_Fachschaften!G$66 -> 0 | O96: =AE_Zuweisung_Fachschaften!E$66+AE_Zuweisung_Fachschaften!F$66+AE_Zuweisung_Fachschaften!G$66+AE_Zuweisung_Fachschaften!H$66 -> 0 | P96: =AE_Zuweisung_Fachschaften!E$66+AE_Zuweisung_Fachschaften!F$66+AE_Zuweisung_Fachschaften!G$66+AE_Zuweisung_Fachschaften!H$66+AE_Zuweisung_Fachschaften!I$66 -> 0 | Q96: =AE_Zuweisung_Fachschaften!E$66+AE_Zuweisung_Fachschaften!F$66+AE_Zuweisung_Fachschaften!G$66+AE_Zuweisung_Fachschaften!H$66+AE_Zuweisung_Fachschaften!I$66+AE_Zuweisung_Fachschaften!J$66 -> 0 | R96: =AE_Zuweisung_Fachschaften!E$66+AE_Zuweisung_Fachschaften!F$66+AE_Zuweisung_Fachschaften!G$66+AE_Zuweisung_Fachschaften!H$66+AE_Zuweisung_Fachschaften!I$66+AE_Zuweisung_Fachschaften!J$66+AE_Zuweisung_Fachschaften!K$66 -> 0 | S96: =AE_Zuweisung_Fachschaften!E$66+AE_Zuweisung_Fachschaften!F$66+AE_Zuweisung_Fachschaften!G$66+AE_Zuweisung_Fachschaften!H$66+AE_Zuweisung_Fachschaften!I$66+AE_Zuweisung_Fachschaften!J$66+AE_Zuweisung_Fachschaften!K$66+AE_Zuweisung_Fachschaften!L$66 -> 0 | T96: =AE_Zuweisung_Fachschaften!E$66+AE_Zuweisung_Fachschaften!F$66+AE_Zuweisung_Fachschaften!G$66+AE_Zuweisung_Fachschaften!H$66+AE_Zuweisung_Fachschaften!I$66+AE_Zuweisung_Fachschaften!J$66+AE_Zuweisung_Fachschaften!K$66+AE_Zuweisung_Fachschaften!L$66+AE_Zuweisung_Fachschaften!M$66 -> 0 | U96: =AE_Zuweisung_Fachschaften!E$66+AE_Zuweisung_Fachschaften!F$66+AE_Zuweisung_Fachschaften!G$66+AE_Zuweisung_Fachschaften!H$66+AE_Zuweisung_Fachschaften!I$66+AE_Zuweisung_Fachschaften!J$66+AE_Zuweisung_Fachschaften!K$66+AE_Zuweisung_Fachschaften!L$66+AE_Zuweisung_Fachschaften!M$66+AE_Zuweisung_Fachschaften!N$66 -> 0 | V96: =AE_Zuweisung_Fachschaften!E$66+AE_Zuweisung_Fachschaften!F$66+AE_Zuweisung_Fachschaften!G$66+AE_Zuweisung_Fachschaften!H$66+AE_Zuweisung_Fachschaften!I$66+AE_Zuweisung_Fachschaften!J$66+AE_Zuweisung_Fachschaften!K$66+AE_Zuweisung_Fachschaften!L$66+AE_Zuweisung_Fachschaften!M$66+AE_Zuweisung_Fachschaften!N$66+AE_Zuweisung_Fachschaften!O$66 -> 0 | W96: =AE_Zuweisung_Fachschaften!E$66+AE_Zuweisung_Fachschaften!F$66+AE_Zuweisung_Fachschaften!G$66+AE_Zuweisung_Fachschaften!H$66+AE_Zuweisung_Fachschaften!I$66+AE_Zuweisung_Fachschaften!J$66+AE_Zuweisung_Fachschaften!K$66+AE_Zuweisung_Fachschaften!L$66+AE_Zuweisung_Fachschaften!M$66+AE_Zuweisung_Fachschaften!N$66+AE_Zuweisung_Fachschaften!O$66+AE_Zuweisung_Fachschaften!P$66 -> 0
A97: 413.25 | B97: 686.71 | C97: AE variabel | D97: =Tabelle1[[#This Row],[SOLL HHJ 23-24 SP 11.11.2023]] -> 70000 | E97: =HHJ_2024_2025!H239-E96 -> 240 | F97: =Haushalt!I93 -> 2400 | G97: =Haushalt!#REF! -> #REF! | H97: 1005 | I97: 2004 | J97: 845 | K97: 2400 | L97: =Haushalt!O$93 -> 0 | M97: =Haushalt!P$93 -> 0 | N97: =Haushalt!Q$93 -> 0 | O97: =Haushalt!R$93 -> 0 | P97: =Haushalt!S$93 -> 185 | Q97: =Haushalt!T$93 -> 185 | R97: =Haushalt!U$93 -> 185 | S97: =Haushalt!V$93 -> 435 | T97: =Haushalt!W$93 -> 615
A98: 527.45 | B98: 686.72 | C98: FK und Verpfl.pauschalen | D98: =Haushalt!G141 -> 2000 | E98: =HHJ_2024_2025!H240 -> 180.7 | F98: =Haushalt!I141 -> 6000 | G98: =Haushalt!#REF! -> #REF! | H98: 628.63 | I98: 3000 | J98: 120 | K98: 3000 | L98: =Haushalt!O$141 -> 0 | M98: =Haushalt!P$141 -> 0 | N98: =Haushalt!Q$141 -> 0 | O98: =Haushalt!R$141 -> 61 | P98: =Haushalt!S$141 -> 469.43 | Q98: =Haushalt!T$141 -> 469.43 | R98: =Haushalt!U$141 -> 469.43 | S98: =Haushalt!V$141 -> 798.73 | T98: =Haushalt!W$141 -> 1089.83 | U98: =Haushalt!#REF! -> #REF! | V98: =Haushalt!#REF! -> #REF! | W98: =Haushalt!#REF! -> #REF!
A99: 529.45 | B99: 686.74 | C99: Raum-u. Unterkunftskosten | D99: =Haushalt!G153 -> 1150 | E99: =HHJ_2024_2025!H242 -> 0 | F99: =Haushalt!I153 -> 1500 | G99: =Haushalt!#REF! -> #REF! | H99: 324 | I99: 1500 | J99: 2055.15 | K99: 1500 | L99: =Haushalt!O$153 -> 134.32 | M99: =Haushalt!P$153 -> 268.64 | N99: =Haushalt!Q$153 -> 402.96 | O99: =Haushalt!R$153 -> 537.28 | P99: =Haushalt!S$153 -> 919.4 | Q99: =Haushalt!T$153 -> 1053.72 | R99: =Haushalt!U$153 -> 1188.04 | S99: =Haushalt!V$153 -> 1322.36 | T99: =Haushalt!W$153 -> 1611.05 | U99: =Haushalt!#REF! -> #REF! | V99: =Haushalt!#REF! -> #REF! | W99: =Haushalt!#REF! -> #REF!
A100: 531.45 | B100: 686.75 | C100: Bewirtung und Repräsentation intern | D100: =Haushalt!G165 -> 650 | E100: =HHJ_2024_2025!H243 -> 0 | F100: =Haushalt!I165 -> 250 | G100: =Haushalt!#REF! -> #REF! | H100: 179.38 | I100: 500 | J100: 0 | K100: 500 | L100: =Haushalt!O$165 -> 0 | M100: =Haushalt!P$165 -> 0 | N100: =Haushalt!Q$165 -> 0 | O100: =Haushalt!R$165 -> 0 | P100: =Haushalt!S$165 -> 0 | Q100: =Haushalt!T$165 -> 0 | R100: =Haushalt!U$165 -> 0 | S100: =Haushalt!V$165 -> 0 | T100: =Haushalt!W$165 -> 5.45 | U100: =Haushalt!#REF! -> #REF! | V100: =Haushalt!#REF! -> #REF! | W100: =Haushalt!#REF! -> #REF!
A101: 551.15 | B101: 686.73 | C101: Honorare Fachseminare | D101: =Haushalt!G189 -> 17200 | E101: =HHJ_2024_2025!H241 -> 6710 | F101: =Haushalt!I189 -> 15000 | G101: =Haushalt!#REF! -> #REF! | H101: 4620 | I101: 13000 | J101: 5280 | K101: 13000 | L101: =Haushalt!O$189 -> 2640 | M101: =Haushalt!P$189 -> 2640 | N101: =Haushalt!Q$189 -> 4840 | O101: =Haushalt!R$189 -> 4840 | P101: =Haushalt!S$189 -> 4840 | Q101: =Haushalt!T$189 -> 4840 | R101: =Haushalt!U$189 -> 4840 | S101: =Haushalt!V$189 -> 7370 | T101: =Haushalt!W$189 -> 7370 | U101: =Haushalt!#REF! -> #REF! | V101: =Haushalt!#REF! -> #REF! | W101: =Haushalt!#REF! -> #REF!
A102: 551.25 | B102: 686.73 | C102: Andere Honorare | D102: =Haushalt!G195 -> 1000 | F102: =Haushalt!I195 -> 0 | G102: =Haushalt!#REF! -> #REF! | H102: 990 | I102: 1000 | J102: 0 | K102: 1000 | L102: =Haushalt!O$195 -> 0 | M102: =Haushalt!P$195 -> 0 | N102: =Haushalt!Q$195 -> 0 | O102: =Haushalt!R$195 -> 0 | P102: =Haushalt!S$195 -> 0 | Q102: =Haushalt!T$195 -> 0 | R102: =Haushalt!U$195 -> 0 | S102: =Haushalt!V$195 -> 0 | T102: =Haushalt!W$195 -> 0 | U102: =Haushalt!#REF! -> #REF! | V102: =Haushalt!#REF! -> #REF! | W102: =Haushalt!#REF! -> #REF!
A103: 551.35 | B103: 686.73 | C103: Ext. Reisekosten | D103: =Haushalt!G201 -> 200 | F103: =Haushalt!I201 -> 0 | G103: =Haushalt!#REF! -> #REF! | H103: 990 | I103: 300 | J103: 0 | K103: 300 | L103: =Haushalt!O$201 -> 0 | M103: =Haushalt!P$201 -> 0 | N103: =Haushalt!Q$201 -> 0 | O103: =Haushalt!R$201 -> 0 | P103: =Haushalt!S$201 -> 0 | Q103: =Haushalt!T$201 -> 0 | R103: =Haushalt!U$201 -> 0 | S103: =Haushalt!V$201 -> 0 | T103: =Haushalt!W$201 -> 0 | U103: =Haushalt!#REF! -> #REF! | V103: =Haushalt!#REF! -> #REF! | W103: =Haushalt!#REF! -> #REF!
A104: 551.45 | B104: 686.77 | C104: Bewirtung und Repräsentation extern | D104: =Haushalt!G207 -> 250 | E104: =HHJ_2024_2025!H245 -> 0 | F104: =Haushalt!I207 -> 250 | G104: =Haushalt!#REF! -> #REF! | H104: 0 | I104: 300 | J104: 0 | K104: 300 | L104: =Haushalt!O$207 -> 0 | M104: =Haushalt!P$207 -> 0 | N104: =Haushalt!Q$207 -> 0 | O104: =Haushalt!R$207 -> 0 | P104: =Haushalt!S$207 -> 0 | Q104: =Haushalt!T$207 -> 0 | R104: =Haushalt!U$207 -> 0 | S104: =Haushalt!V$207 -> 0 | T104: =Haushalt!W$207 -> 0 | U104: =Haushalt!#REF! -> #REF! | V104: =Haushalt!#REF! -> #REF! | W104: =Haushalt!#REF! -> #REF!
A105: 551.55 | B105: 686.76 | C105: Raum-u. Unterkunftskosten Sem.+Veranst. | D105: =Haushalt!G213 -> 100 | E105: =HHJ_2024_2025!H244 -> 160 | F105: =Haushalt!I213 -> 250 | G105: =Haushalt!#REF! -> #REF! | H105: 0 | I105: 500 | J105: 0 | K105: 500 | L105: =Haushalt!O$213 -> 0 | M105: =Haushalt!P$213 -> 0 | N105: =Haushalt!Q$213 -> 0 | O105: =Haushalt!R$213 -> 0 | P105: =Haushalt!S$213 -> 0 | Q105: =Haushalt!T$213 -> 0 | R105: =Haushalt!U$213 -> 0 | S105: =Haushalt!V$213 -> 0 | T105: =Haushalt!W$213 -> 0 | U105: =Haushalt!#REF! -> #REF! | V105: =Haushalt!#REF! -> #REF! | W105: =Haushalt!#REF! -> #REF!
A106: 551.65 | B106: 686.78 | C106: Verwaltungs- u. Druckkosten Seminare | D106: =Haushalt!G219 -> 900 | E106: =HHJ_2024_2025!H246 -> 83.58 | F106: =Haushalt!I219 -> 0 | G106: =Haushalt!#REF! -> #REF! | H106: 18.54 | I106: 500 | J106: 0 | K106: 500 | L106: =Haushalt!O$219 -> 0 | M106: =Haushalt!P$219 -> 0 | N106: =Haushalt!Q$219 -> 0 | O106: =Haushalt!R$219 -> 0 | P106: =Haushalt!S$219 -> 0 | Q106: =Haushalt!T$219 -> 0 | R106: =Haushalt!U$219 -> 0 | S106: =Haushalt!V$219 -> 0 | T106: =Haushalt!W$219 -> 0 | U106: =Haushalt!#REF! -> #REF! | V106: =Haushalt!#REF! -> #REF! | W106: =Haushalt!#REF! -> #REF!
A107: 551.75 | B107: 676.78 | C107: Sonstige Kosten (Lizenzen, Allg.Geschäftsbetrieb) | D107: =Haushalt!G225 -> 1250 | F107: =Haushalt!I225 -> 500 | G107: =Haushalt!#REF! -> #REF! | H107: 166.89 | I107: 500 | J107: 214.19 | K107: 500 | L107: =Haushalt!O$225 -> 0 | M107: =Haushalt!P$225 -> 0 | N107: =Haushalt!Q$225 -> 0 | O107: =Haushalt!R$225 -> 0 | P107: =Haushalt!S$225 -> 0 | Q107: =Haushalt!T$225 -> 0 | R107: =Haushalt!U$225 -> 19.32 | S107: =Haushalt!V$225 -> 277.26 | T107: =Haushalt!W$225 -> 283.15 | U107: =Haushalt!#REF! -> #REF! | V107: =Haushalt!#REF! -> #REF! | W107: =Haushalt!#REF! -> #REF!
A108: 560.70 | B108: 686.79 | C108: Rechtsangelegenheiten | D108: =Haushalt!G235/5 -> 584 | E108: =HHJ_2024_2025!H247 -> 0 | F108: =Haushalt!I235/5 -> 490 | G108: =Haushalt!#REF!/5 -> #REF! | H108: 0 | I108: 200 | J108: 0 | K108: 0 | L108: =Haushalt!O$235/5 -> 0 | M108: =Haushalt!P$235/5 -> 0 | N108: =Haushalt!Q$235/5 -> 0 | O108: =Haushalt!R$235/5 -> 0 | P108: =Haushalt!S$235/5 -> 0 | Q108: =Haushalt!T$235/5 -> 0 | R108: =Haushalt!U$235/5 -> 0 | S108: =Haushalt!V$235/5 -> 0 | T108: =Haushalt!W$235/5 -> 0 | U108: =Haushalt!#REF!/5 -> #REF! | V108: =Haushalt!#REF!/5 -> #REF! | W108: =Haushalt!#REF!/5 -> #REF!
C109: SUMME Ausgaben | D109: =SUM(D96:D108) -> 104884 | E109: =SUM(E96:E108) -> 16974.28 | F109: =SUM(F96:F108) -> 36240 | G109: =SUM(G96:G108) -> #REF! | H109: =SUM(H96:H108) -> 18522.44 | I109: =SUM(I96:I108) -> 32904 | J109: 17154.34 | K109: =SUM(K96:K108) -> 33100 | L109: =SUM(L96:L108) -> 2774.32 | M109: =SUM(M96:M108) -> 2908.64 | N109: =SUM(N96:N108) -> 5242.96 | O109: =SUM(O96:O108) -> 5438.28 | P109: =SUM(P96:P108) -> 6413.83 | Q109: =SUM(Q96:Q108) -> 6548.15 | R109: =SUM(R96:R108) -> 6701.79 | ... W109: =SUM(W96:W108) -> #REF!
...

Sheet WiWi
A1: HHJ 2024/2025 | D1: HHJ | E1: HHJ | F1: HHJ | G1: HHJ | H1: HHJ | I1: HHJ | J1: HHJ | K1: HHJ | L1: HHJ | M1: HHJ | N1: HHJ | O1: HHJ | P1: HHJ | Q1: HHJ | R1: HHJ | S1: HHJ | T1: HHJ | U1: HHJ | V1: HHJ | W1: HHJ
D2: 2022 / 2023 | E2: 2022 / 2023 | F2: 2023 / 2024 | G2: 2023 / 2024 | H2: 2023 / 2024 | I2: 2024 / 2025 | J2: 2024/2025 | K2: 2025 / 2026 | L2: 2025/2026 | M2: 2025/2026 | N2: 2025/2026 | O2: 2025/2026 | P2: 2025/2026 | Q2: 2025/2026 | R2: 2025/2026 | S2: 2025/2026 | T2: 2025/2026 | U2: 2025/2026 | V2: 2025/2026 | W2: 2025/2026
A3: Neu | B3: Alt | D3: Soll | E3: IST | F3: Soll | G3: Soll | H3: Ist | I3: Soll | J3: IST | K3: Soll | L3: IST | M3: IST | N3: IST | O3: IST | P3: IST | Q3: IST | R3: IST | S3: IST | T3: IST | U3: IST | V3: IST | W3: IST
A4: Stand | C4: Titelbezeichnung | D4: SP-Beschluss 17.12.22 | E4: 45199 | F4: SP-Beschluss 11.11.2023 | G4: NACHTRAG SP-Beschluss 10.08.2024 | H4: 45565 | I4: SP 07.09.2024 | J4: 45930 | K4: Entwurf | L4: 45961 | M4: 45991 | N4: 46022 | O4: 46053 | P4: 46081 | Q4: 46112 | R4: 46142 | S4: 46173 | T4: 46203 | U4: 46234 | V4: 46265 | W4: 46295
C5: Einnahmen aus Veranstaltungen
A6: 210.10 | B6: 129.10 | C6: Teilnahmebeiträge Seminare FS WiWi | D6: =Haushalt!G38 -> 56381 | E6: =Fachschaften_Gesamt!E6 -> 37655.37 | F6: =Haushalt!I38 -> 46150 | G6: =Haushalt!#REF! -> #REF! | H6: 44449.34 | I6: 48000 | J6: 45959.97 | K6: =Fachschaften_Gesamt!K6 -> 45000 | L6: =Fachschaften_Gesamt!L6 -> 449.1 | M6: =Fachschaften_Gesamt!M6 -> 449.1 | N6: =Fachschaften_Gesamt!N6 -> 499 | O6: =Fachschaften_Gesamt!O6 -> 14071.89 | P6: =Fachschaften_Gesamt!P6 -> 21357.48 | Q6: =Fachschaften_Gesamt!Q6 -> 21307.48 | R6: =Fachschaften_Gesamt!R6 -> 21307.48 | ... W6: =Fachschaften_Gesamt!W6 -> #REF!
A7: 220.10 | C7: Teilnahmebeiträge Veranstaltungen FS WiWi | D7: =Haushalt!G45 -> 0 | F7: =Haushalt!I45 -> 0 | G7: =Haushalt!#REF! -> #REF! | H7: 0 | I7: 0 | J7: 0 | K7: =Fachschaften_Gesamt!K7 -> 0 | L7: =Fachschaften_Gesamt!L7 -> 0 | M7: =Fachschaften_Gesamt!M7 -> 0 | N7: =Fachschaften_Gesamt!N7 -> 0 | O7: =Fachschaften_Gesamt!O7 -> 0 | P7: =Fachschaften_Gesamt!P7 -> 0 | Q7: =Fachschaften_Gesamt!Q7 -> 0 | R7: =Fachschaften_Gesamt!R7 -> 0 | ... W7: =Fachschaften_Gesamt!W7 -> 0
A8: 230.10 | C8: Sonstige (Werbung, Förderung, Bewirtung) WiWi | D8: =Haushalt!G52 -> 0 | F8: =Haushalt!I52 -> 0 | G8: =Haushalt!#REF! -> #REF! | H8: 0 | I8: 0 | J8: 0 | K8: =Fachschaften_Gesamt!K8 -> 0 | L8: =Fachschaften_Gesamt!L8 -> 0 | M8: =Fachschaften_Gesamt!M8 -> 0 | N8: =Fachschaften_Gesamt!N8 -> 0 | O8: =Fachschaften_Gesamt!O8 -> 0 | P8: =Fachschaften_Gesamt!P8 -> 0 | Q8: =Fachschaften_Gesamt!Q8 -> 0 | R8: =Fachschaften_Gesamt!R8 -> 0 | ... W8: =Fachschaften_Gesamt!W8 -> 0
C9: Summe Einnahmen | D9: =SUM(D6:D8) -> 56381 | E9: =SUM(E6:E8) -> 37655.37 | F9: =SUM(F6:F8) -> 46150 | G9: =SUM(G6:G8) -> #REF! | H9: =SUM(H6:H8) -> 44449.34 | I9: =SUM(I6:I8) -> 48000 | J9: 45959.97 | K9: =SUM(K6:K8) -> 45000 | L9: =SUM(L6:L8) -> 449.1 | M9: =SUM(M6:M8) -> 449.1 | N9: =SUM(N6:N8) -> 499 | O9: =SUM(O6:O8) -> 14071.89 | P9: =SUM(P6:P8) -> 21357.48 | Q9: =SUM(Q6:Q8) -> 21307.48 | R9: =SUM(R6:R8) -> 21307.48 | ... W9: =SUM(W6:W8) -> #REF!
A11: 686.3 | C11: Zuweisung an Fachschaft WiWi
A12: 413.10 | B12: 686.31 | C12: AE fest (800 EUR monatlich) | D12: =800*12 -> 9600 | E12: =Fachschaften_Gesamt!E24 -> 9600 | F12: =800*12 -> 9600 | G12: =800*12 -> 9600 | H12: 9600 | I12: 9600 | J12: 9600 | K12: =Fachschaften_Gesamt!K24 -> 9600 | L12: =Fachschaften_Gesamt!L24 -> 0 | M12: =Fachschaften_Gesamt!M24 -> 0 | N12: =Fachschaften_Gesamt!N24 -> 0 | O12: =Fachschaften_Gesamt!O24 -> 0 | P12: =Fachschaften_Gesamt!P24 -> 0 | Q12: =Fachschaften_Gesamt!Q24 -> 0 | R12: =Fachschaften_Gesamt!R24 -> 0 | ... W12: =Fachschaften_Gesamt!W24 -> 0
A13: 413.21 | B13: 686.31 | C13: AE variabel | D13: =Haushalt!G89 -> 8600 | E13: =Fachschaften_Gesamt!E25 -> 3695 | F13: =Haushalt!I89 -> 8600 | G13: =Haushalt!#REF! -> #REF! | H13: 6315.5 | I13: 9500 | J13: 4100 | K13: =Fachschaften_Gesamt!K25 -> 9500 | L13: =Fachschaften_Gesamt!L25 -> 80 | M13: =Fachschaften_Gesamt!M25 -> 835 | N13: =Fachschaften_Gesamt!N25 -> 1280 | O13: =Fachschaften_Gesamt!O25 -> 1550 | P13: =Fachschaften_Gesamt!P25 -> 1550 | Q13: =Fachschaften_Gesamt!Q25 -> 1550 | R13: =Fachschaften_Gesamt!R25 -> 1880 | ... T13: =Fachschaften_Gesamt!T25 -> 2600
A14: 527.41 | B14: 686.32 | C14: FK und Verpfl.pauschalen | D14: =Haushalt!G137 -> 15000 | E14: =Fachschaften_Gesamt!E26 -> 4457.1 | F14: =Haushalt!I137 -> 15000 | G14: =Haushalt!#REF! -> #REF! | H14: 9623.41 | I14: 14000 | J14: 6469.75 | K14: =Fachschaften_Gesamt!K26 -> 14000 | L14: =Fachschaften_Gesamt!L26 -> 376 | M14: =Fachschaften_Gesamt!M26 -> 1610.31 | N14: =Fachschaften_Gesamt!N26 -> 2170.39 | O14: =Fachschaften_Gesamt!O26 -> 2651.08 | P14: =Fachschaften_Gesamt!P26 -> 2651.08 | Q14: =Fachschaften_Gesamt!Q26 -> 2651.08 | R14: =Fachschaften_Gesamt!R26 -> 3576.83 | ... W14: =Fachschaften_Gesamt!W26 -> #REF!
A15: 529.41 | B15: 686.34 | C15: Raum-u. Unterkunftskosten | D15: =Haushalt!G149 -> 4200 | E15: =Fachschaften_Gesamt!E27 -> 1647.92 | F15: =Haushalt!I149 -> 3000 | G15: =Haushalt!#REF! -> #REF! | H15: 2757.48 | I15: 6000 | J15: 4907.83 | K15: =Fachschaften_Gesamt!K27 -> 6000 | L15: =Fachschaften_Gesamt!L27 -> 134.32 | M15: =Fachschaften_Gesamt!M27 -> 860.27 | N15: =Fachschaften_Gesamt!N27 -> 994.59 | O15: =Fachschaften_Gesamt!O27 -> 1356.7 | P15: =Fachschaften_Gesamt!P27 -> 1491.02 | Q15: =Fachschaften_Gesamt!Q27 -> 1625.34 | R15: =Fachschaften_Gesamt!R27 -> 2165.46 | ... W15: =Fachschaften_Gesamt!W27 -> #REF!
A16: 531.41 | B16: 686.35 | C16: Bewirtung und Repräsentation intern | D16: =Haushalt!G161 -> 1000 | E16: =Fachschaften_Gesamt!E28 -> 148.96 | F16: =Haushalt!I161 -> 2000 | G16: =Haushalt!#REF! -> #REF! | H16: 4.59 | I16: 500 | J16: 1261.39 | K16: =Fachschaften_Gesamt!K28 -> 500 | L16: =Fachschaften_Gesamt!L28 -> 0 | M16: =Fachschaften_Gesamt!M28 -> 0 | N16: =Fachschaften_Gesamt!N28 -> 0 | O16: =Fachschaften_Gesamt!O28 -> 0 | P16: =Fachschaften_Gesamt!P28 -> 0 | Q16: =Fachschaften_Gesamt!Q28 -> 0 | R16: =Fachschaften_Gesamt!R28 -> 0 | ... W16: =Fachschaften_Gesamt!W28 -> #REF!
A17: 551.11 | B17: 686.33 | C17: Honorare Fachseminare | D17: =Haushalt!G185 -> 45600 | E17: =Fachschaften_Gesamt!E29 -> 32556.25 | F17: =Haushalt!I185 -> 40000 | G17: =Haushalt!#REF! -> #REF! | H17: 25505.38 | I17: 43750 | J17: 38662.5 | K17: =Fachschaften_Gesamt!K29 -> 43750 | L17: =Fachschaften_Gesamt!L29 -> 0 | M17: =Fachschaften_Gesamt!M29 -> 0 | N17: =Fachschaften_Gesamt!N29 -> 0 | O17: =Fachschaften_Gesamt!O29 -> 0 | P17: =Fachschaften_Gesamt!P29 -> 5362.5 | Q17: =Fachschaften_Gesamt!Q29 -> 12807.5 | R17: =Fachschaften_Gesamt!R29 -> 16547.5 | ... W17: =Fachschaften_Gesamt!W29 -> #REF!
A18: 551.21 | B18: 686.33 | C18: Andere Honorare | D18: =Haushalt!G191 -> 2000 | F18: =Haushalt!I191 -> 1000 | G18: =Haushalt!#REF! -> #REF! | H18: 5465.44 | I18: 1000 | J18: 0 | K18: =Fachschaften_Gesamt!K30 -> 1000 | L18: =Fachschaften_Gesamt!L30 -> 0 | M18: =Fachschaften_Gesamt!M30 -> 0 | N18: =Fachschaften_Gesamt!N30 -> 0 | O18: =Fachschaften_Gesamt!O30 -> 0 | P18: =Fachschaften_Gesamt!P30 -> 0 | Q18: =Fachschaften_Gesamt!Q30 -> 0 | R18: =Fachschaften_Gesamt!R30 -> 0 | ... W18: =Fachschaften_Gesamt!W30 -> #REF!
A19: 551.31 | B19: 686.33 | C19: Ext. Reisekosten | D19: =Haushalt!G197 -> 1100 | F19: =Haushalt!I197 -> 500 | G19: =Haushalt!#REF! -> #REF! | H19: 5465.44 | I19: 500 | J19: 0 | K19: =Fachschaften_Gesamt!K31 -> 500 | L19: =Fachschaften_Gesamt!L31 -> 0 | M19: =Fachschaften_Gesamt!M31 -> 0 | N19: =Fachschaften_Gesamt!N31 -> 0 | O19: =Fachschaften_Gesamt!O31 -> 0 | P19: =Fachschaften_Gesamt!P31 -> 0 | Q19: =Fachschaften_Gesamt!Q31 -> 0 | R19: =Fachschaften_Gesamt!R31 -> 0 | ... W19: =Fachschaften_Gesamt!W31 -> #REF!
A20: 551.41 | B20: 686.37 | C20: Bewirtung und Repräsentation extern | D20: =Haushalt!G203 -> 1500 | E20: =Fachschaften_Gesamt!E32 -> 0 | F20: =Haushalt!I203 -> 500 | G20: =Haushalt!#REF! -> #REF! | H20: 41.13 | I20: 1500 | J20: 642.6 | K20: =Fachschaften_Gesamt!K32 -> 1500 | L20: =Fachschaften_Gesamt!L32 -> 0 | M20: =Fachschaften_Gesamt!M32 -> 0 | N20: =Fachschaften_Gesamt!N32 -> 0 | O20: =Fachschaften_Gesamt!O32 -> 0 | P20: =Fachschaften_Gesamt!P32 -> 0 | Q20: =Fachschaften_Gesamt!Q32 -> 0 | R20: =Fachschaften_Gesamt!R32 -> 0 | ... W20: =Fachschaften_Gesamt!W32 -> #REF!
A21: 551.51 | B21: 686.36 | C21: Raum-u. Unterkunftskosten Sem.+Veranst. | D21: =Haushalt!G209 -> 3000 | E21: =Fachschaften_Gesamt!E33 -> 0 | F21: =Haushalt!I209 -> 500 | G21: =Haushalt!#REF! -> #REF! | H21: 0 | I21: 500 | J21: 0 | K21: =Fachschaften_Gesamt!K33 -> 500 | L21: =Fachschaften_Gesamt!L33 -> 0 | M21: =Fachschaften_Gesamt!M33 -> 0 | N21: =Fachschaften_Gesamt!N33 -> 0 | O21: =Fachschaften_Gesamt!O33 -> 0 | P21: =Fachschaften_Gesamt!P33 -> 0 | Q21: =Fachschaften_Gesamt!Q33 -> 0 | R21: =Fachschaften_Gesamt!R33 -> 0 | ... W21: =Fachschaften_Gesamt!W33 -> #REF!
A22: 551.61 | B22: 686.38 | C22: Verwaltungs- u. Druckkosten Seminare | D22: =Haushalt!G215 -> 4000 | E22: =Fachschaften_Gesamt!E34 -> 2413.98 | F22: =Haushalt!I215 -> 3500 | G22: =Haushalt!#REF! -> #REF! | H22: 240.67 | I22: 5000 | J22: 228 | K22: =Fachschaften_Gesamt!K34 -> 5000 | L22: =Fachschaften_Gesamt!L34 -> 0 | M22: =Fachschaften_Gesamt!M34 -> 0 | N22: =Fachschaften_Gesamt!N34 -> 0 | O22: =Fachschaften_Gesamt!O34 -> 0 | P22: =Fachschaften_Gesamt!P34 -> 0 | Q22: =Fachschaften_Gesamt!Q34 -> 0 | R22: =Fachschaften_Gesamt!R34 -> 0 | ... W22: =Fachschaften_Gesamt!W34 -> #REF!
A23: 551.71 | B23: 676.38 | C23: Sonstige Kosten (Lizenzen, Allg.Geschäftsbetrieb) | D23: =Haushalt!G221 -> 3400 | F23: =Haushalt!I221 -> 2500 | G23: =Haushalt!#REF! -> #REF! | H23: 2166.06 | I23: 2000 | J23: 1652.53 | K23: =Fachschaften_Gesamt!K35 -> 3150 | L23: =Fachschaften_Gesamt!L35 -> 99 | M23: =Fachschaften_Gesamt!M35 -> 368 | N23: =Fachschaften_Gesamt!N35 -> 467 | O23: =Fachschaften_Gesamt!O35 -> 566 | P23: =Fachschaften_Gesamt!P35 -> 1252.87 | Q23: =Fachschaften_Gesamt!Q35 -> 1597.2 | R23: =Fachschaften_Gesamt!R35 -> 1781.2 | ... W23: =Fachschaften_Gesamt!W35 -> #REF!
A24: 560.70 | B24: 686.39 | C24: Rechtsangelegenheiten | D24: =Haushalt!G235/5 -> 584 | E24: =Fachschaften_Gesamt!E36 -> 0 | F24: =Haushalt!I235/5 -> 490 | G24: =Haushalt!#REF!/5 -> #REF! | H24: 0 | I24: 200 | J24: 0 | K24: =Fachschaften_Gesamt!K36 -> 0 | L24: =Fachschaften_Gesamt!L36 -> 0 | M24: =Fachschaften_Gesamt!M36 -> 0 | N24: =Fachschaften_Gesamt!N36 -> 0 | O24: =Fachschaften_Gesamt!O36 -> 0 | P24: =Fachschaften_Gesamt!P36 -> 0 | Q24: =Fachschaften_Gesamt!Q36 -> 0 | R24: =Fachschaften_Gesamt!R36 -> 0 | ... W24: =Fachschaften_Gesamt!W36 -> #REF!
C25: SUMME Ausgaben | D25: =SUM(D12:D24) -> 99584 | E25: =SUM(E12:E24) -> 54519.21 | F25: =SUM(F12:F24) -> 87190 | G25: =SUM(G12:G24) -> #REF! | H25: =SUM(H12:H24) -> 67185.1 | I25: =SUM(I12:I24) -> 94050 | J25: 67524.6 | K25: =SUM(K12:K24) -> 95000 | L25: =SUM(L12:L24) -> 689.32 | M25: =SUM(M12:M24) -> 3673.58 | N25: =SUM(N12:N24) -> 4911.98 | O25: =SUM(O12:O24) -> 6123.78 | P25: =SUM(P12:P24) -> 12307.47 | Q25: =SUM(Q12:Q24) -> 20231.12 | R25: =SUM(R12:R24) -> 25950.99 | ... W25: =SUM(W12:W24) -> #REF!
C26: Summe Einnahmen - Ausgaben WiWi | D26: =SUM(D6+D7+D8)-D25 -> -43203 | E26: =E6-E25 -> -16863.84 | F26: =SUM(F6+F7+F8)-F25 -> -41040 | G26: =SUM(G6+G7+G8)-G25 -> #REF! | H26: =SUM(H6+H7+H8)-H25 -> -22735.76 | I26: =SUM(I6+I7+I8)-I25 -> -46050 | J26: -21564.63 | K26: =K9-K25 -> -50000 | L26: =L6-L25 -> -240.22 | M26: =M6-M25 -> -3224.48 | N26: =N6-N25 -> -4412.98 | O26: =O6-O25 -> 7948.11 | P26: =P9-P25 -> 9050.01 | Q26: =Q6-Q25 -> 1076.36 | R26: =R6-R25 -> -4643.51 | S26: =S6-S25 -> -6664.26 | T26: =T6-T25 -> -7582.98 | U26: =U6-U25 -> #REF! | V26: =V6-V25 -> #REF! | W26: =W6-W25 -> #REF!

Sheet KSW
A1: HHJ 2025/2026 | D1: HHJ | E1: HHJ | F1: HHJ | G1: HHJ | H1: HHJ | I1: HHJ | J1: HHJ | K1: HHJ | L1: HHJ | M1: HHJ | N1: HHJ | O1: HHJ | P1: HHJ | Q1: HHJ | R1: HHJ | S1: HHJ | T1: HHJ | U1: HHJ | V1: HHJ | W1: HHJ
D2: 2022 / 2023 | E2: 2022 / 2023 | F2: 2023 / 2024 | G2: 2023 / 2024 | H2: 2023 / 2024 | I2: 2024 / 2025 | J2: 2024/2025 | K2: 2025 / 2026 | L2: 2025/2026 | M2: 2025/2026 | N2: 2025/2026 | O2: 2025/2026 | P2: 2025/2026 | Q2: 2025/2026 | R2: 2025/2026 | S2: 2025/2026 | T2: 2025/2026 | U2: 2025/2026 | V2: 2025/2026 | W2: 2025/2026
A3: Neu | B3: Alt | D3: Soll | E3: IST | F3: Soll | G3: Soll | H3: Ist | I3: Soll | J3: IST | K3: Soll | L3: IST | M3: IST | N3: IST | O3: IST | P3: IST | Q3: IST | R3: IST | S3: IST | T3: IST | U3: IST | V3: IST | W3: IST
A4: Stand | C4: Titelbezeichnung | D4: SP-Beschluss 17.12.22 | E4: 45199 | F4: SP-Beschluss 11.11.2023 | G4: NACHTRAG SP-Beschluss 10.08.2024 | H4: 45565 | I4: SP 07.09.2024 | J4: 45930 | K4: Entwurf | L4: 45961 | M4: 45991 | N4: 46022 | O4: 46053 | P4: 46081 | Q4: 46112 | R4: 46142 | S4: 46173 | T4: 46203 | U4: 46234 | V4: 46265 | W4: 46295
C5: Einnahmen aus Veranstaltungen
A6: 210.20 | B6: 129.20 | C6: Teilnahmebeiträge Seminare FS KSW | D6: =Haushalt!G39 -> 10576 | E6: =Fachschaften_Gesamt!E9 -> 2690 | F6: =Haushalt!I39 -> 8510 | G6: =Haushalt!#REF! -> #REF! | H6: 2595 | I6: 4500 | J6: 1200 | K6: =Fachschaften_Gesamt!K9 -> 0 | L6: =Fachschaften_Gesamt!L9 -> 0 | M6: =Fachschaften_Gesamt!M9 -> 0 | N6: =Fachschaften_Gesamt!N9 -> 0 | O6: =Fachschaften_Gesamt!O9 -> 0 | P6: =Fachschaften_Gesamt!P9 -> 0 | Q6: =Fachschaften_Gesamt!Q9 -> 0 | R6: =Fachschaften_Gesamt!R9 -> 0 | ... W6: =Fachschaften_Gesamt!W9 -> #REF!
A7: 220.20 | C7: Teilnahmebeiträge Veranstaltungen FS KSW | D7: =Haushalt!G46 -> 1200 | F7: =Haushalt!I46 -> 500 | G7: =Haushalt!#REF! -> #REF! | J7: 0 | K7: =Fachschaften_Gesamt!K10 -> 0 | L7: =Fachschaften_Gesamt!L10 -> 0 | M7: =Fachschaften_Gesamt!M10 -> 0 | N7: =Fachschaften_Gesamt!N10 -> 0 | O7: =Fachschaften_Gesamt!O10 -> 0 | P7: =Fachschaften_Gesamt!P10 -> 0 | Q7: =Fachschaften_Gesamt!Q10 -> 0 | R7: =Fachschaften_Gesamt!R10 -> 0 | ... W7: =Fachschaften_Gesamt!W10 -> 0
A8: 230.20 | C8: Sonstige (Werbung, Förderung, Bewirtung) KSW | D8: =Haushalt!G53 -> 0 | F8: =Haushalt!I53 -> 0 | G8: =Haushalt!#REF! -> #REF! | J8: 0 | K8: =Fachschaften_Gesamt!K11 -> 0 | L8: =Fachschaften_Gesamt!L11 -> 0 | M8: =Fachschaften_Gesamt!M11 -> 0 | N8: =Fachschaften_Gesamt!N11 -> 0 | O8: =Fachschaften_Gesamt!O11 -> 0 | P8: =Fachschaften_Gesamt!P11 -> 0 | Q8: =Fachschaften_Gesamt!Q11 -> 0 | R8: =Fachschaften_Gesamt!R11 -> 0 | ... W8: =Fachschaften_Gesamt!W11 -> 0
C9: Summe Einnahmen | D9: =SUM(D6:D8) -> 11776 | E9: =SUM(E6:E8) -> 2690 | F9: =SUM(F6:F8) -> 9010 | G9: =SUM(G6:G8) -> #REF! | H9: =SUM(H6:H8) -> 2595 | I9: =SUM(I6:I8) -> 4500 | J9: 1200 | K9: =SUM(K6:K8) -> 0 | L9: =SUM(L6:L8) -> 0 | M9: =SUM(M6:M8) -> 0 | N9: =SUM(N6:N8) -> 0 | O9: =SUM(O6:O8) -> 0 | P9: =SUM(P6:P8) -> 0 | Q9: =SUM(Q6:Q8) -> 0 | R9: =SUM(R6:R8) -> 0 | ... W9: =SUM(W6:W8) -> #REF!
A11: 686.4 | C11: Zuweisung an Fachschaft KSW
A12: 413.10 | B12: 686.41 | C12: AE fest (800 EUR monatlich) | D12: =800*12 -> 9600 | E12: =Fachschaften_Gesamt!E43 -> 8530 | F12: =800*12 -> 9600 | G12: =800*12 -> 9600 | H12: 9575 | I12: 9600 | J12: 9300 | K12: =Fachschaften_Gesamt!K43 -> 9600 | L12: =Fachschaften_Gesamt!L43 -> 0 | M12: =Fachschaften_Gesamt!M43 -> 0 | N12: =Fachschaften_Gesamt!N43 -> 0 | O12: =Fachschaften_Gesamt!O43 -> 0 | P12: =Fachschaften_Gesamt!P43 -> 0 | Q12: =Fachschaften_Gesamt!Q43 -> 0 | R12: =Fachschaften_Gesamt!R43 -> 0 | ... W12: =Fachschaften_Gesamt!W43 -> 0
A13: 413.22 | B13: 686.41 | C13: AE variabel | D13: =Haushalt!G90 -> 5270 | E13: =Fachschaften_Gesamt!E44 -> 540 | F13: =Haushalt!I90 -> 5270 | G13: =Haushalt!#REF! -> #REF! | H13: 180 | I13: 2000 | J13: 380 | K13: =Fachschaften_Gesamt!K44 -> 2000 | L13: =Fachschaften_Gesamt!L44 -> 20 | M13: =Fachschaften_Gesamt!M44 -> 20 | N13: =Fachschaften_Gesamt!N44 -> 75 | O13: =Fachschaften_Gesamt!O44 -> 75 | P13: =Fachschaften_Gesamt!P44 -> 75 | Q13: =Fachschaften_Gesamt!Q44 -> 135 | R13: =Fachschaften_Gesamt!R44 -> 135 | ... T13: =Fachschaften_Gesamt!T44 -> 175 | W13: =Haushalt!#REF! -> #REF!
A14: 527.42 | B14: 686.42 | C14: FK und Verpfl.pauschalen | D14: =Haushalt!G138 -> 3570 | E14: =Fachschaften_Gesamt!E45 -> 995.33 | F14: =Haushalt!I138 -> 6000 | G14: =Haushalt!#REF! -> #REF! | H14: 130.43 | I14: 2000 | J14: 281.26 | K14: =Fachschaften_Gesamt!K45 -> 2000 | L14: =Fachschaften_Gesamt!L45 -> 0 | M14: =Fachschaften_Gesamt!M45 -> 0 | N14: =Fachschaften_Gesamt!N45 -> 12 | O14: =Fachschaften_Gesamt!O45 -> 12 | P14: =Fachschaften_Gesamt!P45 -> 12 | Q14: =Fachschaften_Gesamt!Q45 -> 63 | R14: =Fachschaften_Gesamt!R45 -> 63 | ... W14: =Fachschaften_Gesamt!W45 -> #REF!
A15: 529.42 | B15: 686.44 | C15: Raum-u. Unterkunftskosten | D15: =Haushalt!G150 -> 2670 | E15: =Fachschaften_Gesamt!E46 -> 320 | F15: =Haushalt!I150 -> 2670 | G15: =Haushalt!#REF! -> #REF! | H15: 461.4 | I15: 1500 | J15: 2613.32 | K15: =Fachschaften_Gesamt!K46 -> 1500 | L15: =Fachschaften_Gesamt!L46 -> 531.32 | M15: =Fachschaften_Gesamt!M46 -> 665.64 | N15: =Fachschaften_Gesamt!N46 -> 799.96 | O15: =Fachschaften_Gesamt!O46 -> 934.28 | P15: =Fachschaften_Gesamt!P46 -> 1068.6 | Q15: =Fachschaften_Gesamt!Q46 -> 1202.92 | R15: =Fachschaften_Gesamt!R46 -> 1202.92 | ... W15: =Fachschaften_Gesamt!W46 -> #REF!
A16: 531.42 | B16: 686.45 | C16: Bewirtung und Repräsentation intern | D16: =Haushalt!G162 -> 1200 | E16: =Fachschaften_Gesamt!E47 -> 0 | F16: =Haushalt!I162 -> 1200 | G16: =Haushalt!#REF! -> #REF! | H16: 0 | I16: 500 | J16: 1999.51 | K16: =Fachschaften_Gesamt!K47 -> 500 | L16: =Fachschaften_Gesamt!L47 -> 0 | M16: =Fachschaften_Gesamt!M47 -> 0 | N16: =Fachschaften_Gesamt!N47 -> 0 | O16: =Fachschaften_Gesamt!O47 -> 0 | P16: =Fachschaften_Gesamt!P47 -> 0 | Q16: =Fachschaften_Gesamt!Q47 -> 0 | R16: =Fachschaften_Gesamt!R47 -> 0 | ... W16: =Fachschaften_Gesamt!W47 -> #REF!
A17: 551.12 | B17: 686.43 | C17: Honorare Fachseminare | D17: =Haushalt!G186 -> 8510 | E17: =Fachschaften_Gesamt!E48 -> 2910 | F17: =Haushalt!I186 -> 8510 | G17: =Haushalt!#REF! -> #REF! | H17: 2310 | I17: 4000 | J17: 990 | K17: =Fachschaften_Gesamt!K48 -> 4000 | L17: =Fachschaften_Gesamt!L48 -> 0 | M17: =Fachschaften_Gesamt!M48 -> 0 | N17: =Fachschaften_Gesamt!N48 -> 0 | O17: =Fachschaften_Gesamt!O48 -> 0 | P17: =Fachschaften_Gesamt!P48 -> 0 | Q17: =Fachschaften_Gesamt!Q48 -> 0 | R17: =Fachschaften_Gesamt!R48 -> 0 | ... W17: =Fachschaften_Gesamt!W48 -> #REF!
A18: 551.22 | B18: 686.43 | C18: Andere Honorare | D18: =Haushalt!G192 -> 2640 | F18: =Haushalt!I192 -> 2640 | G18: =Haushalt!#REF! -> #REF! | H18: 495 | I18: 2000 | J18: 0 | K18: =Fachschaften_Gesamt!K49 -> 2000 | L18: =Fachschaften_Gesamt!L49 -> 0 | M18: =Fachschaften_Gesamt!M49 -> 0 | N18: =Fachschaften_Gesamt!N49 -> 0 | O18: =Fachschaften_Gesamt!O49 -> 0 | P18: =Fachschaften_Gesamt!P49 -> 0 | Q18: =Fachschaften_Gesamt!Q49 -> 0 | R18: =Fachschaften_Gesamt!R49 -> 0 | ... W18: =Fachschaften_Gesamt!W49 -> #REF!
A19: 551.32 | B19: 686.43 | C19: Ext. Reisekosten | D19: =Haushalt!G198 -> 100 | F19: =Haushalt!I198 -> 100 | G19: =Haushalt!#REF! -> #REF! | H19: 495 | I19: 500 | J19: 0 | K19: =Fachschaften_Gesamt!K50 -> 500 | L19: =Fachschaften_Gesamt!L50 -> 0 | M19: =Fachschaften_Gesamt!M50 -> 0 | N19: =Fachschaften_Gesamt!N50 -> 0 | O19: =Fachschaften_Gesamt!O50 -> 0 | P19: =Fachschaften_Gesamt!P50 -> 0 | Q19: =Fachschaften_Gesamt!Q50 -> 0 | R19: =Fachschaften_Gesamt!R50 -> 0 | ... W19: =Fachschaften_Gesamt!W50 -> #REF!
A20: 551.42 | B20: 686.47 | C20: Bewirtung und Repräsentation extern | D20: =Haushalt!G204 -> 340 | E20: =Fachschaften_Gesamt!E51 -> 0 | F20: =Haushalt!I204 -> 340 | G20: =Haushalt!#REF! -> #REF! | H20: 0 | I20: 300 | J20: 72.43 | K20: =Fachschaften_Gesamt!K51 -> 300 | L20: =Fachschaften_Gesamt!L51 -> 0 | M20: =Fachschaften_Gesamt!M51 -> 0 | N20: =Fachschaften_Gesamt!N51 -> 0 | O20: =Fachschaften_Gesamt!O51 -> 0 | P20: =Fachschaften_Gesamt!P51 -> 0 | Q20: =Fachschaften_Gesamt!Q51 -> 0 | R20: =Fachschaften_Gesamt!R51 -> 0 | ... W20: =Fachschaften_Gesamt!W51 -> #REF!
A21: 551.52 | B21: 686.46 | C21: Raum-u. Unterkunftskosten Sem.+Veranst. | D21: =Haushalt!G210 -> 200 | E21: =Fachschaften_Gesamt!E52 -> 0 | F21: =Haushalt!I210 -> 4500 | G21: =Haushalt!#REF! -> #REF! | H21: 0 | I21: 500 | J21: 0 | K21: =Fachschaften_Gesamt!K52 -> 500 | L21: =Fachschaften_Gesamt!L52 -> 0 | M21: =Fachschaften_Gesamt!M52 -> 0 | N21: =Fachschaften_Gesamt!N52 -> 0 | O21: =Fachschaften_Gesamt!O52 -> 0 | P21: =Fachschaften_Gesamt!P52 -> 0 | Q21: =Fachschaften_Gesamt!Q52 -> 0 | R21: =Fachschaften_Gesamt!R52 -> 0 | ... W21: =Fachschaften_Gesamt!W52 -> #REF!
A22: 551.62 | B22: 686.48 | C22: Verwaltungs- u. Druckkosten Seminare | D22: =Haushalt!G216 -> 1500 | E22: =Fachschaften_Gesamt!E53 -> 240 | F22: =Haushalt!I216 -> 1500 | G22: =Haushalt!#REF! -> #REF! | H22: 23.82 | I22: 500 | J22: 0 | K22: =Fachschaften_Gesamt!K53 -> 500 | L22: =Fachschaften_Gesamt!L53 -> 0 | M22: =Fachschaften_Gesamt!M53 -> 0 | N22: =Fachschaften_Gesamt!N53 -> 0 | O22: =Fachschaften_Gesamt!O53 -> 0 | P22: =Fachschaften_Gesamt!P53 -> 0 | Q22: =Fachschaften_Gesamt!Q53 -> 0 | R22: =Fachschaften_Gesamt!R53 -> 0 | ... W22: =Fachschaften_Gesamt!W53 -> #REF!
A23: 551.72 | B23: 676.48 | C23: Sonstige Kosten (Lizenzen, Allg.Geschäftsbetrieb) | D23: =Haushalt!G222 -> 1800 | F23: =Haushalt!I222 -> 2300 | G23: =Haushalt!#REF! -> #REF! | H23: 214.39 | I23: 500 | J23: 198.19 | K23: =Fachschaften_Gesamt!K54 -> 500 | L23: =Fachschaften_Gesamt!L54 -> 0 | M23: =Fachschaften_Gesamt!M54 -> 0 | N23: =Fachschaften_Gesamt!N54 -> 0 | O23: =Fachschaften_Gesamt!O54 -> 0 | P23: =Fachschaften_Gesamt!P54 -> 0 | Q23: =Fachschaften_Gesamt!Q54 -> 0 | R23: =Fachschaften_Gesamt!R54 -> 19.32 | ... W23: =Fachschaften_Gesamt!W54 -> #REF!
A24: 560.70 | B24: 686.49 | C24: Rechtsangelegenheiten | D24: =Haushalt!G235/5 -> 584 | E24: =Fachschaften_Gesamt!E55 -> 0 | F24: =Haushalt!I235/5 -> 490 | G24: =Haushalt!#REF!/5 -> #REF! | H24: 0 | I24: 200 | J24: 0 | K24: =Fachschaften_Gesamt!K55 -> 0 | L24: =Fachschaften_Gesamt!L55 -> 0 | M24: =Fachschaften_Gesamt!M55 -> 0 | N24: =Fachschaften_Gesamt!N55 -> 0 | O24: =Fachschaften_Gesamt!O55 -> 0 | P24: =Fachschaften_Gesamt!P55 -> 0 | Q24: =Fachschaften_Gesamt!Q55 -> 0 | R24: =Fachschaften_Gesamt!R55 -> 0 | ... W24: =Fachschaften_Gesamt!W55 -> #REF!
C25: SUMME Ausgaben | D25: =SUM(D12:D24) -> 37984 | E25: =SUM(E12:E24) -> 13535.33 | F25: =SUM(F12:F24) -> 45120 | G25: =SUM(G12:G24) -> #REF! | H25: =SUM(H12:H24) -> 13885.04 | I25: =SUM(I12:I24) -> 24100 | J25: 15834.71 | K25: =SUM(K12:K24) -> 23900 | L25: =SUM(L12:L24) -> 551.32 | M25: =SUM(M12:M24) -> 685.64 | N25: =SUM(N12:N24) -> 886.96 | O25: =SUM(O12:O24) -> 1021.28 | P25: =SUM(P12:P24) -> 1155.6 | Q25: =SUM(Q12:Q24) -> 1400.92 | R25: =SUM(R12:R24) -> 1420.24 | ... W25: =SUM(W12:W24) -> #REF!
C26: Summe Einnahmen - Ausgaben KSW | D26: =SUM(D6+D7+D8)-D25 -> -26208 | E26: =E6-E25 -> -10845.33 | F26: =SUM(F6+F7+F8)-F25 -> -36110 | G26: =SUM(G6+G7+G8)-G25 -> #REF! | H26: =SUM(H6+H7+H8)-H25 -> -11290.04 | I26: =SUM(I6+I7+I8)-I25 -> -19600 | J26: -14634.71 | K26: =K9-K25 -> -23900 | L26: =L6-L25 -> -551.32 | M26: =M6-M25 -> -685.64 | N26: =N6-N25 -> -886.96 | O26: =O6-O25 -> -1021.28 | P26: =P9-P25 -> -1155.6 | Q26: =Q6-Q25 -> -1400.92 | R26: =R6-R25 -> -1420.24 | S26: =S6-S25 -> -1613.38 | T26: =T6-T25 -> -1682.18 | U26: =U6-U25 -> #REF! | V26: =V6-V25 -> #REF! | W26: =W6-W25 -> #REF!

Sheet Psych
A1: HHJ 2025/2026 | D1: HHJ | E1: HHJ | F1: HHJ | G1: HHJ | H1: HHJ | I1: HHJ | J1: HHJ | K1: HHJ | L1: HHJ | M1: HHJ | N1: HHJ | O1: HHJ | P1: HHJ | Q1: HHJ | R1: HHJ | S1: HHJ | T1: HHJ | U1: HHJ | V1: HHJ | W1: HHJ
D2: 2022 / 2023 | E2: 2022 / 2023 | F2: 2023 / 2024 | G2: 2023 / 2024 | H2: 2023 / 2024 | I2: 2024 / 2025 | J2: 2024/2025 | K2: 2025 / 2026 | L2: 2025/2026 | M2: 2025/2026 | N2: 2025/2026 | O2: 2025/2026 | P2: 2025/2026 | Q2: 2025/2026 | R2: 2025/2026 | S2: 2025/2026 | T2: 2025/2026 | U2: 2025/2026 | V2: 2025/2026 | W2: 2025/2026
A3: Neu | B3: Alt | D3: Soll | E3: IST | F3: Soll | G3: Soll | H3: Ist | I3: Soll | J3: IST | K3: Soll | L3: IST | M3: IST | N3: IST | O3: IST | P3: IST | Q3: IST | R3: IST | S3: IST | T3: IST | U3: IST | V3: IST | W3: IST
A4: Stand | C4: Titelbezeichnung | D4: SP-Beschluss 17.12.22 | E4: 45199 | F4: SP-Beschluss 11.11.2023 | G4: NACHTRAG SP-Beschluss 10.08.2024 | H4: 45565 | I4: SP 07.09.2024 | J4: 45930 | K4: Entwurf | L4: 45961 | M4: 45991 | N4: 46022 | O4: 46053 | P4: 46081 | Q4: 46112 | R4: 46142 | S4: 46173 | T4: 46203 | U4: 46234 | V4: 46265 | W4: 46295
C5: Einnahmen aus Veranstaltungen
A6: 210.30 | B6: 129.60 | C6: Teilnahmebeiträge Seminare FS Psych | D6: 29222 | E6: =Fachschaften_Gesamt!E12 -> 0 | F6: 24000 | G6: =Haushalt!#REF! -> #REF! | H6: 0 | I6: 4500 | J6: 0 | K6: =Fachschaften_Gesamt!K12 -> 0 | L6: =Fachschaften_Gesamt!L12 -> 0 | M6: =Fachschaften_Gesamt!M12 -> 0 | N6: =Fachschaften_Gesamt!N12 -> 0 | O6: =Fachschaften_Gesamt!O12 -> 0 | P6: =Fachschaften_Gesamt!P12 -> 0 | Q6: =Fachschaften_Gesamt!Q12 -> 0 | R6: =Fachschaften_Gesamt!R12 -> 0 | ... W6: =Fachschaften_Gesamt!W12 -> #REF!
A7: 220.30 | C7: Teilnahmebeiträge Veranstaltungen FS Psych | D7: 0 | E7: 0 | F7: 0 | G7: 0 | K7: =Fachschaften_Gesamt!K13 -> 0
A8: 230.30 | C8: Sonstige (Werbung, Förderung, Bewirtung) Psych | D8: 0 | E8: 0 | F8: 0 | G8: 0 | K8: =Fachschaften_Gesamt!K14 -> 0
C9: Summe Einnahmen | D9: =SUM(D6:D8) -> 29222 | E9: =SUM(E6:E8) -> 0 | F9: =SUM(F6:F8) -> 24000 | G9: =SUM(G6:G8) -> #REF! | H9: =SUM(H6:H8) -> 0 | I9: =SUM(I6:I8) -> 4500 | J9: 0 | K9: =SUM(K6:K8) -> 0 | L9: =SUM(L6:L8) -> 0 | M9: =SUM(M6:M8) -> 0 | N9: =SUM(N6:N8) -> 0 | O9: =SUM(O6:O8) -> 0 | P9: =SUM(P6:P8) -> 0 | Q9: =SUM(Q6:Q8) -> 0 | R9: =SUM(R6:R8) -> 0 | ... W9: =SUM(W6:W8) -> #REF!
A11: 686.4 | C11: Zuweisung an Fachschaft Psych
A12: 413.10 | B12: 686.51 | C12: AE fest (800 EUR monatlich) | D12: =800*12 -> 9600 | E12: =Fachschaften_Gesamt!E60 -> 9600 | F12: =800*12 -> 9600 | G12: =800*12 -> 9600 | H12: 9600 | I12: 9600 | J12: 9600 | K12: =Fachschaften_Gesamt!K60 -> 9600 | L12: =Fachschaften_Gesamt!L60 -> 0 | M12: =Fachschaften_Gesamt!M60 -> 0 | N12: =Fachschaften_Gesamt!N60 -> 0 | O12: =Fachschaften_Gesamt!O60 -> 0 | P12: =Fachschaften_Gesamt!P60 -> 0 | Q12: =Fachschaften_Gesamt!Q60 -> 0 | R12: =Fachschaften_Gesamt!R60 -> 0 | ... W12: =Fachschaften_Gesamt!W60 -> 0
A13: 413.23 | B13: 686.51 | C13: AE variabel | D13: =Haushalt!G91 -> 4500 | E13: =Fachschaften_Gesamt!E61 -> 2435 | F13: =Haushalt!I91 -> 4400 | G13: =Haushalt!#REF! -> #REF! | H13: 180 | I13: 2000 | J13: 0 | K13: =Fachschaften_Gesamt!K61 -> 2000 | L13: =Fachschaften_Gesamt!L61 -> 0 | M13: =Fachschaften_Gesamt!M61 -> 0 | N13: =Fachschaften_Gesamt!N61 -> 0 | O13: 0 | P13: 0 | Q13: =Fachschaften_Gesamt!Q61 -> 30 | R13: =Fachschaften_Gesamt!R61 -> 395 | S13: =Fachschaften_Gesamt!S61 -> 395 | T13: =Fachschaften_Gesamt!T61 -> 420
A14: 527.43 | B14: 686.52 | C14: FK und Verpfl.pauschalen | D14: =Haushalt!G139 -> 2600 | E14: =Fachschaften_Gesamt!E62 -> 1081.38 | F14: =Haushalt!I139 -> 6000 | G14: =Haushalt!#REF! -> #REF! | H14: 705.42 | I14: 2000 | J14: 0 | K14: =Fachschaften_Gesamt!K62 -> 2000 | L14: =Fachschaften_Gesamt!L62 -> 0 | M14: =Fachschaften_Gesamt!M62 -> 0 | N14: =Fachschaften_Gesamt!N62 -> 0 | O14: =Fachschaften_Gesamt!O62 -> 0 | P14: =Fachschaften_Gesamt!P62 -> 0 | Q14: =Fachschaften_Gesamt!Q62 -> 157.44 | R14: =Fachschaften_Gesamt!R62 -> 911.84 | ... W14: =Fachschaften_Gesamt!W62 -> #REF!
A15: 529.43 | B15: 686.54 | C15: Raum-u. Unterkunftskosten | D15: =Haushalt!G151 -> 1600 | E15: =Fachschaften_Gesamt!E63 -> 266.97 | F15: =Haushalt!I151 -> 1400 | G15: =Haushalt!#REF! -> #REF! | H15: 94 | I15: 1500 | J15: 2023.15 | K15: =Fachschaften_Gesamt!K63 -> 1500 | L15: =Fachschaften_Gesamt!L63 -> 134.32 | M15: =Fachschaften_Gesamt!M63 -> 268.64 | N15: =Fachschaften_Gesamt!N63 -> 402.96 | O15: =Fachschaften_Gesamt!O63 -> 537.28 | P15: =Fachschaften_Gesamt!P63 -> 671.6 | Q15: =Fachschaften_Gesamt!Q63 -> 805.92 | R15: =Fachschaften_Gesamt!R63 -> 1068.24 | ... W15: =Fachschaften_Gesamt!W63 -> #REF!
A16: 531.43 | B16: 686.55 | C16: Bewirtung und Repräsentation intern | D16: =Haushalt!G163 -> 400 | E16: =Fachschaften_Gesamt!E64 -> 200 | F16: =Haushalt!I163 -> 500 | G16: =Haushalt!#REF! -> #REF! | H16: 0 | I16: 500 | J16: 0 | K16: =Fachschaften_Gesamt!K64 -> 500 | L16: =Fachschaften_Gesamt!L64 -> 0 | M16: =Fachschaften_Gesamt!M64 -> 0 | N16: =Fachschaften_Gesamt!N64 -> 0 | O16: =Fachschaften_Gesamt!O64 -> 0 | P16: =Fachschaften_Gesamt!P64 -> 0 | Q16: =Fachschaften_Gesamt!Q64 -> 0 | R16: =Fachschaften_Gesamt!R64 -> 0 | ... W16: =Fachschaften_Gesamt!W64 -> #REF!
A17: 551.12 | B17: 686.53 | C17: Honorare Fachseminare | D17: =Haushalt!G187 -> 24540 | E17: =Fachschaften_Gesamt!E65 -> 105 | F17: =Haushalt!I187 -> 23000 | G17: =Haushalt!#REF! -> #REF! | H17: 0 | I17: 5000 | J17: 0 | K17: =Fachschaften_Gesamt!K65 -> 5000 | L17: =Fachschaften_Gesamt!L65 -> 0 | M17: =Fachschaften_Gesamt!M65 -> 0 | N17: =Fachschaften_Gesamt!N65 -> 0 | O17: =Fachschaften_Gesamt!O65 -> 0 | P17: =Fachschaften_Gesamt!P65 -> 0 | Q17: =Fachschaften_Gesamt!Q65 -> 0 | R17: =Fachschaften_Gesamt!R65 -> 0 | ... W17: =Fachschaften_Gesamt!W65 -> #REF!
A18: 551.23 | B18: 686.53 | C18: Andere Honorare | D18: =Haushalt!G193 -> 2000 | F18: =Haushalt!I193 -> 2000 | G18: =Haushalt!#REF! -> #REF! | H18: 0 | I18: 1000 | J18: 0 | K18: =Fachschaften_Gesamt!K66 -> 1000 | L18: =Fachschaften_Gesamt!L66 -> 0 | M18: =Fachschaften_Gesamt!M66 -> 0 | N18: =Fachschaften_Gesamt!N66 -> 0 | O18: =Fachschaften_Gesamt!O66 -> 0 | P18: =Fachschaften_Gesamt!P66 -> 0 | Q18: =Fachschaften_Gesamt!Q66 -> 0 | R18: =Fachschaften_Gesamt!R66 -> 0 | ... W18: =Fachschaften_Gesamt!W66 -> #REF!
A19: 551.33 | B19: 686.53 | C19: Ext. Reisekosten | D19: =Haushalt!G199 -> 100 | F19: =Haushalt!I199 -> 500 | G19: =Haushalt!#REF! -> #REF! | H19: 0 | I19: 500 | J19: 0 | K19: =Fachschaften_Gesamt!K67 -> 500 | L19: =Fachschaften_Gesamt!L67 -> 0 | M19: =Fachschaften_Gesamt!M67 -> 0 | N19: =Fachschaften_Gesamt!N67 -> 0 | O19: =Fachschaften_Gesamt!O67 -> 0 | P19: =Fachschaften_Gesamt!P67 -> 0 | Q19: =Fachschaften_Gesamt!Q67 -> 0 | R19: =Fachschaften_Gesamt!R67 -> 0 | ... W19: =Fachschaften_Gesamt!W67 -> #REF!
A20: 551.43 | B20: 686.57 | C20: Bewirtung und Repräsentation extern | D20: =Haushalt!G205 -> 500 | E20: =Fachschaften_Gesamt!E68 -> 0 | F20: =Haushalt!I205 -> 200 | G20: =Haushalt!#REF! -> #REF! | H20: 0 | I20: 300 | J20: 0 | K20: =Fachschaften_Gesamt!K68 -> 300 | L20: =Fachschaften_Gesamt!L68 -> 0 | M20: =Fachschaften_Gesamt!M68 -> 0 | N20: =Fachschaften_Gesamt!N68 -> 0 | O20: =Fachschaften_Gesamt!O68 -> 0 | P20: =Fachschaften_Gesamt!P68 -> 0 | Q20: =Fachschaften_Gesamt!Q68 -> 0 | R20: =Fachschaften_Gesamt!R68 -> 0 | ... W20: =Fachschaften_Gesamt!W68 -> #REF!
A21: 551.53 | B21: 686.56 | C21: Raum-u. Unterkunftskosten Sem.+Veranst. | D21: =Haushalt!G211 -> 600 | E21: =Fachschaften_Gesamt!E69 -> 0 | F21: =Haushalt!I211 -> 500 | G21: =Haushalt!#REF! -> #REF! | H21: 0 | I21: 500 | J21: 0 | K21: =Fachschaften_Gesamt!K69 -> 500 | L21: =Fachschaften_Gesamt!L69 -> 0 | M21: =Fachschaften_Gesamt!M69 -> 0 | N21: =Fachschaften_Gesamt!N69 -> 0 | O21: =Fachschaften_Gesamt!O69 -> 0 | P21: =Fachschaften_Gesamt!P69 -> 0 | Q21: =Fachschaften_Gesamt!Q69 -> 0 | R21: =Fachschaften_Gesamt!R69 -> 0 | ... W21: =Fachschaften_Gesamt!W69 -> #REF!
A22: 551.63 | B22: 686.58 | C22: Verwaltungs- u. Druckkosten Seminare | D22: =Haushalt!G217 -> 2620 | E22: =Fachschaften_Gesamt!E70 -> 30 | F22: =Haushalt!I217 -> 0 | G22: =Haushalt!#REF! -> #REF! | H22: 0 | I22: 500 | J22: 0 | K22: =Fachschaften_Gesamt!K70 -> 500 | L22: =Fachschaften_Gesamt!L70 -> 0 | M22: =Fachschaften_Gesamt!M70 -> 0 | N22: =Fachschaften_Gesamt!N70 -> 0 | O22: =Fachschaften_Gesamt!O70 -> 0 | P22: =Fachschaften_Gesamt!P70 -> 0 | Q22: =Fachschaften_Gesamt!Q70 -> 0 | R22: =Fachschaften_Gesamt!R70 -> 0 | ... W22: =Fachschaften_Gesamt!W70 -> #REF!
A23: 551.73 | B23: 686.58 | C23: Sonstige Kosten (Lizenzen, Allg.Geschäftsbetrieb) | D23: =Haushalt!G223 -> 1000 | F23: =Haushalt!I223 -> 1000 | G23: =Haushalt!#REF! -> #REF! | H23: 0 | I23: 500 | J23: 0 | K23: =Fachschaften_Gesamt!K71 -> 500 | L23: =Fachschaften_Gesamt!L71 -> 0 | M23: =Fachschaften_Gesamt!M71 -> 0 | N23: =Fachschaften_Gesamt!N71 -> 0 | O23: =Fachschaften_Gesamt!O71 -> 0 | P23: =Fachschaften_Gesamt!P71 -> 0 | Q23: =Fachschaften_Gesamt!Q71 -> 0 | R23: =Fachschaften_Gesamt!R71 -> 0 | ... W23: =Fachschaften_Gesamt!W71 -> #REF!
A24: 560.70 | B24: 686.59 | C24: Rechtsangelegenheiten | D24: =Haushalt!G235/5 -> 584 | E24: =Fachschaften_Gesamt!E72 -> 0 | F24: =Haushalt!I235/5 -> 490 | G24: =Haushalt!#REF!/5 -> #REF! | H24: 0 | I24: 200 | J24: 0 | K24: =Fachschaften_Gesamt!K72 -> 0 | L24: =Fachschaften_Gesamt!L72 -> 0 | M24: =Fachschaften_Gesamt!M72 -> 0 | N24: =Fachschaften_Gesamt!N72 -> 0 | O24: =Fachschaften_Gesamt!O72 -> 0 | P24: =Fachschaften_Gesamt!P72 -> 0 | Q24: =Fachschaften_Gesamt!Q72 -> 0 | R24: =Fachschaften_Gesamt!R72 -> 0 | ... W24: =Fachschaften_Gesamt!W72 -> #REF!
C25: SUMME Ausgaben | D25: =SUM(D12:D24) -> 50644 | E25: =SUM(E12:E24) -> 13718.35 | F25: =SUM(F12:F24) -> 49590 | G25: =SUM(G12:G24) -> #REF! | H25: =SUM(H12:H24) -> 10579.42 | I25: =SUM(I12:I24) -> 24100 | J25: 11623.15 | K25: =SUM(K12:K24) -> 23900 | L25: =SUM(L12:L24) -> 134.32 | M25: =SUM(M12:M24) -> 268.64 | N25: =SUM(N12:N24) -> 402.96 | O25: =SUM(O12:O24) -> 537.28 | P25: =SUM(P12:P24) -> 671.6 | Q25: =SUM(Q12:Q24) -> 993.36 | R25: =SUM(R12:R24) -> 2375.08 | ... W25: =SUM(W12:W24) -> #REF!
C26: Summe Einnahmen - Ausgaben Psych | D26: =SUM(D6+D7+D8)-D25 -> -21422 | E26: =E6-E25 -> -13718.35 | F26: =SUM(F6+F7+F8)-F25 -> -25590 | G26: =SUM(G6+G7+G8)-G25 -> #REF! | H26: =SUM(H6+H7+H8)-H25 -> -10579.42 | I26: =SUM(I6+I7+I8)-I25 -> -19600 | J26: -11623.15 | K26: =K9-K25 -> -23900 | L26: =L6-L25 -> -134.32 | M26: =M6-M25 -> -268.64 | N26: =N6-N25 -> -402.96 | O26: =O6-O25 -> -537.28 | P26: =P6-P25 -> -671.6 | Q26: =Q6-Q25 -> -993.36 | R26: =R6-R25 -> -2375.08 | S26: =S6-S25 -> -2509.4 | ... W26: =W6-W25 -> #REF!

Sheet ReWi
A1: HHJ 2025/2026 | D1: HHJ | E1: HHJ | F1: HHJ | G1: HHJ | H1: HHJ | I1: HHJ | J1: HHJ | K1: HHJ | L1: HHJ | M1: HHJ | N1: HHJ | O1: HHJ | P1: HHJ | Q1: HHJ | R1: HHJ | S1: HHJ | T1: HHJ | U1: HHJ | V1: HHJ | W1: HHJ
D2: 2022 / 2023 | E2: 2022 / 2023 | F2: 2023 / 2024 | G2: 2023 / 2024 | H2: 2023 / 2024 | I2: 2024 / 2025 | J2: 2024/2025 | K2: 2025 / 2026 | L2: 2025/2026 | M2: 2025/2026 | N2: 2025/2026 | O2: 2025/2026 | P2: 2025/2026 | Q2: 2025/2026 | R2: 2025/2026 | S2: 2025/2026 | T2: 2025/2026 | U2: 2025/2026 | V2: 2025/2026 | W2: 2025/2026
A3: Neu | B3: Alt | D3: Soll | E3: IST | F3: Soll | G3: Soll | H3: Ist | I3: Soll | J3: IST | K3: Soll | L3: IST | M3: IST | N3: IST | O3: IST | P3: IST | Q3: IST | R3: IST | S3: IST | T3: IST | U3: IST | V3: IST | W3: IST
A4: Stand | C4: Titelbezeichnung | D4: SP-Beschluss 04.09.21 | E4: 45199 | F4: SP-Beschluss 11.11.2023 | G4: NACHTRAG SP-Beschluss 10.08.2024 | H4: 45565 | I4: SP 07.09.2024 | J4: 45930 | K4: Entwurf | L4: 45961 | M4: 45991 | N4: 46022 | O4: 46053 | P4: 46081 | Q4: 46112 | R4: 46142 | S4: 46173 | T4: 46203 | U4: 46234 | V4: 46265 | W4: 46295
C5: Einnahmen aus Veranstaltungen
A6: 210.40 | B6: 129.40 | C6: Teilnahmebeiträge Seminare FS ReWi | D6: =Haushalt!G41 -> 29578 | E6: =Fachschaften_Gesamt!E15 -> 23885 | F6: =Haushalt!I41 -> 23500 | G6: =Haushalt!#REF! -> #REF! | H6: 28160 | I6: 25000 | J6: 26800 | K6: =Fachschaften_Gesamt!K15 -> 25000 | L6: =Fachschaften_Gesamt!L15 -> 1400 | M6: =Fachschaften_Gesamt!M15 -> 3700 | N6: =Fachschaften_Gesamt!N15 -> 3700 | O6: =Fachschaften_Gesamt!O15 -> 7600 | P6: =Fachschaften_Gesamt!P15 -> 14150 | Q6: =Fachschaften_Gesamt!Q15 -> 15000 | R6: =Fachschaften_Gesamt!R15 -> 15350 | ... W6: =Fachschaften_Gesamt!W15 -> #REF!
A7: 220.40 | C7: Teilnahmebeiträge Veranstaltungen FS ReWi | D7: =Haushalt!G48 -> 0 | F7: =Haushalt!I48 -> 0 | G7: =Haushalt!#REF! -> #REF! | K7: =Fachschaften_Gesamt!K16 -> 0
A8: 230.40 | C8: Sonstige (Werbung, Förderung, Bewirtung) ReWi | D8: =Haushalt!G55 -> 0 | F8: =Haushalt!I55 -> 0 | G8: =Haushalt!#REF! -> #REF! | K8: =Fachschaften_Gesamt!K17 -> 0
C9: Summe Einnahmen | D9: =SUM(D6:D8) -> 29578 | E9: =SUM(E6:E8) -> 23885 | F9: =SUM(F6:F8) -> 23500 | G9: =SUM(G6:G8) -> #REF! | H9: =SUM(H6:H8) -> 28160 | I9: =SUM(I6:I8) -> 25000 | J9: 26800 | K9: =SUM(K6:K8) -> 25000 | L9: =SUM(L6:L8) -> 1400 | M9: =SUM(M6:M8) -> 3700 | N9: =SUM(N6:N8) -> 3700 | O9: =SUM(O6:O8) -> 7600 | P9: =SUM(P6:P8) -> 14150 | Q9: =SUM(Q6:Q8) -> 15000 | R9: =SUM(R6:R8) -> 15350 | ... W9: =SUM(W6:W8) -> #REF!
A12: 686.6 | C12: Zuweisung Fachschaft ReWi
A13: 413.10 | B13: 686.61 | C13: AE fest (800 EUR monatlich) | D13: =800*12 -> 9600 | E13: =Fachschaften_Gesamt!E79 -> 9600 | F13: =800*12 -> 9600 | G13: =800*12 -> 9600 | H13: 7680 | I13: 9600 | J13: 7680 | K13: =Fachschaften_Gesamt!K79 -> 9600 | L13: =Fachschaften_Gesamt!L79 -> 0 | M13: =Fachschaften_Gesamt!M79 -> 0 | N13: =Fachschaften_Gesamt!N79 -> 0 | O13: =Fachschaften_Gesamt!O79 -> 0 | P13: =Fachschaften_Gesamt!P79 -> 0 | Q13: =Fachschaften_Gesamt!Q79 -> 0 | R13: =Fachschaften_Gesamt!R79 -> 0 | ... W13: =Fachschaften_Gesamt!W79 -> 0
A14: 413.24 | B14: 686.61 | C14: AE variabel | D14: =Haushalt!G92 -> 5000 | E14: =Fachschaften_Gesamt!E80 -> 2455 | F14: =Haushalt!I92 -> 4400 | G14: =Haushalt!#REF! -> #REF! | H14: 1860 | I14: 4400 | J14: 705 | K14: =Fachschaften_Gesamt!K80 -> 4400 | L14: =Fachschaften_Gesamt!L80 -> 220 | M14: =Fachschaften_Gesamt!M80 -> 765 | N14: =Fachschaften_Gesamt!N80 -> 765 | O14: =Fachschaften_Gesamt!O80 -> 850 | P14: =Fachschaften_Gesamt!P80 -> 950 | Q14: =Fachschaften_Gesamt!Q80 -> 950 | R14: =Fachschaften_Gesamt!R80 -> 1585 | ... T14: =Fachschaften_Gesamt!T80 -> 1985
A15: 527.44 | B15: 686.62 | C15: FK und Verpfl.pauschalen | D15: =Haushalt!G140 -> 7800 | E15: =Fachschaften_Gesamt!E81 -> 2926.88 | F15: =Haushalt!I140 -> 12000 | G15: =Haushalt!#REF! -> #REF! | H15: 3131.09 | I15: 6000 | J15: 1401.96 | K15: =Fachschaften_Gesamt!K81 -> 6000 | L15: =Fachschaften_Gesamt!L81 -> 247.8 | M15: =Fachschaften_Gesamt!M81 -> 1936.75 | N15: =Fachschaften_Gesamt!N81 -> 1936.75 | O15: =Fachschaften_Gesamt!O81 -> 2072.95 | P15: =Fachschaften_Gesamt!P81 -> 2347.45 | Q15: =Fachschaften_Gesamt!Q81 -> 2511.45 | R15: =Fachschaften_Gesamt!R81 -> 3724.05 | ... W15: =Fachschaften_Gesamt!W81 -> #REF!
A16: 529.44 | B16: 686.64 | C16: Raum-u. Unterkunftskosten | D16: =Haushalt!G152 -> 1700 | E16: =Fachschaften_Gesamt!E82 -> 1335.69 | F16: =Haushalt!I152 -> 2500 | G16: =Haushalt!#REF! -> #REF! | H16: 1281.51 | I16: 2500 | J16: 3007.13 | K16: =Fachschaften_Gesamt!K82 -> 2500 | L16: =Fachschaften_Gesamt!L82 -> 218.43 | M16: =Fachschaften_Gesamt!M82 -> 1195.96 | N16: =Fachschaften_Gesamt!N82 -> 1330.28 | O16: =Fachschaften_Gesamt!O82 -> 1559.1 | P16: =Fachschaften_Gesamt!P82 -> 1752.42 | Q16: =Fachschaften_Gesamt!Q82 -> 1886.74 | R16: =Fachschaften_Gesamt!R82 -> 2330.72 | ... W16: =Fachschaften_Gesamt!W82 -> #REF!
A17: 531.44 | B17: 686.65 | C17: Bewirtung und Repräsentation intern | D17: =Haushalt!G164 -> 500 | E17: =Fachschaften_Gesamt!E83 -> 0 | F17: =Haushalt!I164 -> 500 | G17: =Haushalt!#REF! -> #REF! | H17: 0 | I17: 500 | J17: 203.02 | K17: =Fachschaften_Gesamt!K83 -> 500 | L17: =Fachschaften_Gesamt!L83 -> 0 | M17: =Fachschaften_Gesamt!M83 -> 0 | N17: =Fachschaften_Gesamt!N83 -> 0 | O17: =Fachschaften_Gesamt!O83 -> 0 | P17: =Fachschaften_Gesamt!P83 -> 0 | Q17: =Fachschaften_Gesamt!Q83 -> 0 | R17: =Fachschaften_Gesamt!R83 -> 0 | ... W17: =Fachschaften_Gesamt!W83 -> #REF!
A18: 551.14 | B18: 686.63 | C18: Honorare Fachseminare | D18: =Haushalt!G188 -> 25715 | E18: =Fachschaften_Gesamt!E84 -> 21264.22 | F18: =Haushalt!I188 -> 22000 | G18: =Haushalt!#REF! -> #REF! | H18: 15581.06 | I18: 25000 | J18: 25703.75 | K18: =Fachschaften_Gesamt!K84 -> 25000 | L18: =Fachschaften_Gesamt!L84 -> 0 | M18: =Fachschaften_Gesamt!M84 -> 880 | N18: =Fachschaften_Gesamt!N84 -> 1760 | O18: =Fachschaften_Gesamt!O84 -> 1858.5 | P18: =Fachschaften_Gesamt!P84 -> 2585 | Q18: =Fachschaften_Gesamt!Q84 -> 10985 | R18: =Fachschaften_Gesamt!R84 -> 10985 | ... W18: =Fachschaften_Gesamt!W84 -> #REF!
A19: 551.24 | B19: 686.63 | C19: Andere Honorare | D19: =Haushalt!G194 -> 2500 | F19: =Haushalt!I194 -> 0 | G19: =Haushalt!#REF! -> #REF! | H19: 3338.8 | I19: 3000 | J19: 0 | K19: =Fachschaften_Gesamt!K85 -> 3000 | L19: =Fachschaften_Gesamt!L85 -> 0 | M19: =Fachschaften_Gesamt!M85 -> 0 | N19: =Fachschaften_Gesamt!N85 -> 0 | O19: =Fachschaften_Gesamt!O85 -> 0 | P19: =Fachschaften_Gesamt!P85 -> 0 | Q19: =Fachschaften_Gesamt!Q85 -> 0 | R19: =Fachschaften_Gesamt!R85 -> 0 | ... W19: =Fachschaften_Gesamt!W85 -> #REF!
A20: 551.34 | B20: 686.63 | C20: Ext. Reisekosten | D20: =Haushalt!G200 -> 500 | F20: =Haushalt!I200 -> 0 | G20: =Haushalt!#REF! -> #REF! | H20: 3338.8 | I20: 1000 | J20: 0 | K20: =Fachschaften_Gesamt!K86 -> 1000 | L20: =Fachschaften_Gesamt!L86 -> 0 | M20: =Fachschaften_Gesamt!M86 -> 0 | N20: =Fachschaften_Gesamt!N86 -> 0 | O20: =Fachschaften_Gesamt!O86 -> 0 | P20: =Fachschaften_Gesamt!P86 -> 0 | Q20: =Fachschaften_Gesamt!Q86 -> 0 | R20: =Fachschaften_Gesamt!R86 -> 0 | ... W20: =Fachschaften_Gesamt!W86 -> #REF!
A21: 551.44 | B21: 686.67 | C21: Bewirtung und Repräsentation extern | D21: =Haushalt!G206 -> 450 | E21: =Fachschaften_Gesamt!E87 -> 0 | F21: =Haushalt!I206 -> 0 | G21: =Haushalt!#REF! -> #REF! | H21: 32 | I21: 300 | J21: 229.5 | K21: =Fachschaften_Gesamt!K87 -> 300 | L21: =Fachschaften_Gesamt!L87 -> 0 | M21: =Fachschaften_Gesamt!M87 -> 0 | N21: =Fachschaften_Gesamt!N87 -> 0 | O21: =Fachschaften_Gesamt!O87 -> 0 | P21: =Fachschaften_Gesamt!P87 -> 615.68 | Q21: =Fachschaften_Gesamt!Q87 -> 615.68 | R21: =Fachschaften_Gesamt!R87 -> 646.97 | ... W21: =Fachschaften_Gesamt!W87 -> #REF!
A22: 551.54 | B22: 686.66 | C22: Raum-u. Unterkunftskosten Sem.+Veranst. | D22: =Haushalt!G212 -> 400 | E22: =Fachschaften_Gesamt!E88 -> 0 | F22: =Haushalt!I212 -> 1500 | G22: =Haushalt!#REF! -> #REF! | H22: 0 | I22: 1500 | J22: 0 | K22: =Fachschaften_Gesamt!K88 -> 1500 | L22: =Fachschaften_Gesamt!L88 -> 0 | M22: =Fachschaften_Gesamt!M88 -> 0 | N22: =Fachschaften_Gesamt!N88 -> 0 | O22: =Fachschaften_Gesamt!O88 -> 0 | P22: =Fachschaften_Gesamt!P88 -> 0 | Q22: =Fachschaften_Gesamt!Q88 -> 0 | R22: =Fachschaften_Gesamt!R88 -> 0 | ... W22: =Fachschaften_Gesamt!W88 -> #REF!
A23: 551.64 | B23: 686.68 | C23: Verwaltungs- u. Druckkosten Seminare | D23: =Haushalt!G218 -> 1700 | E23: =Fachschaften_Gesamt!E89 -> 2143.6 | F23: =Haushalt!I218 -> 0 | G23: =Haushalt!#REF! -> #REF! | H23: 203.39 | I23: 100 | J23: 0 | K23: =Fachschaften_Gesamt!K89 -> 100 | L23: =Fachschaften_Gesamt!L89 -> 0 | M23: =Fachschaften_Gesamt!M89 -> 0 | N23: =Fachschaften_Gesamt!N89 -> 0 | O23: =Fachschaften_Gesamt!O89 -> 0 | P23: =Fachschaften_Gesamt!P89 -> 0 | Q23: =Fachschaften_Gesamt!Q89 -> 0 | R23: =Fachschaften_Gesamt!R89 -> 0 | ... W23: =Fachschaften_Gesamt!W89 -> #REF!
A24: 551.74 | B24: 686.68 | C24: Sonstige Kosten (Lizenzen, Allg.Geschäftsbetrieb) | D24: =Haushalt!G224 -> 3500 | F24: =Haushalt!I224 -> 2000 | G24: =Haushalt!#REF! -> #REF! | H24: 1830.52 | I24: 2500 | J24: 1754.48 | K24: =Fachschaften_Gesamt!K90 -> 2500 | L24: =Fachschaften_Gesamt!L90 -> 99 | M24: =Fachschaften_Gesamt!M90 -> 198 | N24: =Fachschaften_Gesamt!N90 -> 297 | O24: =Fachschaften_Gesamt!O90 -> 396 | P24: =Fachschaften_Gesamt!P90 -> 495 | Q24: =Fachschaften_Gesamt!Q90 -> 594 | R24: =Fachschaften_Gesamt!R90 -> 750.93 | ... W24: =Fachschaften_Gesamt!W90 -> #REF!
A25: 560.70 | B25: 686.69 | C25: Rechtsangelegenheiten | D25: =Haushalt!G235/5 -> 584 | E25: =Fachschaften_Gesamt!E91 -> 0 | F25: =Haushalt!I235/5 -> 490 | G25: =Haushalt!#REF!/5 -> #REF! | H25: 0 | I25: 200 | J25: 0 | K25: =Fachschaften_Gesamt!K91 -> 0 | L25: =Fachschaften_Gesamt!L91 -> 0 | M25: =Fachschaften_Gesamt!M91 -> 0 | N25: =Fachschaften_Gesamt!N91 -> 0 | O25: =Fachschaften_Gesamt!O91 -> 0 | P25: =Fachschaften_Gesamt!P91 -> 0 | Q25: =Fachschaften_Gesamt!Q91 -> 0 | R25: =Fachschaften_Gesamt!R91 -> 0 | ... W25: =Fachschaften_Gesamt!W91 -> #REF!
C26: SUMME Ausgaben | D26: =SUM(D13:D25) -> 59949 | E26: =SUM(E13:E25) -> 39725.39 | F26: =SUM(F13:F25) -> 54990 | G26: =SUM(G13:G25) -> #REF! | H26: =SUM(H13:H25) -> 38277.17 | I26: =SUM(I13:I25) -> 56600 | J26: 40684.84 | K26: =SUM(K13:K25) -> 56400 | L26: =SUM(L13:L25) -> 785.23 | M26: =SUM(M13:M25) -> 4975.71 | N26: =SUM(N13:N25) -> 6089.03 | O26: =SUM(O13:O25) -> 6736.55 | P26: =SUM(P13:P25) -> 8745.55 | Q26: =SUM(Q13:Q25) -> 17542.87 | R26: =SUM(R13:R25) -> 20022.67 | ... W26: =SUM(W13:W25) -> #REF!
C27: Summe Einnahmen - Ausgaben ReWi | D27: =SUM(D6+D7+D8)-D26 -> -30371 | E27: =E6-E26 -> -15840.39 | F27: =SUM(F6+F7+F8)-F26 -> -31490 | G27: =SUM(G6+G7+G8)-G26 -> #REF! | H27: =SUM(H6+H7+H8)-H26 -> -10117.17 | I27: =SUM(I6+I7+I8)-I26 -> -31600 | J27: -13884.84 | K27: =K9-K26 -> -31400 | L27: =SUM(L6+L7+L8)-L26 -> 614.77 | M27: =SUM(M6+M7+M8)-M26 -> -1275.71 | N27: =SUM(N6+N7+N8)-N26 -> -2389.03 | O27: =SUM(O6+O7+O8)-O26 -> 863.45 | P27: =SUM(P6+P7+P8)-P26 -> 5404.45 | Q27: =SUM(Q6+Q7+Q8)-Q26 -> -2542.87 | R27: =SUM(R6+R7+R8)-R26 -> -4672.67 | S27: =SUM(S6+S7+S8)-S26 -> -6425.57 | ... W27: =SUM(W6+W7+W8)-W26 -> #REF!

Sheet Meti
A1: HHJ 2025/2026 | D1: HHJ | E1: HHJ | F1: HHJ | G1: HHJ | H1: HHJ | I1: HHJ | J1: HHJ | K1: HHJ | L1: HHJ | M1: HHJ | N1: HHJ | O1: HHJ | P1: HHJ | Q1: HHJ | R1: HHJ | S1: HHJ | T1: HHJ | U1: HHJ | V1: HHJ | W1: HHJ
D2: 2022 / 2023 | E2: 2022 / 2023 | F2: 2023 / 2024 | G2: 2023 / 2024 | H2: 2023 / 2024 | I2: 2024 / 2025 | J2: 2024/2025 | K2: 2025 / 2026 | L2: 2025/2026 | M2: 2025/2026 | N2: 2025/2026 | O2: 2025/2026 | P2: 2025/2026 | Q2: 2025/2026 | R2: 2025/2026 | S2: 2025/2026 | T2: 2025/2026 | U2: 2025/2026 | V2: 2025/2026 | W2: 2025/2026
A3: Neu | B3: Alt | D3: Soll | E3: IST | F3: Soll | G3: Soll | H3: Ist | I3: Soll | J3: IST | K3: Soll | L3: IST | M3: IST | N3: IST | O3: IST | P3: IST | Q3: IST | R3: IST | S3: IST | T3: IST | U3: IST | V3: IST | W3: IST
A4: Stand | C4: Titelbezeichnung | D4: SP-Beschluss 04.09.21 | E4: 45199 | F4: SP-Beschluss 11.11.2023 | G4: NACHTRAG SP-Beschluss 10.08.2024 | H4: 45565 | I4: SP 07.09.2024 | J4: 45930 | K4: Entwurf | L4: 45961 | M4: 45991 | N4: 46022 | O4: 46053 | P4: 46081 | Q4: 46112 | R4: 46142 | S4: 46173 | T4: 46203 | U4: 46234 | V4: 46265 | W4: 46295
C5: Einnahmen aus Veranstaltungen
A6: 210.50 | B6: 129.30 | C6: Teilnahmebeiträge Seminare FS Meti | D6: =Haushalt!G42 -> 19572.5 | E6: =Fachschaften_Gesamt!E18 -> 7685 | F6: =Haushalt!I42 -> 15500 | G6: =Haushalt!#REF! -> #REF! | H6: 7230 | I6: 13000 | J6: 11385 | K6: =Fachschaften_Gesamt!K18 -> 13000 | L6: =Fachschaften_Gesamt!L18 -> 2080 | M6: =Fachschaften_Gesamt!M18 -> 3015 | N6: =Fachschaften_Gesamt!N18 -> 3180 | O6: =Fachschaften_Gesamt!O18 -> 3180 | P6: =Fachschaften_Gesamt!P18 -> 3180 | Q6: =Fachschaften_Gesamt!Q18 -> 5880 | R6: =Fachschaften_Gesamt!R18 -> 6055 | ... W6: =Fachschaften_Gesamt!W18 -> #REF!
A7: 220.50 | C7: Teilnahmebeiträge Veranstaltungen FS Meti | D7: =Haushalt!G49 -> 0 | F7: =Haushalt!I49 -> 0 | G7: =Haushalt!#REF! -> #REF! | K7: =Fachschaften_Gesamt!K19 -> 0
A8: 230.50 | C8: Sonstige (Werbung, Förderung, Bewirtung) Meti | D8: =Haushalt!G56 -> 0 | F8: =Haushalt!I56 -> 0 | G8: =Haushalt!#REF! -> #REF! | K8: =Fachschaften_Gesamt!K20 -> 0
C9: Summe Einnahmen | D9: =SUM(D6:D8) -> 19572.5 | E9: =SUM(E6:E8) -> 7685 | F9: =SUM(F6:F8) -> 15500 | G9: =SUM(G6:G8) -> #REF! | H9: =SUM(H6:H8) -> 7230 | I9: =SUM(I6:I8) -> 13000 | J9: 11385 | K9: =SUM(K6:K8) -> 13000 | L9: =SUM(L6:L8) -> 2080 | M9: =SUM(M6:M8) -> 3015 | N9: =SUM(N6:N8) -> 3180 | O9: =SUM(O6:O8) -> 3180 | P9: =SUM(P6:P8) -> 3180 | Q9: =SUM(Q6:Q8) -> 5880 | R9: =SUM(R6:R8) -> 6055 | ... W9: =SUM(W6:W8) -> #REF!
A12: 686.7 | C12: Zuweisung Fachschaft METI
A13: 413.10 | B13: 686.71 | C13: AE fest (800 EUR monatlich) | D13: =Haushalt!G87/5 -> 9600 | E13: =Fachschaften_Gesamt!E96 -> 9600 | F13: =Haushalt!I87/5 -> 9600 | G13: =Haushalt!#REF!/5 -> #REF! | H13: 9600 | I13: 9600 | J13: 8640 | K13: =Fachschaften_Gesamt!K96 -> 9600 | L13: =Fachschaften_Gesamt!L96 -> 0 | M13: =Fachschaften_Gesamt!M96 -> 0 | N13: =Fachschaften_Gesamt!N96 -> 0 | O13: =Fachschaften_Gesamt!O96 -> 0 | P13: =Fachschaften_Gesamt!P96 -> 0 | Q13: =Fachschaften_Gesamt!Q96 -> 0 | R13: =Fachschaften_Gesamt!R96 -> 0 | ... W13: =Fachschaften_Gesamt!W96 -> 0
A14: 413.25 | B14: 686.71 | C14: AE variabel | D14: =Tabelle1[[#This Row],[SOLL HHJ 23-24 SP 11.11.2023]] -> 500 | E14: =Fachschaften_Gesamt!E97 -> 240 | F14: =Haushalt!I93 -> 2400 | G14: =Haushalt!#REF! -> #REF! | H14: 1005 | I14: 2004 | J14: 845 | K14: =Fachschaften_Gesamt!K97 -> 2400 | L14: =Haushalt!O93 -> 0 | M14: =Haushalt!P93 -> 0 | N14: =Haushalt!Q93 -> 0 | O14: =Haushalt!R93 -> 0 | P14: =Haushalt!S93 -> 185 | Q14: =Haushalt!T93 -> 185 | R14: =Haushalt!U93 -> 185 | S14: =Haushalt!V93 -> 435 | T14: =Haushalt!W93 -> 615 | W14: =Fachschaften_Gesamt!W97 -> 0
A15: 527.45 | B15: 686.72 | C15: FK und Verpfl.pauschalen | D15: =Haushalt!G141 -> 2000 | E15: =Fachschaften_Gesamt!E98 -> 180.7 | F15: =Haushalt!I141 -> 6000 | G15: =Haushalt!#REF! -> #REF! | H15: 628.63 | I15: 3000 | J15: 120 | K15: =Fachschaften_Gesamt!K98 -> 3000 | L15: =Fachschaften_Gesamt!L98 -> 0 | M15: =Fachschaften_Gesamt!M98 -> 0 | N15: =Fachschaften_Gesamt!N98 -> 0 | O15: =Fachschaften_Gesamt!O98 -> 61 | P15: =Fachschaften_Gesamt!P98 -> 469.43 | Q15: =Fachschaften_Gesamt!Q98 -> 469.43 | R15: =Fachschaften_Gesamt!R98 -> 469.43 | ... W15: =Fachschaften_Gesamt!W98 -> #REF!
A16: 529.45 | B16: 686.74 | C16: Raum-u. Unterkunftskosten | D16: =Haushalt!G153 -> 1150 | E16: =Fachschaften_Gesamt!E99 -> 0 | F16: =Haushalt!I153 -> 1500 | G16: =Haushalt!#REF! -> #REF! | H16: 324 | I16: 1500 | J16: 2055.15 | K16: =Fachschaften_Gesamt!K99 -> 1500 | L16: =Fachschaften_Gesamt!L99 -> 134.32 | M16: =Fachschaften_Gesamt!M99 -> 268.64 | N16: =Fachschaften_Gesamt!N99 -> 402.96 | O16: =Fachschaften_Gesamt!O99 -> 537.28 | P16: =Fachschaften_Gesamt!P99 -> 919.4 | Q16: =Fachschaften_Gesamt!Q99 -> 1053.72 | R16: =Fachschaften_Gesamt!R99 -> 1188.04 | ... W16: =Fachschaften_Gesamt!W99 -> #REF!
A17: 531.45 | B17: 686.75 | C17: Bewirtung und Repräsentation intern | D17: =Haushalt!G165 -> 650 | E17: =Fachschaften_Gesamt!E100 -> 0 | F17: =Haushalt!I165 -> 250 | G17: =Haushalt!#REF! -> #REF! | H17: 179.38 | I17: 500 | J17: 0 | K17: =Fachschaften_Gesamt!K100 -> 500 | L17: =Fachschaften_Gesamt!L100 -> 0 | M17: =Fachschaften_Gesamt!M100 -> 0 | N17: =Fachschaften_Gesamt!N100 -> 0 | O17: =Fachschaften_Gesamt!O100 -> 0 | P17: =Fachschaften_Gesamt!P100 -> 0 | Q17: =Fachschaften_Gesamt!Q100 -> 0 | R17: =Fachschaften_Gesamt!R100 -> 0 | ... W17: =Fachschaften_Gesamt!W100 -> #REF!
A18: 551.15 | B18: 686.73 | C18: Honorare Fachseminare | D18: =Haushalt!G189 -> 17200 | E18: =Fachschaften_Gesamt!E101 -> 6710 | F18: =Haushalt!I189 -> 15000 | G18: =Haushalt!#REF! -> #REF! | H18: 4620 | I18: 13000 | J18: 5280 | K18: =Fachschaften_Gesamt!K101 -> 13000 | L18: =Fachschaften_Gesamt!L101 -> 2640 | M18: =Fachschaften_Gesamt!M101 -> 2640 | N18: =Fachschaften_Gesamt!N101 -> 4840 | O18: =Fachschaften_Gesamt!O101 -> 4840 | P18: =Fachschaften_Gesamt!P101 -> 4840 | Q18: =Fachschaften_Gesamt!Q101 -> 4840 | R18: =Fachschaften_Gesamt!R101 -> 4840 | ... W18: =Fachschaften_Gesamt!W101 -> #REF!
A19: 551.25 | B19: 686.73 | C19: Andere Honorare | D19: =Haushalt!G195 -> 1000 | F19: =Haushalt!I195 -> 0 | G19: =Haushalt!#REF! -> #REF! | H19: 990 | I19: 1000 | J19: 0 | K19: =Fachschaften_Gesamt!K102 -> 1000 | L19: =Fachschaften_Gesamt!L102 -> 0 | M19: =Fachschaften_Gesamt!M102 -> 0 | N19: =Fachschaften_Gesamt!N102 -> 0 | O19: =Fachschaften_Gesamt!O102 -> 0 | P19: =Fachschaften_Gesamt!P102 -> 0 | Q19: =Fachschaften_Gesamt!Q102 -> 0 | R19: =Fachschaften_Gesamt!R102 -> 0 | ... W19: =Fachschaften_Gesamt!W102 -> #REF!
A20: 551.35 | B20: 686.73 | C20: Ext. Reisekosten | D20: =Haushalt!G201 -> 200 | F20: =Haushalt!I201 -> 0 | G20: =Haushalt!#REF! -> #REF! | H20: 990 | I20: 300 | J20: 0 | K20: =Fachschaften_Gesamt!K103 -> 300 | L20: =Fachschaften_Gesamt!L103 -> 0 | M20: =Fachschaften_Gesamt!M103 -> 0 | N20: =Fachschaften_Gesamt!N103 -> 0 | O20: =Fachschaften_Gesamt!O103 -> 0 | P20: =Fachschaften_Gesamt!P103 -> 0 | Q20: =Fachschaften_Gesamt!Q103 -> 0 | R20: =Fachschaften_Gesamt!R103 -> 0 | ... W20: =Fachschaften_Gesamt!W103 -> #REF!
A21: 551.45 | B21: 686.77 | C21: Bewirtung und Repräsentation extern | D21: =Haushalt!G207 -> 250 | E21: =Fachschaften_Gesamt!E104 -> 0 | F21: =Haushalt!I207 -> 250 | G21: =Haushalt!#REF! -> #REF! | H21: 0 | I21: 300 | J21: 0 | K21: =Fachschaften_Gesamt!K104 -> 300 | L21: =Fachschaften_Gesamt!L104 -> 0 | M21: =Fachschaften_Gesamt!M104 -> 0 | N21: =Fachschaften_Gesamt!N104 -> 0 | O21: =Fachschaften_Gesamt!O104 -> 0 | P21: =Fachschaften_Gesamt!P104 -> 0 | Q21: =Fachschaften_Gesamt!Q104 -> 0 | R21: =Fachschaften_Gesamt!R104 -> 0 | ... W21: =Fachschaften_Gesamt!W104 -> #REF!
A22: 551.55 | B22: 686.76 | C22: Raum-u. Unterkunftskosten Sem.+Veranst. | D22: =Haushalt!G213 -> 100 | E22: =Fachschaften_Gesamt!E105 -> 160 | F22: =Haushalt!I213 -> 250 | G22: =Haushalt!#REF! -> #REF! | H22: 0 | I22: 500 | J22: 0 | K22: =Fachschaften_Gesamt!K105 -> 500 | L22: =Fachschaften_Gesamt!L105 -> 0 | M22: =Fachschaften_Gesamt!M105 -> 0 | N22: =Fachschaften_Gesamt!N105 -> 0 | O22: =Fachschaften_Gesamt!O105 -> 0 | P22: =Fachschaften_Gesamt!P105 -> 0 | Q22: =Fachschaften_Gesamt!Q105 -> 0 | R22: =Fachschaften_Gesamt!R105 -> 0 | ... W22: =Fachschaften_Gesamt!W105 -> #REF!
A23: 551.65 | B23: 686.78 | C23: Verwaltungs- u. Druckkosten Seminare | D23: =Haushalt!G219 -> 900 | E23: =Fachschaften_Gesamt!E106 -> 83.58 | F23: =Haushalt!I219 -> 0 | G23: =Haushalt!#REF! -> #REF! | H23: 18.54 | I23: 500 | J23: 0 | K23: =Fachschaften_Gesamt!K106 -> 500 | L23: =Fachschaften_Gesamt!L106 -> 0 | M23: =Fachschaften_Gesamt!M106 -> 0 | N23: =Fachschaften_Gesamt!N106 -> 0 | O23: =Fachschaften_Gesamt!O106 -> 0 | P23: =Fachschaften_Gesamt!P106 -> 0 | Q23: =Fachschaften_Gesamt!Q106 -> 0 | R23: =Fachschaften_Gesamt!R106 -> 0 | ... W23: =Fachschaften_Gesamt!W106 -> #REF!
A24: 551.75 | B24: 676.78 | C24: Sonstige Kosten (Lizenzen, Allg.Geschäftsbetrieb) | D24: =Haushalt!G225 -> 1250 | F24: =Haushalt!I225 -> 500 | G24: =Haushalt!#REF! -> #REF! | H24: 166.89 | I24: 500 | J24: 214.19 | K24: =Fachschaften_Gesamt!K107 -> 500 | L24: =Fachschaften_Gesamt!L107 -> 0 | M24: =Fachschaften_Gesamt!M107 -> 0 | N24: =Fachschaften_Gesamt!N107 -> 0 | O24: =Fachschaften_Gesamt!O107 -> 0 | P24: =Fachschaften_Gesamt!P107 -> 0 | Q24: =Fachschaften_Gesamt!Q107 -> 0 | R24: =Fachschaften_Gesamt!R107 -> 19.32 | ... W24: =Fachschaften_Gesamt!W107 -> #REF!
A25: 560.70 | B25: 686.79 | C25: Rechtsangelegenheiten | D25: =Haushalt!G235/5 -> 584 | E25: =Fachschaften_Gesamt!E108 -> 0 | F25: =Haushalt!I235/5 -> 490 | G25: =Haushalt!#REF!/5 -> #REF! | H25: 0 | I25: 200 | J25: 0 | K25: =Fachschaften_Gesamt!K108 -> 0 | L25: =Fachschaften_Gesamt!L108 -> 0 | M25: =Fachschaften_Gesamt!M108 -> 0 | N25: =Fachschaften_Gesamt!N108 -> 0 | O25: =Fachschaften_Gesamt!O108 -> 0 | P25: =Fachschaften_Gesamt!P108 -> 0 | Q25: =Fachschaften_Gesamt!Q108 -> 0 | R25: =Fachschaften_Gesamt!R108 -> 0 | ... W25: =Fachschaften_Gesamt!W108 -> #REF!
C26: SUMME Ausgaben | D26: =SUM(D13:D25) -> 35384 | E26: =SUM(E13:E25) -> 16974.28 | F26: =SUM(F13:F25) -> 36240 | G26: =SUM(G13:G25) -> #REF! | H26: =SUM(H13:H25) -> 18522.44 | I26: =SUM(I13:I25) -> 32904 | J26: 17154.34 | K26: =SUM(K13:K25) -> 33100 | L26: =SUM(L13:L25) -> 2774.32 | M26: =SUM(M13:M25) -> 2908.64 | N26: =SUM(N13:N25) -> 5242.96 | O26: =SUM(O13:O25) -> 5438.28 | P26: =SUM(P13:P25) -> 6413.83 | Q26: =SUM(Q13:Q25) -> 6548.15 | R26: =SUM(R13:R25) -> 6701.79 | ... W26: =SUM(W13:W25) -> #REF!
C27: Summe Einnahmen - Ausgaben Meti | D27: =SUM(D6+D7+D8)-D26 -> -15811.5 | E27: =E8-E26 -> -16974.28 | F27: =SUM(F6+F7+F8)-F26 -> -20740 | G27: =SUM(G6+G7+G8)-G26 -> #REF! | H27: =SUM(H6+H7+H8)-H26 -> -11292.44 | I27: =SUM(I6+I7+I8)-I26 -> -19904 | J27: -5769.34 | K27: =K9-K26 -> -20100 | L27: =SUM(L6+L7+L8)-L26 -> -694.32 | M27: =SUM(M6+M7+M8)-M26 -> 106.36 | N27: =SUM(N6+N7+N8)-N26 -> -2062.96 | O27: =SUM(O6+O7+O8)-O26 -> -2258.28 | P27: =SUM(P6+P7+P8)-P26 -> -3233.83 | Q27: =SUM(Q6+Q7+Q8)-Q26 -> -668.15 | R27: =SUM(R6+R7+R8)-R26 -> -646.79 | S27: =SUM(S6+S7+S8)-S26 -> -2653.35 | ... W27: =SUM(W6+W7+W8)-W26 -> #REF!

Sheet AE_Zuweisung_Fachschaften

Sheet AE_Zuweisung_SP_HHA_AG

Sheet Vergütung_AStA

Sheet AE_Unigremien
A1: Variable Aufwandsentschädigungen Unigremien HHJ 2025/2026
A3: Monat | C3: Kosten- stelle
A4: 45931 | B4: K001485 | C4: 412.30
C5: 412.30
C6: 412.30
C7: 412.30
B8: K004213 | C8: 412.30
C9: 412.30
C10: 412.30
C11: 412.30
C12: 412.30
C13: 412.30
C14: 412.30
C15: 412.30
C16: 412.30
F18: =SUM(E4:E17) -> 0
A19: 45962 | C19: 412.30
C20: 412.30
C21: 412.30
C22: 412.30
C23: 412.30
C24: 412.30
C25: 412.30
C26: 412.30
C27: 412.30
C28: 412.30
C29: 412.30
F34: =E34 -> 0
A35: 45992 | C35: 412.30
C36: 412.30
C37: 412.30
C38: 412.30
C39: 412.30
C40: 412.30
C41: 412.30
C42: 412.30
C43: 412.30
C44: 412.30
C45: 412.30
C46: 412.30
C47: 412.30
... C52: 412.30
F53: =E53 -> 0
A54: 46023 | C54: 412.30
C55: 412.30
C56: 412.30
C57: 412.30
C58: 412.30
C59: 412.30
C60: 412.30
C61: 412.30
C62: 412.30
C63: 412.30
C64: 412.30
C65: 412.30
C66: 412.30
... C71: 412.30
F72: =E72 -> 0
A73: 46054 | C73: 412.30
C74: 412.30
C75: 412.30
C76: 412.30
C77: 412.30
C78: 412.30
C79: 412.30
C80: 412.30
C81: 412.30
C82: 412.30
C83: 412.30
C84: 412.30
C85: 412.30
C86: 412.30
F87: =E87 -> 0
A88: 46082 | C88: 412.30
C89: 412.30
C90: 412.30
C91: 412.30
C92: 412.30
C93: 412.30
C94: 412.30
C95: 412.30
C101: 412.30
F102: =E102 -> 0
A103: 46113 | C103: 412.30
C104: 412.30
C105: 412.30
C106: 412.30
C107: 412.30
C108: 412.30
C109: 412.30
C110: 412.30
C111: 412.30
C112: 412.30
C113: 412.30
C114: 412.30
F115: =E115 -> 0
A116: 46143 | C116: 412.30
C117: 412.30
C118: 412.30
C119: 412.30
...

Sheet Deckungsfähigkeit (alt)
B1: A.) Deckungsfähigkeiten
B3: 1.) | C3: Personal-, Reise- und Bewirtungskosten
C4: Gegenseitig deckungsfähig sind die Konten und Unterkonten
C5: des Plans 4 sowie die Konten 527 und 529
B7: 2.) | C7: Geschäftsbetrieb und Rechtsangelgenheiten
C8: Gegenseitig deckungsfähig sind die Konten und Unterkonten
C9: 511 bis 526
B11: 3. ) | C11: AstA- und SP-Aktivitäten
C12: Gegenseitig deckungsfähig sind die Konten und Unterkonten
C13: 531, 532, 533, 536, 538, 539, 546, 550 sowie
C14: 686.10 und 687
B16: 4.) | C16: Fachschaften
C17: Gegenseitig deckungsfähig sind die Konten und Unterkonten
C18: 686.21 bis 686.26 | F18: (FSRK)
C19: 686.31 bis 686.39 | F19: (Wiwi)
C20: 686.41 bis 686.49 | F20: (KSW)
C21: 686.51 bis 686.59 | F21: (Psy)
C22: 686.61 bis 686.69 | F22: (Rewi)
C23: 686.71 bis 686.79 | F23: (Meti)
B25: B.) Verstärkungen (bei Einnahmen über Ansatz)
B27: Konto | C27: 531 wird verstärkt durch 125.10
B28: Konto | C28: 533 wird verstärkt durch 125.20
B29: Konto | C29: 536 wird verstärkt durch 129.70
B30: Konto | C30: 538 wird verstärkt durch 129.90
B31: Konto | C31: 550 wird verstärkt durch 129.80
B32: Konto | C32: 686.10 wird verstärkt durch 129.50
B33: Konto | C33: 686.30 wird verstärkt durch 129.10
B34: Konto | C34: 686.40 wird verstärkt durch 129.20
B35: Konto | C35: 686.50 wird verstärkt durch 129.60
B36: Konto | C36: 686.60 wird verstärkt durch 129.40
B37: Konto | C37: 686.70 wird verstärkt durch 129.30
B38: Konten | C38: 860 und 861 werden verstärkt durch 182.0
B42: Die Gesamtdeckungsfähigkeit aller Einnahmen und Ausgaben
B43: untereinander bleibt hiervon unberührt.
